Workbook
Name OLE_LINK1: 'Annex 3 Preserved charges'!#REF!

Sheet Overview
A2: Company and Licence name, charging year, effective from, status
B3: Company and Licence name | C3: Year | D3: Effective From | E3: Status
A4: Company and Licence name, charging year, effective from, status | B4: SP Manweb | C4: 2027/28 | D4: 1 April 2027 | E4: Final
A6: List of data tables in this workbook
A7: Worksheet | B7: Information
A8: Annex 1 LV, HV and Unmetered Supplies charges | B8: Annex 1 contains the charges to LV and HV Designated Properties and Unmetered Supplies.
A9: Annex 2 Designated EHV charges | B9: ="Annex 2 contains the charges to Designated EHV Properties and charges applied to LDNOs with Designated EHV Properties/end-users embedded in networks within the " &B4 &" Licence area." -> Annex 2 contains the charges to Designated EHV Properties and charges applied to LDNOs with Designated EHV Properties/end-users embedded in networks within the SP Manweb Licence area.
A10: Annex 3 Preserved charges | B10: Annex 3 contains details of any preserved and additional charges that are valid at this time.
A11: Annex 4 LDNO charges | B11: ="Annex 4 contains charges that are levied on the owner of an embedded network within the "&B4&" Licence area. "&"Electricity suppliers and consumers who have properties connected to an embedded network should contact the embedded network owner to determine their distribution charges."&" The charges listed in this table are not payable by domestic consumers, business consumers or electricity suppliers." -> Annex 4 contains charges that are levied on the owner of an embedded network within the SP Manweb Licence area. Electricity suppliers and consumers who have properties connected to an embedded network should contact the embedded network owner to determine their distribution charges. The charges listed in this table are not payable by domestic consumers, business consumers or electricity suppliers.
A12: Annex 5 LLFs | B12: Annex 5 has been intentionally left blank as this charging statement is published a complete year before the LLFs have been audited. The line loss factors that are approved by the BSC Panel for the applicable year and consequently published on the Elexon website will take precedence and be used in Settlement. This annex will be re-published with these values once they are available.
A13: Annex 6 Charges for New or Amended Designated EHV Properties | B13: ="Annex 6 contains the charges for new or amended Designated EHV Properties and charges applied to LDNOs with new or amended Designated EHV Properties/end-users embedded in networks within the " &B4 &" Licence area." -> Annex 6 contains the charges for new or amended Designated EHV Properties and charges applied to LDNOs with new or amended Designated EHV Properties/end-users embedded in networks within the SP Manweb Licence area.
A14: Annex 7 Fixed adders for Supplier of Last Resort and Eligible Bad Debt pass-through costs | B14: Annex 7 contains the fixed adders to recover Supplier of Last Resort and Eligible Bad Debt pass-through costs. The Excess Supplier of Last Resort fixed adder relates to an increase to previously published charges only.
A15: Nodal prices | B15: Contains the underlying [nodal/network group] costs used to calculate the current EDCM charges.
A16: SSC unit rate lookup | B16: Contains a mapping of Standard Settlement Configurations to common decodings
A17: Residual Charging Bandings | B17: Contains the four Residual charging band allocation for Customers
A18: TNUoS Mapping | B18: Contains a mapping of DUoS Tariffs to TNUoS Site Charging Bands
A19: Charge calculator | B19: Charge calculator is a tool to help you estimate your distribution charges using current consumption data and forecast consumption data.
A21: Notes to users of this spreadsheet
A23: Please use this spreadsheet with reference to the LC14 use of system charging statement.
A25: Notes to DNOs populating this spreadsheet
A27: DNOs must endeavour to maintain consistency in the structure of this spreadsheet. Any changes to the structure must be noted in the 'Notes to users of this spreadsheet'
A28: The drop down list on the charge calculator can be expanded by unprotecting the charge calculator sheet and selecting 'data', 'data validation...' and then expanding the 'source' data range. The sheet can then be protected.

Sheet Annex 1 LV, HV and UMS charges
A1: Back to Overview
A2: =Overview!B4& " - Effective from "&Overview!D4&" - "&Overview!E4&" LV and HV charges" -> SP Manweb - Effective from 1 April 2027 - Final LV and HV charges
A4: Time Bands for LV and HV Designated Properties | G4: Time Bands for Unmetered Properties
A5: Time periods | B5: Red Time Band | C5: Amber Time Band | E5: Green Time Band | I5: Black Time Band | J5: Yellow Time Band | K5: Green Time Band
A6: Monday to Friday (Including Bank Holidays) All Year | B6: 16.30 - 19.30 | C6: 08.00 - 16.30 19.30 - 22.30 | E6: 00.00 - 08.00 22.30 - 00.00 | G6: Monday to Friday (Including Bank Holidays) June to August Inclusive | J6: 08.00 - 22.30 | K6: 00.00 - 08.00 22.30 - 00.00
A7: Saturday and Sunday All Year | C7: 16.00 - 20.00 | E7: 00.00 - 16.00 20.00 - 00.00 | G7: Monday to Friday (Including Bank Holidays) November to February Inclusive | I7: 16.30 - 19.30 | J7: 08.00 - 16.30 19.30 - 22.30 | K7: 00.00 - 08.00 22.30 - 00.00
A8: Notes | B8: All the above times are in UK Clock time | G8: Monday to Friday (Including Bank Holidays) March, April, May and September, October | I8: ` | J8: 08.00 - 22.30 | K8: 00.00 - 08.00 22.30 - 00.00
G9: Saturday and Sunday All year | J9: 16.00 - 20.00 | K9: 00:00-16:00 20:00-00:00
G10: Notes | I10: All the above times are in UK Clock time
A12: Tariff name | B12: Open LLFC / DUoS Tariff Id | C12: PCs | D12: Red/black unit charge p/kWh | E12: Amber/yellow unit charge p/kWh | F12: Green unit charge p/kWh | G12: Fixed charge p/MPAN/day | H12: Capacity charge p/kVA/day | I12: Exceeded capacity charge p/kVA/day | J12: Reactive power charge p/kVArh | K12: Closed LLFC / DUoS Tariff Id
A13: Domestic Aggregated or CT with Residual | B13: 101, 102, 103, 105, 111, 112, 113, 114, 115, 116, 117, 118, 119, 120, 131, 132, 133, 134, 147, 148, 149, 150, 180, T01 | C13: 0, 1, 2 | D13: 15.969 | E13: 3.454 | F13: 0.464 | G13: 25.01 | K13: 145, 146
A14: Domestic Aggregated (Related MPAN) | B14: 104, 106, 130, 153, 155 | C14: 2 | D14: 15.969 | E14: 3.454 | F14: 0.464 | K14: 135, 136, 137, 138, 140, 141, 142, 143
A15: Non-Domestic Aggregated or CT No Residual | B15: D00, E00, U00, V00 | C15: 0, 3, 4, 5-8 | D15: 16.63 | E15: 3.597 | F15: 0.483 | G15: 7.08
A16: Non-Domestic Aggregated or CT Band 1 | B16: D01, E01, U01, V01 | C16: 0, 3, 4, 5-8 | D16: 16.63 | E16: 3.597 | F16: 0.483 | G16: 31.1
A17: Non-Domestic Aggregated or CT Band 2 | B17: D02, E02, U02, V02 | C17: 0, 3, 4, 5-8 | D17: 16.63 | E17: 3.597 | F17: 0.483 | G17: 54.62
A18: Non-Domestic Aggregated or CT Band 3 | B18: D03, E03, U03, V03 | C18: 0, 3, 4, 5-8 | D18: 16.63 | E18: 3.597 | F18: 0.483 | G18: 107.32
A19: Non-Domestic Aggregated or CT Band 4 | B19: D04, E04, U04, V04 | C19: 0, 3, 4, 5-8 | D19: 16.63 | E19: 3.597 | F19: 0.483 | G19: 297.35
A20: Non-Domestic Aggregated (related MPAN) | B20: 212 | C20: 4 | D20: 16.63 | E20: 3.597 | F20: 0.483 | K20: 233, 234, 235, 236, 237
A21: LV Site Specific No Residual | B21: G00, H00 | C21: 0 | D21: 12.053 | E21: 2.374 | F21: 0.307 | G21: 23.02 | H21: 6.92 | I21: 6.92 | J21: 0.647
A22: LV Site Specific Band 1 | B22: G01, H01 | C22: 0 | D22: 12.053 | E22: 2.374 | F22: 0.307 | G22: 583.6 | H22: 6.92 | I22: 6.92 | J22: 0.647
A23: LV Site Specific Band 2 | B23: G02, H02 | C23: 0 | D23: 12.053 | E23: 2.374 | F23: 0.307 | G23: 1081.44 | H23: 6.92 | I23: 6.92 | J23: 0.647
A24: LV Site Specific Band 3 | B24: G03, H03 | C24: 0 | D24: 12.053 | E24: 2.374 | F24: 0.307 | G24: 1700.7 | H24: 6.92 | I24: 6.92 | J24: 0.647
A25: LV Site Specific Band 4 | B25: G04, H04 | C25: 0 | D25: 12.053 | E25: 2.374 | F25: 0.307 | G25: 3884.98 | H25: 6.92 | I25: 6.92 | J25: 0.647
A26: LV Sub Site Specific No Residual | B26: K00, L00 | C26: 0 | D26: 8.738 | E26: 1.391 | F26: 0.161 | G26: 8.12 | H26: 10.74 | I26: 10.74 | J26: 0.364
A27: LV Sub Site Specific Band 1 | B27: K01, L01 | C27: 0 | D27: 8.738 | E27: 1.391 | F27: 0.161 | G27: 568.71 | H27: 10.74 | I27: 10.74 | J27: 0.364
A28: LV Sub Site Specific Band 2 | B28: K02, L02 | C28: 0 | D28: 8.738 | E28: 1.391 | F28: 0.161 | G28: 1066.55 | H28: 10.74 | I28: 10.74 | J28: 0.364
A29: LV Sub Site Specific Band 3 | B29: K03, L03 | C29: 0 | D29: 8.738 | E29: 1.391 | F29: 0.161 | G29: 1685.81 | H29: 10.74 | I29: 10.74 | J29: 0.364
A30: LV Sub Site Specific Band 4 | B30: K04, L04 | C30: 0 | D30: 8.738 | E30: 1.391 | F30: 0.161 | G30: 3870.09 | H30: 10.74 | I30: 10.74 | J30: 0.364
A31: HV Site Specific No Residual | B31: M00, N00 | C31: 0 | D31: 6.875 | E31: 1.004 | F31: 0.104 | G31: 122.99 | H31: 9.98 | I31: 9.98 | J31: 0.261
A32: HV Site Specific Band 1 | B32: M01, N01 | C32: 0 | D32: 6.875 | E32: 1.004 | F32: 0.104 | G32: 3164.03 | H32: 9.98 | I32: 9.98 | J32: 0.261
... A35: HV Site Specific Band 4 | B35: M04, N04 | C35: 0 | D35: 6.875 | E35: 1.004 | F35: 0.104 | G35: 39330.22 | H35: 9.98 | I35: 9.98 | J35: 0.261
A36: Unmetered Supplies | B36: 900, 901, 902, 903, 910 | C36: 0, 1 or 8 | D36: 35.737 | E36: 5.57 | F36: 3.017 | K36: 904, 905, 906, 907, 912
A37: LV Generation Aggregated | B37: 781, 782, 783, 784, 785 | C37: 0 | D37: -11.134 | E37: -2.408 | F37: -0.324 | G37: 0
A38: LV Sub Generation Aggregated | B38: 780 | C38: 0 | D38: -9.503 | E38: -1.939 | F38: -0.255 | G38: 0
A39: LV Generation Site Specific | B39: 786, 787, 791, 795 | C39: 0 | D39: -11.134 | E39: -2.408 | F39: -0.324 | G39: 0 | J39: 0.61
A40: LV Generation Site Specific no RP charge | B40: 764, 765 | C40: 0 | D40: -11.134 | E40: -2.408 | F40: -0.324 | G40: 0
A41: LV Sub Generation Site Specific | B41: 788, 789, 792, 796 | C41: 0 | D41: -9.503 | E41: -1.939 | F41: -0.255 | G41: 0 | J41: 0.526
A42: LV Sub Generation Site Specific no RP charge | B42: 766, 767 | C42: 0 | D42: -9.503 | E42: -1.939 | F42: -0.255 | G42: 0
A43: HV Generation Site Specific | B43: 770, 771, 793, 797 | C43: 0 | D43: -7.057 | E43: -1.123 | F43: -0.13 | G43: 89.81 | J43: 0.446
A44: HV Generation Site Specific no RP charge | B44: 768, 769 | C44: 0 | D44: -7.057 | E44: -1.123 | F44: -0.13 | G44: 89.81

Sheet Annex 2 Designated EHV charges
A1: Back to Overview | F1: Note: The list of MPANs / MSIDs provided may be incomplete; the DNO reserves the right to apply the listed charges to any other MPANs / MSIDs associated with the site.
A2: =Overview!B4& " - Effective from "&Overview!D4&" - "&Overview!E4&" Designated EHV charges" -> SP Manweb - Effective from 1 April 2027 - Final Designated EHV charges
A4: Time Periods for Designated EHV Properties
A5: Time periods | D5: Super Red Time Band
A6: Monday to Friday (Including Bank Holidays) June to August Inclusive
A7: Monday to Friday (Including Bank Holidays) November to February Inclusive | D7: 16:30 - 19:30
A8: Notes | D8: All the above times are in UK Clock time
A10: Import Unique Identifier | B10: LLFC / DUoS Tariff ID | C10: Import MPANs/MSIDs | D10: Export Unique Identifier | E10: LLFC / DUoS Tariff ID | F10: Export MPANs/MSIDs | G10: Name | H10: Residual Charging Band | I10: Import Super Red unit charge (p/kWh) | J10: Import fixed charge (p/day) | K10: Import capacity charge (p/kVA/day) | L10: Import exceeded capacity charge (p/kVA/day) | M10: Export Super Red unit charge (p/kWh) | N10: Export fixed charge (p/day) | O10: Export capacity charge (p/kVA/day) | P10: Export exceeded capacity charge (p/kVA/day)
A11: 800 | B11: 800 | C11: 1300060790694 | D11: 622 | E11: 622 | F11: 1300060790700 | G11: Cefyn Mawr | H11: 0 | I11: - | J11: 35.07 | K11: 3.5 | L11: 3.5 | M11: -0.3 | N11: 3507.01 | O11: 0.05 | P11: 0.05 | Q11: 1 | R11: 1
A12: 802 | B12: 802 | C12: 1300060773787 | D12: 601 | E12: 601 | F12: 1300060818667 | G12: Shotton Paper | H12: 4 | I12: - | J12: 240016.72 | K12: 1.08 | L12: 1.08 | M12: - | N12: 77029.47 | O12: 0.05 | P12: 0.05 | Q12: 1 | R12: 1
A13: 803 | B13: 803 | C13: 1300035361194 | D13: 603 | E13: 603 | F13: 1300050649372 | G13: Shell Stanlow | H13: 4 | I13: - | J13: 233567.46 | K13: 3.21 | L13: 3.21 | M13: - | N13: 3643.96 | O13: 0.05 | P13: 0.05 | Q13: 1 | R13: 1
A14: 804 | B14: 804 | C14: 1300035352942 | G14: Jaguar & Land Rover | H14: 4 | I14: - | J14: 242337.79 | K14: 3.26 | L14: 3.26 | M14: - | N14: - | O14: - | P14: - | Q14: 1 | R14: 1
A15: 805 | B15: 805 | C15: 1300035359423 | G15: Innospec | H15: 2 | I15: - | J15: 43609.23 | K15: 2.1 | L15: 2.1 | M15: - | N15: - | O15: - | P15: - | Q15: 1 | R15: 1
A16: 807 | B16: 807 | C16: 1300035359752 | G16: General Motors | H16: 3 | I16: - | J16: 129012 | K16: 3.26 | L16: 3.26 | M16: - | N16: - | O16: - | P16: - | Q16: 1 | R16: 1
A17: 808 | B17: 808 | C17: 1300035360066 | G17: TATA Steel | H17: 4 | I17: - | J17: 287863.86 | K17: 2.73 | L17: 2.73 | M17: - | N17: - | O17: - | P17: - | Q17: 1 | R17: 1
A18: 809 | B18: 809 | C18: 1300035362480 | G18: Urenco | H18: 4 | I18: - | J18: 229012.51 | K18: 3.76 | L18: 3.76 | M18: - | N18: - | O18: - | P18: - | Q18: 1 | R18: 1
A19: 810 | B19: 810 | C19: 1300051694818 | D19: 618 | E19: 618 | F19: 1300060704603 | G19: Ineos Chlor Ltd (Lostock) | H19: 4 | I19: - | J19: 229012.51 | K19: 1.72 | L19: 1.72 | M19: - | N19: - | O19: 0.05 | P19: 0.05 | Q19: 1 | R19: 1
A20: 811 | B20: 811 | C20: 1300060704073 | D20: 655 | E20: 655 | F20: 1300060704082 | G20: SafeGuard Bradwell | H20: 0 | I20: - | J20: 69.19 | K20: 2.33 | L20: 2.33 | M20: - | N20: 5396.86 | O20: 0.05 | P20: 0.05 | Q20: 1 | R20: 1
A21: 812 | B21: 812 | C21: 1300035356130 | G21: Knauf Insulation | H21: 3 | I21: - | J21: 109353.55 | K21: 5.18 | L21: 5.18 | M21: - | N21: - | O21: - | P21: - | Q21: 1 | R21: 1
A22: 813 | B22: 813 | C22: 1300035359585 | G22: Air Products | H22: 1 | I22: - | J22: 15938.01 | K22: 2.74 | L22: 2.74 | M22: - | N22: - | O22: - | P22: - | Q22: 1 | R22: 1
A23: 814 | B23: 814 | C23: 1300035359619 | G23: Shell Chemicals | H23: 1 | I23: - | J23: 17947.46 | K23: 2.46 | L23: 2.46 | M23: - | N23: - | O23: - | P23: - | Q23: 1 | R23: 1
A24: 816 | B24: 816 | C24: 1300053536398 | G24: Castle Cement | H24: 4 | I24: - | J24: 230472.2 | K24: 3.37 | L24: 3.37 | M24: - | N24: - | O24: - | P24: - | Q24: 1 | R24: 1
A25: 817 | B25: 817 | C25: 1300035361992 | D25: 648 | E25: 648 | F25: 1300060640474 | G25: Kronospan | H25: 4 | I25: - | J25: 232355.9 | K25: 2.93 | L25: 2.97 | M25: - | N25: 594.96 | O25: 0.05 | P25: 0.05 | Q25: 1 | R25: 1
A26: 818 | B26: 818 | C26: 1300060748460 | D26: 680 | E26: 680 | F26: 1300060748470 | G26: Pilkington's STOR | H26: 0 | I26: - | J26: 148.8 | K26: 2.32 | L26: 2.32 | M26: -0.715 | N26: 10581.32 | O26: 0.05 | P26: 0.05 | Q26: 1 | R26: 1
A27: 820 | B27: 820 | C27: 1300060563740 | D27: 658 | E27: 658 | F27: 1300060563759 | G27: Tyn dryfol PV | H27: 0 | I27: - | J27: 12.31 | K27: 1.4 | L27: 1.4 | M27: - | N27: 3692.65 | O27: 0.05 | P27: 0.05 | Q27: 1 | R27: 1
A28: 821 | B28: 821 | C28: 1300035367967 | G28: BHP | H28: 2 | I28: - | J28: 56506.827 | K28: 1.87 | L28: 1.87 | M28: - | N28: - | O28: - | P28: - | Q28: 1 | R28: 1
A29: 822 | B29: 822 | C29: 1300060251601 | G29: Hole House Farm | H29: 3 | I29: - | J29: 121342.64 | K29: 4.05 | L29: 4.05 | M29: - | N29: - | O29: - | P29: - | Q29: 1 | R29: 1
A30: 823 | B30: 823 | C30: 1300060652610 | D30: 659 | E30: 659 | F30: 1300060652629 | G30: Williams Farm Solar Park | H30: 0 | I30: - | J30: 10.34 | K30: 1.93 | L30: 1.93 | M30: - | N30: 1137.12 | O30: 0.05 | P30: 0.05 | Q30: 1 | R30: 1
A31: 824 | B31: 824 | C31: 1300054940674 | D31: 604 | E31: 604 | F31: 1300054940683 | G31: Port of Liverpool | H31: 0 | I31: - | J31: 42.31 | K31: 1.49 | L31: 1.49 | M31: - | N31: 2538.5 | O31: 0.05 | P31: 0.05 | Q31: 1 | R31: 1
A32: 825 | B32: 825 | C32: 1300060784130 | D32: 660 | E32: 660 | F32: 1300060784158 | G32: Booston Wood | H32: 0 | I32: - | J32: 1963.01 | K32: 1.73 | L32: 1.73 | M32: -0.292 | N32: 1963.01 | O32: 0.05 | P32: 0.05 | Q32: 1 | R32: 1
A33: 826 | B33: 826 | C33: 1300060579173 | D33: 661 | E33: 661 | F33: 1300060579182 | G33: Combermere Abbey PV | H33: 0 | I33: - | J33: 21.87 | K33: 2.38 | L33: 2.38 | M33: - | N33: 3818.12 | O33: 0.05 | P33: 0.05 | Q33: 1 | R33: 1
A34: 827 | B34: 827 | C34: 1300052785147 | G34: Kimberley Clark | H34: 2 | I34: - | J34: 44265.39 | K34: 4.5 | L34: 4.5 | M34: - | N34: - | O34: - | P34: - | Q34: 1 | R34: 1
A35: 828 | B35: 828 | C35: 1300060075390 | D35: 628 | E35: 628 | F35: 1300060075405 | G35: Amegni | H35: 0 | I35: - | J35: 12.17 | K35: 1.6 | L35: 1.6 | M35: - | N35: 949.41 | O35: 0.05 | P35: 0.05 | Q35: 1 | R35: 1
A36: 829 | B36: 829 | C36: 1300035400611 | D36: 629 | E36: 629 | F36: 1300038004507 | G36: Salt Union | H36: 2 | I36: - | J36: 43319.58 | K36: 1.76 | L36: 1.76 | M36: - | N36: 12023.36 | O36: 0.05 | P36: 0.05 | Q36: 1 | R36: 1
A37: 830 | B37: 830 | C37: 1300060584270 | D37: 681 | E37: 681 | F37: 1300060584280 | G37: Parciau Solar Park | H37: 0 | I37: - | J37: 9.72 | K37: 1.4 | L37: 1.4 | M37: - | N37: 1157.08 | O37: 0.05 | P37: 0.05 | Q37: 1 | R37: 1
A38: 831 | B38: 831 | C38: 1300035437700 | G38: Ineos Chlor Ltd (Percival Lane) | H38: 1 | I38: - | J38: 15987.05 | K38: 3.32 | L38: 3.32 | M38: - | N38: - | O38: - | P38: - | Q38: 1 | R38: 1
A39: 833 | B39: 833 | C39: 1300035361803 | D39: 663 | E39: 663 | F39: 1300060327224 | G39: Toyota | H39: 2 | I39: - | J39: 44905.13 | K39: 4.02 | L39: 4.02 | M39: - | N39: 1742.25 | O39: 0.05 | P39: 0.05 | Q39: 1 | R39: 1
A40: 834 | B40: 834 | C40: 1300051028551 | G40: Warmingham Gas Storage | H40: 2 | I40: - | J40: 46612.824 | K40: 3.07 | L40: 3.07 | M40: - | N40: - | O40: - | P40: - | Q40: 1 | R40: 2
A41: 835 | B41: 835 | C41: 1300050648875 | D41: 635 | E41: 635 | F41: 1300050931602 | G41: Arpley Landfill | H41: 1 | I41: - | J41: 15383.72 | K41: 1.39 | L41: 1.39 | M41: - | N41: 2013.98 | O41: 0.05 | P41: 0.05 | Q41: 1 | R41: 2
A42: 836 | B42: 836 | C42: 1300035360800 | G42: Amcor | H42: 3 | I42: - | J42: 109832.22 | K42: 4.89 | L42: 4.89 | M42: - | N42: - | O42: - | P42: - | Q42: 1 | R42: 2
A43: 837 | B43: 837 | C43: 1300060736711 | D43: 662 | E43: 662 | F43: 1300060736720 | G43: Queensferry Diesel | H43: 0 | I43: - | J43: 8.64 | K43: 2.26 | L43: 2.26 | M43: -0.222 | N43: 691.47 | O43: 0.05 | P43: 0.05 | Q43: 2 | R43: 2
A44: 838 | B44: 838 | C44: 1300052122840 | D44: 638 | E44: 638 | F44: 1300052122859 | G44: Cemmaes C | H44: 0 | I44: - | J44: 14.18 | K44: 2.05 | L44: 2.05 | M44: - | N44: - | O44: - | P44: - | Q44: 2 | R44: 2
A45: 840 | B45: 840 | C45: 1300052545267 | D45: 640 | E45: 640 | F45: 1300052545276 | G45: Moel Maelogan (A) | H45: 0 | I45: - | J45: 32.91 | K45: 1.61 | L45: 1.61 | M45: - | N45: - | O45: - | P45: - | Q45: 2 | R45: 2
A46: 841 | B46: 841 | C46: 1300052545285 | D46: 641 | E46: 641 | F46: 1300052545294 | G46: Moel Maelogan (B) | H46: 0 | I46: - | J46: 16.56 | K46: 1.77 | L46: 1.77 | M46: - | N46: - | O46: - | P46: - | Q46: 2 | R46: 2
A47: 842 | B47: 842 | C47: 1300053022082 | D47: 642 | E47: 642 | F47: 1300053022091 | G47: North Hoyle | H47: 0 | I47: - | J47: 809.55 | K47: 1.68 | L47: 1.68 | M47: - | N47: - | O47: - | P47: - | Q47: 2 | R47: 2
A48: 843 | B48: 843 | C48: 1300053466350 | D48: 643 | E48: 643 | F48: 1300053466369 | G48: Cefn Croyes (3) | H48: 0 | I48: - | J48: 3287.22 | K48: 1.46 | L48: 1.46 | M48: - | N48: - | O48: - | P48: - | Q48: 2 | R48: 2
A49: 844 | B49: 844 | C49: 1300053466378 | D49: 644 | E49: 644 | F49: 1300053466387 | G49: Cefn Croyes (4) | H49: 0 | I49: - | J49: 3299.23 | K49: 1.45 | L49: 1.45 | M49: - | N49: - | O49: - | P49: - | Q49: 2 | R49: 2
A50: 845 | B50: 845 | C50: 1300053834682 | D50: 645 | E50: 645 | F50: 1300053834691 | G50: Tir Mostyn | H50: 0 | I50: - | J50: 602.36 | K50: 2 | L50: 2 | M50: - | N50: - | O50: - | P50: - | Q50: 2 | R50: 2
A51: 846 | B51: 846 | C51: 1300053862801 | D51: 646 | E51: 646 | F51: 1300053862796 | G51: Mynydd Clogau | H51: 0 | I51: - | J51: 15.64 | K51: 1.61 | L51: 1.61 | M51: - | N51: - | O51: - | P51: - | Q51: 2 | R51: 2
A52: 847 | B52: 847 | C52: 1300053962107 | D52: 647 | E52: 647 | F52: 1300053962116 | G52: Granox | H52: 2 | I52: - | J52: 42660.18 | K52: 3.13 | L52: 3.13 | M52: - | N52: - | O52: - | P52: - | Q52: 2 | R52: 2
A53: 848 | B53: 848 | C53: 1300060499085 | D53: 651 | E53: 651 | F53: 1300060499094 | G53: Tai Moelion | H53: 0 | I53: - | J53: 6.13 | K53: 1.4 | L53: 1.4 | M53: - | N53: 1837.95 | O53: 0.05 | P53: 0.05 | Q53: 2 | R53: 2
A54: 849 | B54: 849 | C54: 1300054624390 | D54: 649 | E54: 649 | F54: 1300054624405 | G54: Braich Ddu | H54: 0 | I54: - | J54: 36.9 | K54: 2.31 | L54: 2.31 | M54: - | N54: - | O54: - | P54: - | Q54: 2 | R54: 2
A55: 850 | B55: 850 | C55: 1300060668363 | D55: 652 | E55: 652 | F55: 1300060668372 | G55: Widnes Biomass | H55: 0 | I55: - | J55: 526.63 | K55: 1.86 | L55: 1.86 | M55: -0.16 | N55: 7391.11 | O55: 0.05 | P55: 0.05 | Q55: 2 | R55: 2
A56: 851 | B56: 851 | C56: 1300054933348 | D56: 611 | E56: 611 | F56: 1300054914140 | G56: Moel Maelogan 2 | H56: 0 | I56: - | J56: 9.99 | K56: 1.55 | L56: 1.55 | M56: - | N56: 584.54 | O56: 0.05 | P56: 0.05 | Q56: 2 | R56: 2
A57: 854 | B57: 854 | C57: 1300060138720 | D57: 654 | E57: 654 | F57: 1300060138739 | G57: Wern Ddu | H57: 0 | I57: - | J57: 78.08 | K57: 2.07 | L57: 2.07 | M57: - | N57: 3786.95 | O57: 0.05 | P57: 0.05 | Q57: 2 | R57: 2
A58: 856 | B58: 856 | C58: 1300060102617 | D58: 656 | E58: 656 | F58: 1300060102608 | G58: Rhyl Flats | H58: 0 | I58: - | J58: 254.55 | K58: 1.71 | L58: 1.71 | M58: - | N58: 23418.52 | O58: 0.05 | P58: 0.05 | Q58: 2 | R58: 2
A59: 857 | B59: 857 | C59: 1300060508758 | G59: Seaforth Liverpool Dock 2 | H59: 4 | I59: - | J59: 332259.3 | K59: 3.27 | L59: 3.27 | M59: - | N59: - | O59: - | P59: - | Q59: 2 | R59: 2
A60: 858 | B60: 858 | C60: 1300060845962 | D60: 612 | E60: 612 | F60: 1300060845971 | G60: Clocaenog Wind farm | H60: 0 | I60: - | J60: 1509.5 | K60: - | L60: - | M60: - | N60: 11059.45 | O60: 0.05 | P60: 0.05 | Q60: 2 | R60: 2
A61: 859 | B61: 859 | C61: 1300060985075 | D61: 630 | E61: 630 | F61: 1300060985084 | G61: Protos Park | H61: 0 | I61: - | J61: 6501.14 | K61: 0.91 | L61: 0.91 | M61: - | N61: 54067.8 | O61: 0.05 | P61: 0.05 | Q61: 2 | R61: 2
A62: 865 | B62: 865 | C62: 1300035438944 | D62: 665 | E62: 665 | F62: 1300038004491 | G62: Cemmaes B | H62: 0 | I62: - | J62: 22.32 | K62: 2.06 | L62: 2.06 | M62: - | N62: 4017.16 | O62: 0.05 | P62: 0.05 | Q62: 2
A63: 866 | B63: 866 | C63: 1300037983737 | D63: 666 | E63: 666 | F63: 1300037983746 | G63: Penrhyddlan | H63: 0 | I63: - | J63: 23.1 | K63: 3.06 | L63: 3.06 | M63: - | N63: 2694.7 | O63: 0.05 | P63: 0.05 | Q63: 2 | R63: 2
A64: 867 | B64: 867 | C64: 1300037983755 | D64: 667 | E64: 667 | F64: 1300037983764 | G64: Llidartywaun | H64: 0 | I64: - | J64: 21.57 | K64: 2.93 | L64: 2.93 | M64: - | N64: 2696.23 | O64: 0.05 | P64: 0.05 | Q64: 2 | R64: 2
A65: 868 | B65: 868 | C65: 1300035368906 | D65: 668 | E65: 668 | F65: 1300050649381 | G65: Rhyd y Groes | H65: 0 | I65: - | J65: 133.21 | K65: 1.42 | L65: 1.42 | M65: - | N65: 1087.92 | O65: 0.05 | P65: 0.05 | Q65: 2 | R65: 2
A66: 869 | B66: 869 | C66: 1300035370393 | D66: 669 | E66: 669 | F66: 1300050649070 | G66: Llangwyrfon | H66: 0 | I66: - | J66: 41.45 | K66: 1.86 | L66: 1.86 | M66: - | N66: 5099.6 | O66: 0.05 | P66: 0.05 | Q66: 2 | R66: 2
A67: 870 | B67: 870 | C67: 1300060308295 | G67: Storenergy (Lostock) | H67: 3 | I67: - | J67: 109016.11 | K67: 5.08 | L67: 5.08 | M67: - | N67: - | O67: - | P67: - | Q67: 2 | R67: 2
A68: 871 | B68: 871 | C68: 1300037983996 | D68: 671 | E68: 671 | F68: 1300037984002 | G68: Rheidol | H68: 0 | I68: - | J68: 123.72 | K68: 1.26 | L68: 1.26 | M68: - | N68: 1515.52 | O68: 0.05 | P68: 0.05 | Q68: 2 | R68: 2
A69: 872 | B69: 872 | C69: 1300037983913 | D69: 672 | E69: 672 | F69: 1300037983922 | G69: Carno B | H69: 0 | I69: - | J69: 303.06 | K69: 1.52 | L69: 1.52 | M69: - | N69: 11276.55 | O69: 0.05 | P69: 0.05 | Q69: 2 | R69: 2
A70: 873 | B70: 873 | C70: 1300037983899 | D70: 673 | E70: 673 | F70: 1300037983904 | G70: Carno A | H70: 0 | I70: - | J70: 107.55 | K70: 1.8 | L70: 1.8 | M70: - | N70: 11472.05 | O70: 0.05 | P70: 0.05 | Q70: 2 | R70: 2
A71: 874 | B71: 874 | C71: 1300035438572 | D71: 674 | E71: 674 | F71: 1300050649390 | G71: Trysglwyn | H71: 0 | I71: - | J71: 44.59 | K71: 1.68 | L71: 1.68 | M71: - | N71: 3003.98 | O71: 0.05 | P71: 0.05 | Q71: 2 | R71: 2
A72: 875 | B72: 875 | C72: 1300050649406 | D72: 675 | E72: 675 | F72: 1300050649415 | G72: Llanabo | H72: 0 | I72: - | J72: 22.13 | K72: 1.65 | L72: 1.65 | M72: - | N72: 2411.92 | O72: 0.05 | P72: 0.05 | Q72: 2 | R72: 2
A73: 876 | B73: 876 | C73: 1300060701106 | D73: 676 | E73: 676 | F73: 1300060701115 | G73: Ebnal Lodge PV | H73: 0 | I73: - | J73: 35.52 | K73: 1.61 | L73: 1.61 | M73: - | N73: 1914.4 | O73: 0.05 | P73: 0.05 | Q73: 2 | R73: 2
A74: 877 | B74: 877 | C74: 1300053593216 | G74: Quinn Glass | H74: 4 | I74: - | J74: 239962.21 | K74: 4.79 | L74: 4.79 | M74: - | N74: - | O74: - | P74: - | Q74: 2 | R74: 2
A75: 1 | B75: 1 | G75: Liverpool Int Bus Park | H75: 2 | I75: - | J75: 44558.85 | K75: 1.69 | L75: 1.69 | M75: - | N75: - | O75: - | P75: - | Q75: 2 | R75: 2
A76: 880 | B76: 880 | C76: 1300060621588 | D76: 670 | E76: 670 | F76: 1300060621597 | G76: Twemelows Hall PV | H76: 0 | I76: - | J76: 87.82 | K76: 4.09 | L76: 4.09 | M76: - | N76: 11944.17 | O76: 0.05 | P76: 0.05 | Q76: 2 | R76: 2
A77: 881 | B77: 881 | C77: 1300060626275 | D77: 679 | E77: 679 | F77: 1300060626284 | G77: Teyrdan | H77: 0 | I77: - | J77: 1.31 | K77: 1.4 | L77: 1.4 | M77: - | N77: 186.86 | O77: 0.05 | P77: 0.05 | Q77: 2 | R77: 2
A78: 882 | B78: 882 | C78: 1300060631656 | D78: 684 | E78: 684 | F78: 1300060631665 | G78: Parc Adfer | H78: 1 | I78: - | J78: 15685.08 | K78: 3.77 | L78: 3.77 | M78: - | N78: 3109.85 | O78: 0.05 | P78: 0.05 | Q78: 2 | R78: 2
A79: 883 | B79: 883 | C79: 1300060621950 | D79: 683 | E79: 683 | F79: 1300060621969 | G79: Hadley Solar Park | H79: 0 | I79: - | J79: 1.56 | K79: 1.61 | L79: 1.61 | M79: - | N79: 186.61 | O79: 0.05 | P79: 0.05 | Q79: 2 | R79: 2
A80: 884 | B80: 884 | C80: 1300060707491 | D80: 664 | E80: 664 | F80: 1300060707507 | G80: Beaufort Road | H80: 0 | I80: - | J80: 18.09 | K80: 3.58 | L80: 3.58 | M80: - | N80: 1513.1 | O80: 0.05 | P80: 0.05 | Q80: 2 | R80: 2
A81: 885 | B81: 885 | C81: 1300060729547 | D81: 615 | E81: 615 | F81: 1300060729556 | G81: Mersey Warf STOR | H81: 0 | I81: - | J81: 187.81 | K81: 2.05 | L81: 2.05 | M81: - | N81: 10542.31 | O81: 0.05 | P81: 0.05 | Q81: 2 | R81: 2
A82: 886 | B82: 886 | C82: 1300060657830 | D82: 686 | E82: 686 | F82: 1300060657840 | G82: Charity Farm Solar Park | H82: 0 | I82: - | J82: 0.85 | K82: 1.61 | L82: 1.61 | M82: - | N82: 187.31 | O82: 0.05 | P82: 0.05 | Q82: 2 | R82: 2
A83: 887 | B83: 887 | C83: 1300035619768 | D83: 687 | E83: 687 | F83: 1300050652905 | G83: Mynydd Gorduu | H83: 0 | I83: - | J83: 285.41 | K83: 1.46 | L83: 1.46 | M83: - | N83: 2378.42 | O83: 0.05 | P83: 0.05 | Q83: 2 | R83: 2
A84: 889 | B84: 889 | C84: 1300060626293 | D84: 678 | E84: 678 | F84: 1300060626309 | G84: Nefyn | H84: 0 | I84: - | J84: 1.17 | K84: 2.06 | L84: 2.06 | M84: - | N84: 186.99 | O84: 0.05 | P84: 0.05 | Q84: 2 | R84: 2
A85: 890 | B85: 890 | C85: 1300060621987 | D85: 697 | E85: 697 | F85: 1300060621996 | G85: Frodsham WF 1 | H85: 0 | I85: - | J85: 123.13 | K85: 1.79 | L85: 1.79 | M85: - | N85: 6371.82 | O85: 0.05 | P85: 0.05 | Q85: 2 | R85: 2
A86: 891 | B86: 891 | C86: 1300060622002 | D86: 699 | E86: 699 | F86: 1300060622011 | G86: Frodsham WF 2 | H86: 0 | I86: - | J86: 57.05 | K86: 1.84 | L86: 1.84 | M86: - | N86: 2939.03 | O86: 0.05 | P86: 0.05 | Q86: 2 | R86: 2
A87: 892 | B87: 892 | C87: 1300060609697 | D87: 692 | E87: 692 | F87: 1300060609702 | G87: Ince Biomass | H87: 1 | I87: - | J87: 15774.53 | K87: 2.16 | L87: 2.16 | M87: -0.429 | N87: 3048.81 | O87: 0.05 | P87: 0.05 | Q87: 2 | R87: 2
A88: 893 | B88: 893 | C88: 1300060659740 | D88: 693 | E88: 693 | F88: 1300060659759 | G88: Kinmel Estate Solar Park | H88: 0 | I88: - | J88: 6.2 | K88: 1.9 | L88: 1.9 | M88: - | N88: 558.29 | O88: 0.05 | P88: 0.05 | Q88: 2 | R88: 2
A89: 894 | B89: 894 | C89: 1300060647600 | D89: 694 | E89: 694 | F89: 1300060647610 | G89: Tirgwynt Wind Farm | H89: 0 | I89: - | J89: 580.88 | K89: 1.45 | L89: 1.45 | M89: - | N89: 30089.7 | O89: 0.05 | P89: 0.05 | Q89: 2 | R89: 2
A90: 895 | B90: 895 | C90: 1300060785462 | D90: 696 | E90: 696 | F90: 1300060785453 | G90: Brenig Wind Farm | H90: 0 | I90: - | J90: 1198.74 | K90: - | L90: - | M90: - | N90: 35935.97 | O90: 0.05 | P90: 0.05 | Q90: 2 | R90: 2
A91: 896 | B91: 896 | C91: 1300060673442 | D91: 616 | E91: 616 | F91: 1300060673451 | G91: Percival Lane STOR | H91: 0 | I91: - | J91: 1965.18 | K91: 1.53 | L91: 1.53 | M91: -0.156 | N91: 1965.18 | O91: 0.05 | P91: 0.05 | Q91: 2 | R91: 2
A92: 897 | B92: 897 | C92: 1300060673460 | D92: 617 | E92: 617 | F92: 1300060673489 | G92: Stanlow STOR | H92: 0 | I92: - | J92: 95.86 | K92: 2.21 | L92: 2.21 | M92: -0.292 | N92: 3834.49 | O92: 0.05 | P92: 0.05 | Q92: 2 | R92: 2
A93: 898 | B93: 898 | C93: 1300051694552 | D93: 698 | E93: 698 | F93: 1300051694827 | G93: PG Winnington | H93: 0 | I93: - | J93: 1135.15 | K93: 1.55 | L93: 1.55 | M93: - | N93: 6000.09 | O93: 0.05 | P93: 0.05 | Q93: 2 | R93: 2
A94: 899 | B94: 899 | C94: 1300060484140 | G94: Airbus UK Ltd (33kV) | H94: 3 | I94: - | J94: 117620.32 | K94: 4.51 | L94: 4.51 | M94: - | N94: - | O94: - | P94: - | Q94: 2 | R94: 3
A95: 911 | B95: 911 | C95: 1300060805612 | D95: 623 | E95: 623 | F95: 1300060805621 | G95: Griffiths Road STOR (Northwich Power) | H95: 0 | I95: - | J95: 235.08 | K95: 2.72 | L95: 2.72 | M95: -0.498 | N95: 8483.02 | O95: 0.05 | P95: 0.05 | Q95: 2 | R95: 3
A96: 912 | B96: 912 | C96: 1300060805560 | D96: 624 | E96: 624 | F96: 1300060805570 | G96: Warrington Power- Slutchers lane | H96: 0 | I96: - | J96: 136.62 | K96: 2.02 | L96: 2.02 | M96: - | N96: 6372.71 | O96: 0.05 | P96: 0.05 | Q96: 2 | R96: 3
A97: 913 | B97: 913 | C97: 1300060988493 | G97: Hillside Network Rail | H97: 2 | I97: - | J97: 45860.55 | K97: 6.65 | L97: 6.65 | M97: - | N97: - | O97: - | P97: - | Q97: 2 | R97: 3
A98: 914 | B98: 914 | C98: 1300060818597 | D98: 626 | E98: 626 | F98: 1300060818602 | G98: Latchford Lane Gas STOR | H98: 0 | I98: - | J98: 24.73 | K98: 3.02 | L98: 3.02 | M98: - | N98: 1880.43 | O98: 0.05 | P98: 0.05 | Q98: 2 | R98: 3
A99: 916 | B99: 916 | C99: 1300060914180 | D99: X10 | E99: MSID 7414 | F99: =E99 -> MSID 7414 | G99: ERF Way STOR | H99: 0 | I99: - | J99: 103.58 | K99: 2.27 | L99: 2.27 | M99: -0.203 | N99: 2437.53 | O99: 0.05 | P99: 0.05 | Q99: 2 | R99: 3
A100: 917 | B100: 917 | C100: 1300060928379 | D100: 632 | E100: 632 | F100: 1300060928388 | G100: Hooton Bio Mass | H100: 0 | I100: - | J100: 1242.03 | K100: 1.68 | L100: 1.68 | M100: - | N100: 7203.78 | O100: 0.05 | P100: 0.05 | Q100: 3 | R100: 3
A101: 918 | B101: 918 | C101: 1300060901943 | D101: 633 | E101: 633 | F101: 1300060901952 | G101: Alexandra Park | H101: 0 | I101: - | J101: 134.03 | K101: 2.18 | L101: 2.18 | M101: - | N101: 4022.51 | O101: 0.05 | P101: 0.05 | Q101: 3 | R101: 3
A102: 919 | B102: 919 | C102: 1300060969923 | G102: NR Bidston | H102: 2 | I102: - | J102: 44104.91 | K102: 2.32 | L102: 2.32 | M102: - | N102: - | O102: - | P102: - | Q102: 3 | R102: 3
...

Sheet Annex 2a Import
A1: Note: The list of MPANs / MSIDs provided may be incomplete; the DNO reserves the right to apply the listed charges to any other MPANs / MSIDs associated with the site. Note: This table is automatically populated based on the content of the tab entitled 'Annex 2 EHV Charges'. The timebands are as shown in Annex 2.
A2: =Overview!B4& " - Effective from "&Overview!D4&" - "&Overview!E4&" Designated EHV import charges" -> SP Manweb - Effective from 1 April 2027 - Final Designated EHV import charges
A4: Import Unique Identifier | B4: LLFC / DUoS Tariff ID | C4: Import MPANs/MSIDs | D4: Name | E4: ='Annex 2 Designated EHV charges'!I10 -> Import Super Red unit charge (p/kWh) | F4: ='Annex 2 Designated EHV charges'!J10 -> Import fixed charge (p/day) | G4: ='Annex 2 Designated EHV charges'!K10 -> Import capacity charge (p/kVA/day) | H4: ='Annex 2 Designated EHV charges'!L10 -> Import exceeded capacity charge (p/kVA/day)
A5: {=IFERROR(INDEX('Annex 2 Designated EHV charges'!$A$11:$A$257, MATCH(0, IF(ISBLANK('Annex 2 Designated EHV charges'!$A$11:$A$257),1, COUNTIF(A$4:$A4, 'Annex 2 Designated EHV charges'!$A$11:$A$257)), 0)),"")} -> 800 | B5: =IF($A5="","",VLOOKUP($A5,'Annex 2 Designated EHV charges'!$A:$O,2,0)) -> 800 | C5: =IF($A5="","",VLOOKUP($A5,'Annex 2 Designated EHV charges'!$A:$O,3,0)) -> 1300060790694 | D5: =IF($A5="","",VLOOKUP($A5,'Annex 2 Designated EHV charges'!$A:$O,7,0)) -> Cefyn Mawr | E5: =IFERROR(IF(VLOOKUP($A5,'Annex 2 Designated EHV charges'!$A:$O,9,FALSE)=0,"",VLOOKUP($A5,'Annex 2 Designated EHV charges'!$A:$O,9,FALSE)),"") -> - | F5: =IFERROR(IF(VLOOKUP($A5,'Annex 2 Designated EHV charges'!$A:$O,10,FALSE)=0,"",VLOOKUP($A5,'Annex 2 Designated EHV charges'!$A:$O,10,FALSE)),"") -> 35.07 | G5: =IFERROR(IF(VLOOKUP($A5,'Annex 2 Designated EHV charges'!$A:$O,11,FALSE)=0,"",VLOOKUP($A5,'Annex 2 Designated EHV charges'!$A:$O,11,FALSE)),"") -> 3.5 | H5: =IFERROR(IF(VLOOKUP($A5,'Annex 2 Designated EHV charges'!$A:$O,12,FALSE)=0,"",VLOOKUP($A5,'Annex 2 Designated EHV charges'!$A:$O,12,FALSE)),"") -> 3.5
A6: {=IFERROR(INDEX('Annex 2 Designated EHV charges'!$A$11:$A$257, MATCH(0, IF(ISBLANK('Annex 2 Designated EHV charges'!$A$11:$A$257),1, COUNTIF(A$4:$A5, 'Annex 2 Designated EHV charges'!$A$11:$A$257)), 0)),"")} -> 802 | B6: =IF($A6="","",VLOOKUP($A6,'Annex 2 Designated EHV charges'!$A:$O,2,0)) -> 802 | C6: =IF($A6="","",VLOOKUP($A6,'Annex 2 Designated EHV charges'!$A:$O,3,0)) -> 1300060773787 | D6: =IF($A6="","",VLOOKUP($A6,'Annex 2 Designated EHV charges'!$A:$O,7,0)) -> Shotton Paper | E6: =IFERROR(IF(VLOOKUP($A6,'Annex 2 Designated EHV charges'!$A:$O,9,FALSE)=0,"",VLOOKUP($A6,'Annex 2 Designated EHV charges'!$A:$O,9,FALSE)),"") -> - | F6: =IFERROR(IF(VLOOKUP($A6,'Annex 2 Designated EHV charges'!$A:$O,10,FALSE)=0,"",VLOOKUP($A6,'Annex 2 Designated EHV charges'!$A:$O,10,FALSE)),"") -> 240016.72 | G6: =IFERROR(IF(VLOOKUP($A6,'Annex 2 Designated EHV charges'!$A:$O,11,FALSE)=0,"",VLOOKUP($A6,'Annex 2 Designated EHV charges'!$A:$O,11,FALSE)),"") -> 1.08 | H6: =IFERROR(IF(VLOOKUP($A6,'Annex 2 Designated EHV charges'!$A:$O,12,FALSE)=0,"",VLOOKUP($A6,'Annex 2 Designated EHV charges'!$A:$O,12,FALSE)),"") -> 1.08
A7: {=IFERROR(INDEX('Annex 2 Designated EHV charges'!$A$11:$A$257, MATCH(0, IF(ISBLANK('Annex 2 Designated EHV charges'!$A$11:$A$257),1, COUNTIF(A$4:$A6, 'Annex 2 Designated EHV charges'!$A$11:$A$257)), 0)),"")} -> 803 | B7: =IF($A7="","",VLOOKUP($A7,'Annex 2 Designated EHV charges'!$A:$O,2,0)) -> 803 | C7: =IF($A7="","",VLOOKUP($A7,'Annex 2 Designated EHV charges'!$A:$O,3,0)) -> 1300035361194 | D7: =IF($A7="","",VLOOKUP($A7,'Annex 2 Designated EHV charges'!$A:$O,7,0)) -> Shell Stanlow | E7: =IFERROR(IF(VLOOKUP($A7,'Annex 2 Designated EHV charges'!$A:$O,9,FALSE)=0,"",VLOOKUP($A7,'Annex 2 Designated EHV charges'!$A:$O,9,FALSE)),"") -> - | F7: =IFERROR(IF(VLOOKUP($A7,'Annex 2 Designated EHV charges'!$A:$O,10,FALSE)=0,"",VLOOKUP($A7,'Annex 2 Designated EHV charges'!$A:$O,10,FALSE)),"") -> 233567.46 | G7: =IFERROR(IF(VLOOKUP($A7,'Annex 2 Designated EHV charges'!$A:$O,11,FALSE)=0,"",VLOOKUP($A7,'Annex 2 Designated EHV charges'!$A:$O,11,FALSE)),"") -> 3.21 | H7: =IFERROR(IF(VLOOKUP($A7,'Annex 2 Designated EHV charges'!$A:$O,12,FALSE)=0,"",VLOOKUP($A7,'Annex 2 Designated EHV charges'!$A:$O,12,FALSE)),"") -> 3.21
A8: {=IFERROR(INDEX('Annex 2 Designated EHV charges'!$A$11:$A$257, MATCH(0, IF(ISBLANK('Annex 2 Designated EHV charges'!$A$11:$A$257),1, COUNTIF(A$4:$A7, 'Annex 2 Designated EHV charges'!$A$11:$A$257)), 0)),"")} -> 804 | B8: =IF($A8="","",VLOOKUP($A8,'Annex 2 Designated EHV charges'!$A:$O,2,0)) -> 804 | C8: =IF($A8="","",VLOOKUP($A8,'Annex 2 Designated EHV charges'!$A:$O,3,0)) -> 1300035352942 | D8: =IF($A8="","",VLOOKUP($A8,'Annex 2 Designated EHV charges'!$A:$O,7,0)) -> Jaguar & Land Rover | E8: =IFERROR(IF(VLOOKUP($A8,'Annex 2 Designated EHV charges'!$A:$O,9,FALSE)=0,"",VLOOKUP($A8,'Annex 2 Designated EHV charges'!$A:$O,9,FALSE)),"") -> - | F8: =IFERROR(IF(VLOOKUP($A8,'Annex 2 Designated EHV charges'!$A:$O,10,FALSE)=0,"",VLOOKUP($A8,'Annex 2 Designated EHV charges'!$A:$O,10,FALSE)),"") -> 242337.79 | G8: =IFERROR(IF(VLOOKUP($A8,'Annex 2 Designated EHV charges'!$A:$O,11,FALSE)=0,"",VLOOKUP($A8,'Annex 2 Designated EHV charges'!$A:$O,11,FALSE)),"") -> 3.26 | H8: =IFERROR(IF(VLOOKUP($A8,'Annex 2 Designated EHV charges'!$A:$O,12,FALSE)=0,"",VLOOKUP($A8,'Annex 2 Designated EHV charges'!$A:$O,12,FALSE)),"") -> 3.26
A9: {=IFERROR(INDEX('Annex 2 Designated EHV charges'!$A$11:$A$257, MATCH(0, IF(ISBLANK('Annex 2 Designated EHV charges'!$A$11:$A$257),1, COUNTIF(A$4:$A8, 'Annex 2 Designated EHV charges'!$A$11:$A$257)), 0)),"")} -> 805 | B9: =IF($A9="","",VLOOKUP($A9,'Annex 2 Designated EHV charges'!$A:$O,2,0)) -> 805 | C9: =IF($A9="","",VLOOKUP($A9,'Annex 2 Designated EHV charges'!$A:$O,3,0)) -> 1300035359423 | D9: =IF($A9="","",VLOOKUP($A9,'Annex 2 Designated EHV charges'!$A:$O,7,0)) -> Innospec | E9: =IFERROR(IF(VLOOKUP($A9,'Annex 2 Designated EHV charges'!$A:$O,9,FALSE)=0,"",VLOOKUP($A9,'Annex 2 Designated EHV charges'!$A:$O,9,FALSE)),"") -> - | F9: =IFERROR(IF(VLOOKUP($A9,'Annex 2 Designated EHV charges'!$A:$O,10,FALSE)=0,"",VLOOKUP($A9,'Annex 2 Designated EHV charges'!$A:$O,10,FALSE)),"") -> 43609.23 | G9: =IFERROR(IF(VLOOKUP($A9,'Annex 2 Designated EHV charges'!$A:$O,11,FALSE)=0,"",VLOOKUP($A9,'Annex 2 Designated EHV charges'!$A:$O,11,FALSE)),"") -> 2.1 | H9: =IFERROR(IF(VLOOKUP($A9,'Annex 2 Designated EHV charges'!$A:$O,12,FALSE)=0,"",VLOOKUP($A9,'Annex 2 Designated EHV charges'!$A:$O,12,FALSE)),"") -> 2.1
A10: {=IFERROR(INDEX('Annex 2 Designated EHV charges'!$A$11:$A$257, MATCH(0, IF(ISBLANK('Annex 2 Designated EHV charges'!$A$11:$A$257),1, COUNTIF(A$4:$A9, 'Annex 2 Designated EHV charges'!$A$11:$A$257)), 0)),"")} -> 807 | B10: =IF($A10="","",VLOOKUP($A10,'Annex 2 Designated EHV charges'!$A:$O,2,0)) -> 807 | C10: =IF($A10="","",VLOOKUP($A10,'Annex 2 Designated EHV charges'!$A:$O,3,0)) -> 1300035359752 | D10: =IF($A10="","",VLOOKUP($A10,'Annex 2 Designated EHV charges'!$A:$O,7,0)) -> General Motors | E10: =IFERROR(IF(VLOOKUP($A10,'Annex 2 Designated EHV charges'!$A:$O,9,FALSE)=0,"",VLOOKUP($A10,'Annex 2 Designated EHV charges'!$A:$O,9,FALSE)),"") -> - | F10: =IFERROR(IF(VLOOKUP($A10,'Annex 2 Designated EHV charges'!$A:$O,10,FALSE)=0,"",VLOOKUP($A10,'Annex 2 Designated EHV charges'!$A:$O,10,FALSE)),"") -> 129012 | G10: =IFERROR(IF(VLOOKUP($A10,'Annex 2 Designated EHV charges'!$A:$O,11,FALSE)=0,"",VLOOKUP($A10,'Annex 2 Designated EHV charges'!$A:$O,11,FALSE)),"") -> 3.26 | H10: =IFERROR(IF(VLOOKUP($A10,'Annex 2 Designated EHV charges'!$A:$O,12,FALSE)=0,"",VLOOKUP($A10,'Annex 2 Designated EHV charges'!$A:$O,12,FALSE)),"") -> 3.26
A11: {=IFERROR(INDEX('Annex 2 Designated EHV charges'!$A$11:$A$257, MATCH(0, IF(ISBLANK('Annex 2 Designated EHV charges'!$A$11:$A$257),1, COUNTIF(A$4:$A10, 'Annex 2 Designated EHV charges'!$A$11:$A$257)), 0)),"")} -> 808 | B11: =IF($A11="","",VLOOKUP($A11,'Annex 2 Designated EHV charges'!$A:$O,2,0)) -> 808 | C11: =IF($A11="","",VLOOKUP($A11,'Annex 2 Designated EHV charges'!$A:$O,3,0)) -> 1300035360066 | D11: =IF($A11="","",VLOOKUP($A11,'Annex 2 Designated EHV charges'!$A:$O,7,0)) -> TATA Steel | E11: =IFERROR(IF(VLOOKUP($A11,'Annex 2 Designated EHV charges'!$A:$O,9,FALSE)=0,"",VLOOKUP($A11,'Annex 2 Designated EHV charges'!$A:$O,9,FALSE)),"") -> - | F11: =IFERROR(IF(VLOOKUP($A11,'Annex 2 Designated EHV charges'!$A:$O,10,FALSE)=0,"",VLOOKUP($A11,'Annex 2 Designated EHV charges'!$A:$O,10,FALSE)),"") -> 287863.86 | G11: =IFERROR(IF(VLOOKUP($A11,'Annex 2 Designated EHV charges'!$A:$O,11,FALSE)=0,"",VLOOKUP($A11,'Annex 2 Designated EHV charges'!$A:$O,11,FALSE)),"") -> 2.73 | H11: =IFERROR(IF(VLOOKUP($A11,'Annex 2 Designated EHV charges'!$A:$O,12,FALSE)=0,"",VLOOKUP($A11,'Annex 2 Designated EHV charges'!$A:$O,12,FALSE)),"") -> 2.73
A12: {=IFERROR(INDEX('Annex 2 Designated EHV charges'!$A$11:$A$257, MATCH(0, IF(ISBLANK('Annex 2 Designated EHV charges'!$A$11:$A$257),1, COUNTIF(A$4:$A11, 'Annex 2 Designated EHV charges'!$A$11:$A$257)), 0)),"")} -> 809 | B12: =IF($A12="","",VLOOKUP($A12,'Annex 2 Designated EHV charges'!$A:$O,2,0)) -> 809 | C12: =IF($A12="","",VLOOKUP($A12,'Annex 2 Designated EHV charges'!$A:$O,3,0)) -> 1300035362480 | D12: =IF($A12="","",VLOOKUP($A12,'Annex 2 Designated EHV charges'!$A:$O,7,0)) -> Urenco | E12: =IFERROR(IF(VLOOKUP($A12,'Annex 2 Designated EHV charges'!$A:$O,9,FALSE)=0,"",VLOOKUP($A12,'Annex 2 Designated EHV charges'!$A:$O,9,FALSE)),"") -> - | F12: =IFERROR(IF(VLOOKUP($A12,'Annex 2 Designated EHV charges'!$A:$O,10,FALSE)=0,"",VLOOKUP($A12,'Annex 2 Designated EHV charges'!$A:$O,10,FALSE)),"") -> 229012.51 | G12: =IFERROR(IF(VLOOKUP($A12,'Annex 2 Designated EHV charges'!$A:$O,11,FALSE)=0,"",VLOOKUP($A12,'Annex 2 Designated EHV charges'!$A:$O,11,FALSE)),"") -> 3.76 | H12: =IFERROR(IF(VLOOKUP($A12,'Annex 2 Designated EHV charges'!$A:$O,12,FALSE)=0,"",VLOOKUP($A12,'Annex 2 Designated EHV charges'!$A:$O,12,FALSE)),"") -> 3.76
A13: {=IFERROR(INDEX('Annex 2 Designated EHV charges'!$A$11:$A$257, MATCH(0, IF(ISBLANK('Annex 2 Designated EHV charges'!$A$11:$A$257),1, COUNTIF(A$4:$A12, 'Annex 2 Designated EHV charges'!$A$11:$A$257)), 0)),"")} -> 810 | B13: =IF($A13="","",VLOOKUP($A13,'Annex 2 Designated EHV charges'!$A:$O,2,0)) -> 810 | C13: =IF($A13="","",VLOOKUP($A13,'Annex 2 Designated EHV charges'!$A:$O,3,0)) -> 1300051694818 | D13: =IF($A13="","",VLOOKUP($A13,'Annex 2 Designated EHV charges'!$A:$O,7,0)) -> Ineos Chlor Ltd (Lostock) | E13: =IFERROR(IF(VLOOKUP($A13,'Annex 2 Designated EHV charges'!$A:$O,9,FALSE)=0,"",VLOOKUP($A13,'Annex 2 Designated EHV charges'!$A:$O,9,FALSE)),"") -> - | F13: =IFERROR(IF(VLOOKUP($A13,'Annex 2 Designated EHV charges'!$A:$O,10,FALSE)=0,"",VLOOKUP($A13,'Annex 2 Designated EHV charges'!$A:$O,10,FALSE)),"") -> 229012.51 | G13: =IFERROR(IF(VLOOKUP($A13,'Annex 2 Designated EHV charges'!$A:$O,11,FALSE)=0,"",VLOOKUP($A13,'Annex 2 Designated EHV charges'!$A:$O,11,FALSE)),"") -> 1.72 | H13: =IFERROR(IF(VLOOKUP($A13,'Annex 2 Designated EHV charges'!$A:$O,12,FALSE)=0,"",VLOOKUP($A13,'Annex 2 Designated EHV charges'!$A:$O,12,FALSE)),"") -> 1.72
A14: {=IFERROR(INDEX('Annex 2 Designated EHV charges'!$A$11:$A$257, MATCH(0, IF(ISBLANK('Annex 2 Designated EHV charges'!$A$11:$A$257),1, COUNTIF(A$4:$A13, 'Annex 2 Designated EHV charges'!$A$11:$A$257)), 0)),"")} -> 811 | B14: =IF($A14="","",VLOOKUP($A14,'Annex 2 Designated EHV charges'!$A:$O,2,0)) -> 811 | C14: =IF($A14="","",VLOOKUP($A14,'Annex 2 Designated EHV charges'!$A:$O,3,0)) -> 1300060704073 | D14: =IF($A14="","",VLOOKUP($A14,'Annex 2 Designated EHV charges'!$A:$O,7,0)) -> SafeGuard Bradwell | E14: =IFERROR(IF(VLOOKUP($A14,'Annex 2 Designated EHV charges'!$A:$O,9,FALSE)=0,"",VLOOKUP($A14,'Annex 2 Designated EHV charges'!$A:$O,9,FALSE)),"") -> - | F14: =IFERROR(IF(VLOOKUP($A14,'Annex 2 Designated EHV charges'!$A:$O,10,FALSE)=0,"",VLOOKUP($A14,'Annex 2 Designated EHV charges'!$A:$O,10,FALSE)),"") -> 69.19 | G14: =IFERROR(IF(VLOOKUP($A14,'Annex 2 Designated EHV charges'!$A:$O,11,FALSE)=0,"",VLOOKUP($A14,'Annex 2 Designated EHV charges'!$A:$O,11,FALSE)),"") -> 2.33 | H14: =IFERROR(IF(VLOOKUP($A14,'Annex 2 Designated EHV charges'!$A:$O,12,FALSE)=0,"",VLOOKUP($A14,'Annex 2 Designated EHV charges'!$A:$O,12,FALSE)),"") -> 2.33
A15: {=IFERROR(INDEX('Annex 2 Designated EHV charges'!$A$11:$A$257, MATCH(0, IF(ISBLANK('Annex 2 Designated EHV charges'!$A$11:$A$257),1, COUNTIF(A$4:$A14, 'Annex 2 Designated EHV charges'!$A$11:$A$257)), 0)),"")} -> 812 | B15: =IF($A15="","",VLOOKUP($A15,'Annex 2 Designated EHV charges'!$A:$O,2,0)) -> 812 | C15: =IF($A15="","",VLOOKUP($A15,'Annex 2 Designated EHV charges'!$A:$O,3,0)) -> 1300035356130 | D15: =IF($A15="","",VLOOKUP($A15,'Annex 2 Designated EHV charges'!$A:$O,7,0)) -> Knauf Insulation | E15: =IFERROR(IF(VLOOKUP($A15,'Annex 2 Designated EHV charges'!$A:$O,9,FALSE)=0,"",VLOOKUP($A15,'Annex 2 Designated EHV charges'!$A:$O,9,FALSE)),"") -> - | F15: =IFERROR(IF(VLOOKUP($A15,'Annex 2 Designated EHV charges'!$A:$O,10,FALSE)=0,"",VLOOKUP($A15,'Annex 2 Designated EHV charges'!$A:$O,10,FALSE)),"") -> 109353.55 | G15: =IFERROR(IF(VLOOKUP($A15,'Annex 2 Designated EHV charges'!$A:$O,11,FALSE)=0,"",VLOOKUP($A15,'Annex 2 Designated EHV charges'!$A:$O,11,FALSE)),"") -> 5.18 | H15: =IFERROR(IF(VLOOKUP($A15,'Annex 2 Designated EHV charges'!$A:$O,12,FALSE)=0,"",VLOOKUP($A15,'Annex 2 Designated EHV charges'!$A:$O,12,FALSE)),"") -> 5.18
A16: {=IFERROR(INDEX('Annex 2 Designated EHV charges'!$A$11:$A$257, MATCH(0, IF(ISBLANK('Annex 2 Designated EHV charges'!$A$11:$A$257),1, COUNTIF(A$4:$A15, 'Annex 2 Designated EHV charges'!$A$11:$A$257)), 0)),"")} -> 813 | B16: =IF($A16="","",VLOOKUP($A16,'Annex 2 Designated EHV charges'!$A:$O,2,0)) -> 813 | C16: =IF($A16="","",VLOOKUP($A16,'Annex 2 Designated EHV charges'!$A:$O,3,0)) -> 1300035359585 | D16: =IF($A16="","",VLOOKUP($A16,'Annex 2 Designated EHV charges'!$A:$O,7,0)) -> Air Products | E16: =IFERROR(IF(VLOOKUP($A16,'Annex 2 Designated EHV charges'!$A:$O,9,FALSE)=0,"",VLOOKUP($A16,'Annex 2 Designated EHV charges'!$A:$O,9,FALSE)),"") -> - | F16: =IFERROR(IF(VLOOKUP($A16,'Annex 2 Designated EHV charges'!$A:$O,10,FALSE)=0,"",VLOOKUP($A16,'Annex 2 Designated EHV charges'!$A:$O,10,FALSE)),"") -> 15938.01 | G16: =IFERROR(IF(VLOOKUP($A16,'Annex 2 Designated EHV charges'!$A:$O,11,FALSE)=0,"",VLOOKUP($A16,'Annex 2 Designated EHV charges'!$A:$O,11,FALSE)),"") -> 2.74 | H16: =IFERROR(IF(VLOOKUP($A16,'Annex 2 Designated EHV charges'!$A:$O,12,FALSE)=0,"",VLOOKUP($A16,'Annex 2 Designated EHV charges'!$A:$O,12,FALSE)),"") -> 2.74
... A151: {=IFERROR(INDEX('Annex 2 Designated EHV charges'!$A$11:$A$257, MATCH(0, IF(ISBLANK('Annex 2 Designated EHV charges'!$A$11:$A$257),1, COUNTIF(A$4:$A150, 'Annex 2 Designated EHV charges'!$A$11:$A$257)), 0)),"")} -> 354 | B151: =IF($A151="","",VLOOKUP($A151,'Annex 2 Designated EHV charges'!$A:$O,2,0)) -> 354 | C151: =IF($A151="","",VLOOKUP($A151,'Annex 2 Designated EHV charges'!$A:$O,3,0)) -> 1300035356770 | D151: =IF($A151="","",VLOOKUP($A151,'Annex 2 Designated EHV charges'!$A:$O,7,0)) -> Dyson Group Plc | E151: =IFERROR(IF(VLOOKUP($A151,'Annex 2 Designated EHV charges'!$A:$O,9,FALSE)=0,"",VLOOKUP($A151,'Annex 2 Designated EHV charges'!$A:$O,9,FALSE)),"") -> 0.162 | F151: =IFERROR(IF(VLOOKUP($A151,'Annex 2 Designated EHV charges'!$A:$O,10,FALSE)=0,"",VLOOKUP($A151,'Annex 2 Designated EHV charges'!$A:$O,10,FALSE)),"") -> 42639.62 | G151: =IFERROR(IF(VLOOKUP($A151,'Annex 2 Designated EHV charges'!$A:$O,11,FALSE)=0,"",VLOOKUP($A151,'Annex 2 Designated EHV charges'!$A:$O,11,FALSE)),"") -> 3.53 | H151: =IFERROR(IF(VLOOKUP($A151,'Annex 2 Designated EHV charges'!$A:$O,12,FALSE)=0,"",VLOOKUP($A151,'Annex 2 Designated EHV charges'!$A:$O,12,FALSE)),"") -> 3.53
A152: {=IFERROR(INDEX('Annex 2 Designated EHV charges'!$A$11:$A$257, MATCH(0, IF(ISBLANK('Annex 2 Designated EHV charges'!$A$11:$A$257),1, COUNTIF(A$4:$A151, 'Annex 2 Designated EHV charges'!$A$11:$A$257)), 0)),"")} -> 356 | B152: =IF($A152="","",VLOOKUP($A152,'Annex 2 Designated EHV charges'!$A:$O,2,0)) -> 356 | C152: =IF($A152="","",VLOOKUP($A152,'Annex 2 Designated EHV charges'!$A:$O,3,0)) -> 1300035357009 | D152: =IF($A152="","",VLOOKUP($A152,'Annex 2 Designated EHV charges'!$A:$O,7,0)) -> Rockwood Additives Ltd | E152: =IFERROR(IF(VLOOKUP($A152,'Annex 2 Designated EHV charges'!$A:$O,9,FALSE)=0,"",VLOOKUP($A152,'Annex 2 Designated EHV charges'!$A:$O,9,FALSE)),"") -> 0.17 | F152: =IFERROR(IF(VLOOKUP($A152,'Annex 2 Designated EHV charges'!$A:$O,10,FALSE)=0,"",VLOOKUP($A152,'Annex 2 Designated EHV charges'!$A:$O,10,FALSE)),"") -> 42639.62 | G152: =IFERROR(IF(VLOOKUP($A152,'Annex 2 Designated EHV charges'!$A:$O,11,FALSE)=0,"",VLOOKUP($A152,'Annex 2 Designated EHV charges'!$A:$O,11,FALSE)),"") -> 2.87 | H152: =IFERROR(IF(VLOOKUP($A152,'Annex 2 Designated EHV charges'!$A:$O,12,FALSE)=0,"",VLOOKUP($A152,'Annex 2 Designated EHV charges'!$A:$O,12,FALSE)),"") -> 2.87 | I152: ='Annex 2 Designated EHV charges'!Q160 -> See Annex 6
A153: {=IFERROR(INDEX('Annex 2 Designated EHV charges'!$A$11:$A$257, MATCH(0, IF(ISBLANK('Annex 2 Designated EHV charges'!$A$11:$A$257),1, COUNTIF(A$4:$A152, 'Annex 2 Designated EHV charges'!$A$11:$A$257)), 0)),"")} -> 358 | B153: =IF($A153="","",VLOOKUP($A153,'Annex 2 Designated EHV charges'!$A:$O,2,0)) -> 358 | C153: =IF($A153="","",VLOOKUP($A153,'Annex 2 Designated EHV charges'!$A:$O,3,0)) -> 1300035359600 | D153: =IF($A153="","",VLOOKUP($A153,'Annex 2 Designated EHV charges'!$A:$O,7,0)) -> Greif Uk Ltd | E153: =IFERROR(IF(VLOOKUP($A153,'Annex 2 Designated EHV charges'!$A:$O,9,FALSE)=0,"",VLOOKUP($A153,'Annex 2 Designated EHV charges'!$A:$O,9,FALSE)),"") -> 0.435 | F153: =IFERROR(IF(VLOOKUP($A153,'Annex 2 Designated EHV charges'!$A:$O,10,FALSE)=0,"",VLOOKUP($A153,'Annex 2 Designated EHV charges'!$A:$O,10,FALSE)),"") -> 15672.33 | G153: =IFERROR(IF(VLOOKUP($A153,'Annex 2 Designated EHV charges'!$A:$O,11,FALSE)=0,"",VLOOKUP($A153,'Annex 2 Designated EHV charges'!$A:$O,11,FALSE)),"") -> 3.29 | H153: =IFERROR(IF(VLOOKUP($A153,'Annex 2 Designated EHV charges'!$A:$O,12,FALSE)=0,"",VLOOKUP($A153,'Annex 2 Designated EHV charges'!$A:$O,12,FALSE)),"") -> 3.29
A154: {=IFERROR(INDEX('Annex 2 Designated EHV charges'!$A$11:$A$257, MATCH(0, IF(ISBLANK('Annex 2 Designated EHV charges'!$A$11:$A$257),1, COUNTIF(A$4:$A153, 'Annex 2 Designated EHV charges'!$A$11:$A$257)), 0)),"")} -> 360 | B154: =IF($A154="","",VLOOKUP($A154,'Annex 2 Designated EHV charges'!$A:$O,2,0)) -> 360 | C154: =IF($A154="","",VLOOKUP($A154,'Annex 2 Designated EHV charges'!$A:$O,3,0)) -> 1300035359799 | D154: =IF($A154="","",VLOOKUP($A154,'Annex 2 Designated EHV charges'!$A:$O,7,0)) -> Shell UK Limited | E154: =IFERROR(IF(VLOOKUP($A154,'Annex 2 Designated EHV charges'!$A:$O,9,FALSE)=0,"",VLOOKUP($A154,'Annex 2 Designated EHV charges'!$A:$O,9,FALSE)),"") -> 0.451 | F154: =IFERROR(IF(VLOOKUP($A154,'Annex 2 Designated EHV charges'!$A:$O,10,FALSE)=0,"",VLOOKUP($A154,'Annex 2 Designated EHV charges'!$A:$O,10,FALSE)),"") -> 15672.33 | G154: =IFERROR(IF(VLOOKUP($A154,'Annex 2 Designated EHV charges'!$A:$O,11,FALSE)=0,"",VLOOKUP($A154,'Annex 2 Designated EHV charges'!$A:$O,11,FALSE)),"") -> 5.62 | H154: =IFERROR(IF(VLOOKUP($A154,'Annex 2 Designated EHV charges'!$A:$O,12,FALSE)=0,"",VLOOKUP($A154,'Annex 2 Designated EHV charges'!$A:$O,12,FALSE)),"") -> 5.62
A155: {=IFERROR(INDEX('Annex 2 Designated EHV charges'!$A$11:$A$257, MATCH(0, IF(ISBLANK('Annex 2 Designated EHV charges'!$A$11:$A$257),1, COUNTIF(A$4:$A154, 'Annex 2 Designated EHV charges'!$A$11:$A$257)), 0)),"")} -> 361 | B155: =IF($A155="","",VLOOKUP($A155,'Annex 2 Designated EHV charges'!$A:$O,2,0)) -> 361 | C155: =IF($A155="","",VLOOKUP($A155,'Annex 2 Designated EHV charges'!$A:$O,3,0)) -> 1300035359901 | D155: =IF($A155="","",VLOOKUP($A155,'Annex 2 Designated EHV charges'!$A:$O,7,0)) -> Owens Corning UK | E155: =IFERROR(IF(VLOOKUP($A155,'Annex 2 Designated EHV charges'!$A:$O,9,FALSE)=0,"",VLOOKUP($A155,'Annex 2 Designated EHV charges'!$A:$O,9,FALSE)),"") -> 0.225 | F155: =IFERROR(IF(VLOOKUP($A155,'Annex 2 Designated EHV charges'!$A:$O,10,FALSE)=0,"",VLOOKUP($A155,'Annex 2 Designated EHV charges'!$A:$O,10,FALSE)),"") -> 15672.33 | G155: =IFERROR(IF(VLOOKUP($A155,'Annex 2 Designated EHV charges'!$A:$O,11,FALSE)=0,"",VLOOKUP($A155,'Annex 2 Designated EHV charges'!$A:$O,11,FALSE)),"") -> 7.25 | H155: =IFERROR(IF(VLOOKUP($A155,'Annex 2 Designated EHV charges'!$A:$O,12,FALSE)=0,"",VLOOKUP($A155,'Annex 2 Designated EHV charges'!$A:$O,12,FALSE)),"") -> 7.25
A156: {=IFERROR(INDEX('Annex 2 Designated EHV charges'!$A$11:$A$257, MATCH(0, IF(ISBLANK('Annex 2 Designated EHV charges'!$A$11:$A$257),1, COUNTIF(A$4:$A155, 'Annex 2 Designated EHV charges'!$A$11:$A$257)), 0)),"")} -> 362 | B156: =IF($A156="","",VLOOKUP($A156,'Annex 2 Designated EHV charges'!$A:$O,2,0)) -> 362 | C156: =IF($A156="","",VLOOKUP($A156,'Annex 2 Designated EHV charges'!$A:$O,3,0)) -> 1300035360181 | D156: =IF($A156="","",VLOOKUP($A156,'Annex 2 Designated EHV charges'!$A:$O,7,0)) -> Cadbury Schweppes Plc | E156: =IFERROR(IF(VLOOKUP($A156,'Annex 2 Designated EHV charges'!$A:$O,9,FALSE)=0,"",VLOOKUP($A156,'Annex 2 Designated EHV charges'!$A:$O,9,FALSE)),"") -> 0.322 | F156: =IFERROR(IF(VLOOKUP($A156,'Annex 2 Designated EHV charges'!$A:$O,10,FALSE)=0,"",VLOOKUP($A156,'Annex 2 Designated EHV charges'!$A:$O,10,FALSE)),"") -> 15672.33 | G156: =IFERROR(IF(VLOOKUP($A156,'Annex 2 Designated EHV charges'!$A:$O,11,FALSE)=0,"",VLOOKUP($A156,'Annex 2 Designated EHV charges'!$A:$O,11,FALSE)),"") -> 6.45 | H156: =IFERROR(IF(VLOOKUP($A156,'Annex 2 Designated EHV charges'!$A:$O,12,FALSE)=0,"",VLOOKUP($A156,'Annex 2 Designated EHV charges'!$A:$O,12,FALSE)),"") -> 6.45
A157: {=IFERROR(INDEX('Annex 2 Designated EHV charges'!$A$11:$A$257, MATCH(0, IF(ISBLANK('Annex 2 Designated EHV charges'!$A$11:$A$257),1, COUNTIF(A$4:$A156, 'Annex 2 Designated EHV charges'!$A$11:$A$257)), 0)),"")} -> 363 | B157: =IF($A157="","",VLOOKUP($A157,'Annex 2 Designated EHV charges'!$A:$O,2,0)) -> 363 | C157: =IF($A157="","",VLOOKUP($A157,'Annex 2 Designated EHV charges'!$A:$O,3,0)) -> 1300035360580 | D157: =IF($A157="","",VLOOKUP($A157,'Annex 2 Designated EHV charges'!$A:$O,7,0)) -> Kelloggs Company Of GB Ltd | E157: =IFERROR(IF(VLOOKUP($A157,'Annex 2 Designated EHV charges'!$A:$O,9,FALSE)=0,"",VLOOKUP($A157,'Annex 2 Designated EHV charges'!$A:$O,9,FALSE)),"") -> 0.798 | F157: =IFERROR(IF(VLOOKUP($A157,'Annex 2 Designated EHV charges'!$A:$O,10,FALSE)=0,"",VLOOKUP($A157,'Annex 2 Designated EHV charges'!$A:$O,10,FALSE)),"") -> 42639.62 | G157: =IFERROR(IF(VLOOKUP($A157,'Annex 2 Designated EHV charges'!$A:$O,11,FALSE)=0,"",VLOOKUP($A157,'Annex 2 Designated EHV charges'!$A:$O,11,FALSE)),"") -> 5.01 | H157: =IFERROR(IF(VLOOKUP($A157,'Annex 2 Designated EHV charges'!$A:$O,12,FALSE)=0,"",VLOOKUP($A157,'Annex 2 Designated EHV charges'!$A:$O,12,FALSE)),"") -> 5.01
A158: {=IFERROR(INDEX('Annex 2 Designated EHV charges'!$A$11:$A$257, MATCH(0, IF(ISBLANK('Annex 2 Designated EHV charges'!$A$11:$A$257),1, COUNTIF(A$4:$A157, 'Annex 2 Designated EHV charges'!$A$11:$A$257)), 0)),"")} -> 364 | B158: =IF($A158="","",VLOOKUP($A158,'Annex 2 Designated EHV charges'!$A:$O,2,0)) -> 364 | C158: =IF($A158="","",VLOOKUP($A158,'Annex 2 Designated EHV charges'!$A:$O,3,0)) -> 1300035360679 | D158: =IF($A158="","",VLOOKUP($A158,'Annex 2 Designated EHV charges'!$A:$O,7,0)) -> Bryn Lane Properties Llp | E158: =IFERROR(IF(VLOOKUP($A158,'Annex 2 Designated EHV charges'!$A:$O,9,FALSE)=0,"",VLOOKUP($A158,'Annex 2 Designated EHV charges'!$A:$O,9,FALSE)),"") -> 0.729 | F158: =IFERROR(IF(VLOOKUP($A158,'Annex 2 Designated EHV charges'!$A:$O,10,FALSE)=0,"",VLOOKUP($A158,'Annex 2 Designated EHV charges'!$A:$O,10,FALSE)),"") -> 17091.96 | G158: =IFERROR(IF(VLOOKUP($A158,'Annex 2 Designated EHV charges'!$A:$O,11,FALSE)=0,"",VLOOKUP($A158,'Annex 2 Designated EHV charges'!$A:$O,11,FALSE)),"") -> 1.77 | H158: =IFERROR(IF(VLOOKUP($A158,'Annex 2 Designated EHV charges'!$A:$O,12,FALSE)=0,"",VLOOKUP($A158,'Annex 2 Designated EHV charges'!$A:$O,12,FALSE)),"") -> 1.77
A159: {=IFERROR(INDEX('Annex 2 Designated EHV charges'!$A$11:$A$257, MATCH(0, IF(ISBLANK('Annex 2 Designated EHV charges'!$A$11:$A$257),1, COUNTIF(A$4:$A158, 'Annex 2 Designated EHV charges'!$A$11:$A$257)), 0)),"")} -> 365 | B159: =IF($A159="","",VLOOKUP($A159,'Annex 2 Designated EHV charges'!$A:$O,2,0)) -> 365 | C159: =IF($A159="","",VLOOKUP($A159,'Annex 2 Designated EHV charges'!$A:$O,3,0)) -> 1300035360688 | D159: =IF($A159="","",VLOOKUP($A159,'Annex 2 Designated EHV charges'!$A:$O,7,0)) -> BICC Wrexham | E159: =IFERROR(IF(VLOOKUP($A159,'Annex 2 Designated EHV charges'!$A:$O,9,FALSE)=0,"",VLOOKUP($A159,'Annex 2 Designated EHV charges'!$A:$O,9,FALSE)),"") -> 0.856 | F159: =IFERROR(IF(VLOOKUP($A159,'Annex 2 Designated EHV charges'!$A:$O,10,FALSE)=0,"",VLOOKUP($A159,'Annex 2 Designated EHV charges'!$A:$O,10,FALSE)),"") -> 42639.62 | G159: =IFERROR(IF(VLOOKUP($A159,'Annex 2 Designated EHV charges'!$A:$O,11,FALSE)=0,"",VLOOKUP($A159,'Annex 2 Designated EHV charges'!$A:$O,11,FALSE)),"") -> 3.75 | H159: =IFERROR(IF(VLOOKUP($A159,'Annex 2 Designated EHV charges'!$A:$O,12,FALSE)=0,"",VLOOKUP($A159,'Annex 2 Designated EHV charges'!$A:$O,12,FALSE)),"") -> 3.75
A160: {=IFERROR(INDEX('Annex 2 Designated EHV charges'!$A$11:$A$257, MATCH(0, IF(ISBLANK('Annex 2 Designated EHV charges'!$A$11:$A$257),1, COUNTIF(A$4:$A159, 'Annex 2 Designated EHV charges'!$A$11:$A$257)), 0)),"")} -> 366 | B160: =IF($A160="","",VLOOKUP($A160,'Annex 2 Designated EHV charges'!$A:$O,2,0)) -> 366 | C160: =IF($A160="","",VLOOKUP($A160,'Annex 2 Designated EHV charges'!$A:$O,3,0)) -> 1300035361130 | D160: =IF($A160="","",VLOOKUP($A160,'Annex 2 Designated EHV charges'!$A:$O,7,0)) -> M&S Financial Services | E160: =IFERROR(IF(VLOOKUP($A160,'Annex 2 Designated EHV charges'!$A:$O,9,FALSE)=0,"",VLOOKUP($A160,'Annex 2 Designated EHV charges'!$A:$O,9,FALSE)),"") -> 1.103 | F160: =IFERROR(IF(VLOOKUP($A160,'Annex 2 Designated EHV charges'!$A:$O,10,FALSE)=0,"",VLOOKUP($A160,'Annex 2 Designated EHV charges'!$A:$O,10,FALSE)),"") -> 15672.33 | G160: =IFERROR(IF(VLOOKUP($A160,'Annex 2 Designated EHV charges'!$A:$O,11,FALSE)=0,"",VLOOKUP($A160,'Annex 2 Designated EHV charges'!$A:$O,11,FALSE)),"") -> 3.5 | H160: =IFERROR(IF(VLOOKUP($A160,'Annex 2 Designated EHV charges'!$A:$O,12,FALSE)=0,"",VLOOKUP($A160,'Annex 2 Designated EHV charges'!$A:$O,12,FALSE)),"") -> 3.5
A161: {=IFERROR(INDEX('Annex 2 Designated EHV charges'!$A$11:$A$257, MATCH(0, IF(ISBLANK('Annex 2 Designated EHV charges'!$A$11:$A$257),1, COUNTIF(A$4:$A160, 'Annex 2 Designated EHV charges'!$A$11:$A$257)), 0)),"")} -> 367 | B161: =IF($A161="","",VLOOKUP($A161,'Annex 2 Designated EHV charges'!$A:$O,2,0)) -> 367 | C161: =IF($A161="","",VLOOKUP($A161,'Annex 2 Designated EHV charges'!$A:$O,3,0)) -> 1300035361812 | D161: =IF($A161="","",VLOOKUP($A161,'Annex 2 Designated EHV charges'!$A:$O,7,0)) -> Element Six Production Ltd | E161: =IFERROR(IF(VLOOKUP($A161,'Annex 2 Designated EHV charges'!$A:$O,9,FALSE)=0,"",VLOOKUP($A161,'Annex 2 Designated EHV charges'!$A:$O,9,FALSE)),"") -> 0.231 | F161: =IFERROR(IF(VLOOKUP($A161,'Annex 2 Designated EHV charges'!$A:$O,10,FALSE)=0,"",VLOOKUP($A161,'Annex 2 Designated EHV charges'!$A:$O,10,FALSE)),"") -> 15672.33 | G161: =IFERROR(IF(VLOOKUP($A161,'Annex 2 Designated EHV charges'!$A:$O,11,FALSE)=0,"",VLOOKUP($A161,'Annex 2 Designated EHV charges'!$A:$O,11,FALSE)),"") -> 2.49 | H161: =IFERROR(IF(VLOOKUP($A161,'Annex 2 Designated EHV charges'!$A:$O,12,FALSE)=0,"",VLOOKUP($A161,'Annex 2 Designated EHV charges'!$A:$O,12,FALSE)),"") -> 2.49
A162: {=IFERROR(INDEX('Annex 2 Designated EHV charges'!$A$11:$A$257, MATCH(0, IF(ISBLANK('Annex 2 Designated EHV charges'!$A$11:$A$257),1, COUNTIF(A$4:$A161, 'Annex 2 Designated EHV charges'!$A$11:$A$257)), 0)),"")} -> 368 | B162: =IF($A162="","",VLOOKUP($A162,'Annex 2 Designated EHV charges'!$A:$O,2,0)) -> 368 | C162: =IF($A162="","",VLOOKUP($A162,'Annex 2 Designated EHV charges'!$A:$O,3,0)) -> 1300035361983 | D162: =IF($A162="","",VLOOKUP($A162,'Annex 2 Designated EHV charges'!$A:$O,7,0)) -> Barry Callebaut (Uk) Ltd | E162: =IFERROR(IF(VLOOKUP($A162,'Annex 2 Designated EHV charges'!$A:$O,9,FALSE)=0,"",VLOOKUP($A162,'Annex 2 Designated EHV charges'!$A:$O,9,FALSE)),"") -> 1.13 | F162: =IFERROR(IF(VLOOKUP($A162,'Annex 2 Designated EHV charges'!$A:$O,10,FALSE)=0,"",VLOOKUP($A162,'Annex 2 Designated EHV charges'!$A:$O,10,FALSE)),"") -> 15672.33 | G162: =IFERROR(IF(VLOOKUP($A162,'Annex 2 Designated EHV charges'!$A:$O,11,FALSE)=0,"",VLOOKUP($A162,'Annex 2 Designated EHV charges'!$A:$O,11,FALSE)),"") -> 1.97 | H162: =IFERROR(IF(VLOOKUP($A162,'Annex 2 Designated EHV charges'!$A:$O,12,FALSE)=0,"",VLOOKUP($A162,'Annex 2 Designated EHV charges'!$A:$O,12,FALSE)),"") -> 1.97
A163: {=IFERROR(INDEX('Annex 2 Designated EHV charges'!$A$11:$A$257, MATCH(0, IF(ISBLANK('Annex 2 Designated EHV charges'!$A$11:$A$257),1, COUNTIF(A$4:$A162, 'Annex 2 Designated EHV charges'!$A$11:$A$257)), 0)),"")} -> 369 | B163: =IF($A163="","",VLOOKUP($A163,'Annex 2 Designated EHV charges'!$A:$O,2,0)) -> 369 | C163: =IF($A163="","",VLOOKUP($A163,'Annex 2 Designated EHV charges'!$A:$O,3,0)) -> 1300035362295 | D163: =IF($A163="","",VLOOKUP($A163,'Annex 2 Designated EHV charges'!$A:$O,7,0)) -> Caparo Steel Products Ltd | E163: =IFERROR(IF(VLOOKUP($A163,'Annex 2 Designated EHV charges'!$A:$O,9,FALSE)=0,"",VLOOKUP($A163,'Annex 2 Designated EHV charges'!$A:$O,9,FALSE)),"") -> 0.761 | F163: =IFERROR(IF(VLOOKUP($A163,'Annex 2 Designated EHV charges'!$A:$O,10,FALSE)=0,"",VLOOKUP($A163,'Annex 2 Designated EHV charges'!$A:$O,10,FALSE)),"") -> 15672.33 | G163: =IFERROR(IF(VLOOKUP($A163,'Annex 2 Designated EHV charges'!$A:$O,11,FALSE)=0,"",VLOOKUP($A163,'Annex 2 Designated EHV charges'!$A:$O,11,FALSE)),"") -> 2.69 | H163: =IFERROR(IF(VLOOKUP($A163,'Annex 2 Designated EHV charges'!$A:$O,12,FALSE)=0,"",VLOOKUP($A163,'Annex 2 Designated EHV charges'!$A:$O,12,FALSE)),"") -> 2.69
A164: {=IFERROR(INDEX('Annex 2 Designated EHV charges'!$A$11:$A$257, MATCH(0, IF(ISBLANK('Annex 2 Designated EHV charges'!$A$11:$A$257),1, COUNTIF(A$4:$A163, 'Annex 2 Designated EHV charges'!$A$11:$A$257)), 0)),"")} -> 370 | B164: =IF($A164="","",VLOOKUP($A164,'Annex 2 Designated EHV charges'!$A:$O,2,0)) -> 370 | C164: =IF($A164="","",VLOOKUP($A164,'Annex 2 Designated EHV charges'!$A:$O,3,0)) -> 1300035362700 | D164: =IF($A164="","",VLOOKUP($A164,'Annex 2 Designated EHV charges'!$A:$O,7,0)) -> Thermal Ceramics Ltd | E164: =IFERROR(IF(VLOOKUP($A164,'Annex 2 Designated EHV charges'!$A:$O,9,FALSE)=0,"",VLOOKUP($A164,'Annex 2 Designated EHV charges'!$A:$O,9,FALSE)),"") -> 0.304 | F164: =IFERROR(IF(VLOOKUP($A164,'Annex 2 Designated EHV charges'!$A:$O,10,FALSE)=0,"",VLOOKUP($A164,'Annex 2 Designated EHV charges'!$A:$O,10,FALSE)),"") -> 15672.33 | G164: =IFERROR(IF(VLOOKUP($A164,'Annex 2 Designated EHV charges'!$A:$O,11,FALSE)=0,"",VLOOKUP($A164,'Annex 2 Designated EHV charges'!$A:$O,11,FALSE)),"") -> 1.75 | H164: =IFERROR(IF(VLOOKUP($A164,'Annex 2 Designated EHV charges'!$A:$O,12,FALSE)=0,"",VLOOKUP($A164,'Annex 2 Designated EHV charges'!$A:$O,12,FALSE)),"") -> 1.75
... A254: {=IFERROR(INDEX('Annex 2 Designated EHV charges'!$A$11:$A$257, MATCH(0, IF(ISBLANK('Annex 2 Designated EHV charges'!$A$11:$A$257),1, COUNTIF(A$4:$A253, 'Annex 2 Designated EHV charges'!$A$11:$A$257)), 0)),"")} | B254: =IF($A254="","",VLOOKUP($A254,'Annex 2 Designated EHV charges'!$A:$O,2,0)) | C254: =IF($A254="","",VLOOKUP($A254,'Annex 2 Designated EHV charges'!$A:$O,3,0)) | D254: =IF($A254="","",VLOOKUP($A254,'Annex 2 Designated EHV charges'!$A:$O,7,0)) | E254: =IFERROR(IF(VLOOKUP($A254,'Annex 2 Designated EHV charges'!$A:$O,9,FALSE)=0,"",VLOOKUP($A254,'Annex 2 Designated EHV charges'!$A:$O,9,FALSE)),"") | F254: =IFERROR(IF(VLOOKUP($A254,'Annex 2 Designated EHV charges'!$A:$O,10,FALSE)=0,"",VLOOKUP($A254,'Annex 2 Designated EHV charges'!$A:$O,10,FALSE)),"") | G254: =IFERROR(IF(VLOOKUP($A254,'Annex 2 Designated EHV charges'!$A:$O,11,FALSE)=0,"",VLOOKUP($A254,'Annex 2 Designated EHV charges'!$A:$O,11,FALSE)),"") | H254: =IFERROR(IF(VLOOKUP($A254,'Annex 2 Designated EHV charges'!$A:$O,12,FALSE)=0,"",VLOOKUP($A254,'Annex 2 Designated EHV charges'!$A:$O,12,FALSE)),"")

Sheet Annex 2b Export
A1: Note: The list of MPANs / MSIDs provided may be incomplete; the DNO reserves the right to apply the listed charges to any other MPANs / MSIDs associated with the site. Note: This table is automatically populated based on the content of the tab entitled 'Annex 2 EHV Charges'. The timebands are as shown in Annex 2.
A2: =Overview!B4& " - Effective from "&Overview!D4&" - "&Overview!E4&" Designated EHV export charges" -> SP Manweb - Effective from 1 April 2027 - Final Designated EHV export charges
A4: Export Unique Identifier | B4: LLFC / DUoS Tariff ID | C4: Export MPANs/MSIDs | D4: Name | E4: ='Annex 2 Designated EHV charges'!M10 -> Export Super Red unit charge (p/kWh) | F4: ='Annex 2 Designated EHV charges'!N10 -> Export fixed charge (p/day) | G4: ='Annex 2 Designated EHV charges'!O10 -> Export capacity charge (p/kVA/day) | H4: ='Annex 2 Designated EHV charges'!P10 -> Export exceeded capacity charge (p/kVA/day)
A5: {=IFERROR(INDEX('Annex 2 Designated EHV charges'!$D$11:$D$257, MATCH(0, IF(ISBLANK('Annex 2 Designated EHV charges'!$D$11:$D$257),1, COUNTIF(A$4:$A4, 'Annex 2 Designated EHV charges'!$D$11:$D$257)), 0)),"")} -> 622 | B5: =IF($A5="","",VLOOKUP($A5,'Annex 2 Designated EHV charges'!$D:$O,2,0)) -> 622 | C5: =IF($A5="","",VLOOKUP($A5,'Annex 2 Designated EHV charges'!$D:$O,3,0)) -> 1300060790700 | D5: =IF($A5="","",VLOOKUP($A5,'Annex 2 Designated EHV charges'!$D:$O,4,0)) -> Cefyn Mawr | E5: =IFERROR(IF(VLOOKUP($A5,'Annex 2 Designated EHV charges'!$D:$O,10,FALSE)=0,"",VLOOKUP($A5,'Annex 2 Designated EHV charges'!$D:$O,10,FALSE)),"") -> -0.3 | F5: =IFERROR(IF(VLOOKUP($A5,'Annex 2 Designated EHV charges'!$D:$O,11,FALSE)=0,"",VLOOKUP($A5,'Annex 2 Designated EHV charges'!$D:$O,11,FALSE)),"") -> 3507.01 | G5: =IFERROR(IF(VLOOKUP($A5,'Annex 2 Designated EHV charges'!$D:$O,12,FALSE)=0,"",VLOOKUP($A5,'Annex 2 Designated EHV charges'!$D:$O,12,FALSE)),"") -> 0.05 | H5: =IFERROR(IF(VLOOKUP($A5,'Annex 2 Designated EHV charges'!$D:$P,13,FALSE)=0,"",VLOOKUP($A5,'Annex 2 Designated EHV charges'!$D:$P,13,FALSE)),"") -> 0.05
A6: {=IFERROR(INDEX('Annex 2 Designated EHV charges'!$D$11:$D$257, MATCH(0, IF(ISBLANK('Annex 2 Designated EHV charges'!$D$11:$D$257),1, COUNTIF(A$4:$A5, 'Annex 2 Designated EHV charges'!$D$11:$D$257)), 0)),"")} -> 601 | B6: =IF($A6="","",VLOOKUP($A6,'Annex 2 Designated EHV charges'!$D:$O,2,0)) -> 601 | C6: =IF($A6="","",VLOOKUP($A6,'Annex 2 Designated EHV charges'!$D:$O,3,0)) -> 1300060818667 | D6: =IF($A6="","",VLOOKUP($A6,'Annex 2 Designated EHV charges'!$D:$O,4,0)) -> Shotton Paper | E6: =IFERROR(IF(VLOOKUP($A6,'Annex 2 Designated EHV charges'!$D:$O,10,FALSE)=0,"",VLOOKUP($A6,'Annex 2 Designated EHV charges'!$D:$O,10,FALSE)),"") -> - | F6: =IFERROR(IF(VLOOKUP($A6,'Annex 2 Designated EHV charges'!$D:$O,11,FALSE)=0,"",VLOOKUP($A6,'Annex 2 Designated EHV charges'!$D:$O,11,FALSE)),"") -> 77029.47 | G6: =IFERROR(IF(VLOOKUP($A6,'Annex 2 Designated EHV charges'!$D:$O,12,FALSE)=0,"",VLOOKUP($A6,'Annex 2 Designated EHV charges'!$D:$O,12,FALSE)),"") -> 0.05 | H6: =IFERROR(IF(VLOOKUP($A6,'Annex 2 Designated EHV charges'!$D:$P,13,FALSE)=0,"",VLOOKUP($A6,'Annex 2 Designated EHV charges'!$D:$P,13,FALSE)),"") -> 0.05
A7: {=IFERROR(INDEX('Annex 2 Designated EHV charges'!$D$11:$D$257, MATCH(0, IF(ISBLANK('Annex 2 Designated EHV charges'!$D$11:$D$257),1, COUNTIF(A$4:$A6, 'Annex 2 Designated EHV charges'!$D$11:$D$257)), 0)),"")} -> 603 | B7: =IF($A7="","",VLOOKUP($A7,'Annex 2 Designated EHV charges'!$D:$O,2,0)) -> 603 | C7: =IF($A7="","",VLOOKUP($A7,'Annex 2 Designated EHV charges'!$D:$O,3,0)) -> 1300050649372 | D7: =IF($A7="","",VLOOKUP($A7,'Annex 2 Designated EHV charges'!$D:$O,4,0)) -> Shell Stanlow | E7: =IFERROR(IF(VLOOKUP($A7,'Annex 2 Designated EHV charges'!$D:$O,10,FALSE)=0,"",VLOOKUP($A7,'Annex 2 Designated EHV charges'!$D:$O,10,FALSE)),"") -> - | F7: =IFERROR(IF(VLOOKUP($A7,'Annex 2 Designated EHV charges'!$D:$O,11,FALSE)=0,"",VLOOKUP($A7,'Annex 2 Designated EHV charges'!$D:$O,11,FALSE)),"") -> 3643.96 | G7: =IFERROR(IF(VLOOKUP($A7,'Annex 2 Designated EHV charges'!$D:$O,12,FALSE)=0,"",VLOOKUP($A7,'Annex 2 Designated EHV charges'!$D:$O,12,FALSE)),"") -> 0.05 | H7: =IFERROR(IF(VLOOKUP($A7,'Annex 2 Designated EHV charges'!$D:$P,13,FALSE)=0,"",VLOOKUP($A7,'Annex 2 Designated EHV charges'!$D:$P,13,FALSE)),"") -> 0.05
A8: {=IFERROR(INDEX('Annex 2 Designated EHV charges'!$D$11:$D$257, MATCH(0, IF(ISBLANK('Annex 2 Designated EHV charges'!$D$11:$D$257),1, COUNTIF(A$4:$A7, 'Annex 2 Designated EHV charges'!$D$11:$D$257)), 0)),"")} -> 618 | B8: =IF($A8="","",VLOOKUP($A8,'Annex 2 Designated EHV charges'!$D:$O,2,0)) -> 618 | C8: =IF($A8="","",VLOOKUP($A8,'Annex 2 Designated EHV charges'!$D:$O,3,0)) -> 1300060704603 | D8: =IF($A8="","",VLOOKUP($A8,'Annex 2 Designated EHV charges'!$D:$O,4,0)) -> Ineos Chlor Ltd (Lostock) | E8: =IFERROR(IF(VLOOKUP($A8,'Annex 2 Designated EHV charges'!$D:$O,10,FALSE)=0,"",VLOOKUP($A8,'Annex 2 Designated EHV charges'!$D:$O,10,FALSE)),"") -> - | F8: =IFERROR(IF(VLOOKUP($A8,'Annex 2 Designated EHV charges'!$D:$O,11,FALSE)=0,"",VLOOKUP($A8,'Annex 2 Designated EHV charges'!$D:$O,11,FALSE)),"") -> - | G8: =IFERROR(IF(VLOOKUP($A8,'Annex 2 Designated EHV charges'!$D:$O,12,FALSE)=0,"",VLOOKUP($A8,'Annex 2 Designated EHV charges'!$D:$O,12,FALSE)),"") -> 0.05 | H8: =IFERROR(IF(VLOOKUP($A8,'Annex 2 Designated EHV charges'!$D:$P,13,FALSE)=0,"",VLOOKUP($A8,'Annex 2 Designated EHV charges'!$D:$P,13,FALSE)),"") -> 0.05
A9: {=IFERROR(INDEX('Annex 2 Designated EHV charges'!$D$11:$D$257, MATCH(0, IF(ISBLANK('Annex 2 Designated EHV charges'!$D$11:$D$257),1, COUNTIF(A$4:$A8, 'Annex 2 Designated EHV charges'!$D$11:$D$257)), 0)),"")} -> 655 | B9: =IF($A9="","",VLOOKUP($A9,'Annex 2 Designated EHV charges'!$D:$O,2,0)) -> 655 | C9: =IF($A9="","",VLOOKUP($A9,'Annex 2 Designated EHV charges'!$D:$O,3,0)) -> 1300060704082 | D9: =IF($A9="","",VLOOKUP($A9,'Annex 2 Designated EHV charges'!$D:$O,4,0)) -> SafeGuard Bradwell | E9: =IFERROR(IF(VLOOKUP($A9,'Annex 2 Designated EHV charges'!$D:$O,10,FALSE)=0,"",VLOOKUP($A9,'Annex 2 Designated EHV charges'!$D:$O,10,FALSE)),"") -> - | F9: =IFERROR(IF(VLOOKUP($A9,'Annex 2 Designated EHV charges'!$D:$O,11,FALSE)=0,"",VLOOKUP($A9,'Annex 2 Designated EHV charges'!$D:$O,11,FALSE)),"") -> 5396.86 | G9: =IFERROR(IF(VLOOKUP($A9,'Annex 2 Designated EHV charges'!$D:$O,12,FALSE)=0,"",VLOOKUP($A9,'Annex 2 Designated EHV charges'!$D:$O,12,FALSE)),"") -> 0.05 | H9: =IFERROR(IF(VLOOKUP($A9,'Annex 2 Designated EHV charges'!$D:$P,13,FALSE)=0,"",VLOOKUP($A9,'Annex 2 Designated EHV charges'!$D:$P,13,FALSE)),"") -> 0.05
A10: {=IFERROR(INDEX('Annex 2 Designated EHV charges'!$D$11:$D$257, MATCH(0, IF(ISBLANK('Annex 2 Designated EHV charges'!$D$11:$D$257),1, COUNTIF(A$4:$A9, 'Annex 2 Designated EHV charges'!$D$11:$D$257)), 0)),"")} -> 648 | B10: =IF($A10="","",VLOOKUP($A10,'Annex 2 Designated EHV charges'!$D:$O,2,0)) -> 648 | C10: =IF($A10="","",VLOOKUP($A10,'Annex 2 Designated EHV charges'!$D:$O,3,0)) -> 1300060640474 | D10: =IF($A10="","",VLOOKUP($A10,'Annex 2 Designated EHV charges'!$D:$O,4,0)) -> Kronospan | E10: =IFERROR(IF(VLOOKUP($A10,'Annex 2 Designated EHV charges'!$D:$O,10,FALSE)=0,"",VLOOKUP($A10,'Annex 2 Designated EHV charges'!$D:$O,10,FALSE)),"") -> - | F10: =IFERROR(IF(VLOOKUP($A10,'Annex 2 Designated EHV charges'!$D:$O,11,FALSE)=0,"",VLOOKUP($A10,'Annex 2 Designated EHV charges'!$D:$O,11,FALSE)),"") -> 594.96 | G10: =IFERROR(IF(VLOOKUP($A10,'Annex 2 Designated EHV charges'!$D:$O,12,FALSE)=0,"",VLOOKUP($A10,'Annex 2 Designated EHV charges'!$D:$O,12,FALSE)),"") -> 0.05 | H10: =IFERROR(IF(VLOOKUP($A10,'Annex 2 Designated EHV charges'!$D:$P,13,FALSE)=0,"",VLOOKUP($A10,'Annex 2 Designated EHV charges'!$D:$P,13,FALSE)),"") -> 0.05
A11: {=IFERROR(INDEX('Annex 2 Designated EHV charges'!$D$11:$D$257, MATCH(0, IF(ISBLANK('Annex 2 Designated EHV charges'!$D$11:$D$257),1, COUNTIF(A$4:$A10, 'Annex 2 Designated EHV charges'!$D$11:$D$257)), 0)),"")} -> 680 | B11: =IF($A11="","",VLOOKUP($A11,'Annex 2 Designated EHV charges'!$D:$O,2,0)) -> 680 | C11: =IF($A11="","",VLOOKUP($A11,'Annex 2 Designated EHV charges'!$D:$O,3,0)) -> 1300060748470 | D11: =IF($A11="","",VLOOKUP($A11,'Annex 2 Designated EHV charges'!$D:$O,4,0)) -> Pilkington's STOR | E11: =IFERROR(IF(VLOOKUP($A11,'Annex 2 Designated EHV charges'!$D:$O,10,FALSE)=0,"",VLOOKUP($A11,'Annex 2 Designated EHV charges'!$D:$O,10,FALSE)),"") -> -0.715 | F11: =IFERROR(IF(VLOOKUP($A11,'Annex 2 Designated EHV charges'!$D:$O,11,FALSE)=0,"",VLOOKUP($A11,'Annex 2 Designated EHV charges'!$D:$O,11,FALSE)),"") -> 10581.32 | G11: =IFERROR(IF(VLOOKUP($A11,'Annex 2 Designated EHV charges'!$D:$O,12,FALSE)=0,"",VLOOKUP($A11,'Annex 2 Designated EHV charges'!$D:$O,12,FALSE)),"") -> 0.05 | H11: =IFERROR(IF(VLOOKUP($A11,'Annex 2 Designated EHV charges'!$D:$P,13,FALSE)=0,"",VLOOKUP($A11,'Annex 2 Designated EHV charges'!$D:$P,13,FALSE)),"") -> 0.05
A12: {=IFERROR(INDEX('Annex 2 Designated EHV charges'!$D$11:$D$257, MATCH(0, IF(ISBLANK('Annex 2 Designated EHV charges'!$D$11:$D$257),1, COUNTIF(A$4:$A11, 'Annex 2 Designated EHV charges'!$D$11:$D$257)), 0)),"")} -> 658 | B12: =IF($A12="","",VLOOKUP($A12,'Annex 2 Designated EHV charges'!$D:$O,2,0)) -> 658 | C12: =IF($A12="","",VLOOKUP($A12,'Annex 2 Designated EHV charges'!$D:$O,3,0)) -> 1300060563759 | D12: =IF($A12="","",VLOOKUP($A12,'Annex 2 Designated EHV charges'!$D:$O,4,0)) -> Tyn dryfol PV | E12: =IFERROR(IF(VLOOKUP($A12,'Annex 2 Designated EHV charges'!$D:$O,10,FALSE)=0,"",VLOOKUP($A12,'Annex 2 Designated EHV charges'!$D:$O,10,FALSE)),"") -> - | F12: =IFERROR(IF(VLOOKUP($A12,'Annex 2 Designated EHV charges'!$D:$O,11,FALSE)=0,"",VLOOKUP($A12,'Annex 2 Designated EHV charges'!$D:$O,11,FALSE)),"") -> 3692.65 | G12: =IFERROR(IF(VLOOKUP($A12,'Annex 2 Designated EHV charges'!$D:$O,12,FALSE)=0,"",VLOOKUP($A12,'Annex 2 Designated EHV charges'!$D:$O,12,FALSE)),"") -> 0.05 | H12: =IFERROR(IF(VLOOKUP($A12,'Annex 2 Designated EHV charges'!$D:$P,13,FALSE)=0,"",VLOOKUP($A12,'Annex 2 Designated EHV charges'!$D:$P,13,FALSE)),"") -> 0.05
A13: {=IFERROR(INDEX('Annex 2 Designated EHV charges'!$D$11:$D$257, MATCH(0, IF(ISBLANK('Annex 2 Designated EHV charges'!$D$11:$D$257),1, COUNTIF(A$4:$A12, 'Annex 2 Designated EHV charges'!$D$11:$D$257)), 0)),"")} -> 659 | B13: =IF($A13="","",VLOOKUP($A13,'Annex 2 Designated EHV charges'!$D:$O,2,0)) -> 659 | C13: =IF($A13="","",VLOOKUP($A13,'Annex 2 Designated EHV charges'!$D:$O,3,0)) -> 1300060652629 | D13: =IF($A13="","",VLOOKUP($A13,'Annex 2 Designated EHV charges'!$D:$O,4,0)) -> Williams Farm Solar Park | E13: =IFERROR(IF(VLOOKUP($A13,'Annex 2 Designated EHV charges'!$D:$O,10,FALSE)=0,"",VLOOKUP($A13,'Annex 2 Designated EHV charges'!$D:$O,10,FALSE)),"") -> - | F13: =IFERROR(IF(VLOOKUP($A13,'Annex 2 Designated EHV charges'!$D:$O,11,FALSE)=0,"",VLOOKUP($A13,'Annex 2 Designated EHV charges'!$D:$O,11,FALSE)),"") -> 1137.12 | G13: =IFERROR(IF(VLOOKUP($A13,'Annex 2 Designated EHV charges'!$D:$O,12,FALSE)=0,"",VLOOKUP($A13,'Annex 2 Designated EHV charges'!$D:$O,12,FALSE)),"") -> 0.05 | H13: =IFERROR(IF(VLOOKUP($A13,'Annex 2 Designated EHV charges'!$D:$P,13,FALSE)=0,"",VLOOKUP($A13,'Annex 2 Designated EHV charges'!$D:$P,13,FALSE)),"") -> 0.05
A14: {=IFERROR(INDEX('Annex 2 Designated EHV charges'!$D$11:$D$257, MATCH(0, IF(ISBLANK('Annex 2 Designated EHV charges'!$D$11:$D$257),1, COUNTIF(A$4:$A13, 'Annex 2 Designated EHV charges'!$D$11:$D$257)), 0)),"")} -> 604 | B14: =IF($A14="","",VLOOKUP($A14,'Annex 2 Designated EHV charges'!$D:$O,2,0)) -> 604 | C14: =IF($A14="","",VLOOKUP($A14,'Annex 2 Designated EHV charges'!$D:$O,3,0)) -> 1300054940683 | D14: =IF($A14="","",VLOOKUP($A14,'Annex 2 Designated EHV charges'!$D:$O,4,0)) -> Port of Liverpool | E14: =IFERROR(IF(VLOOKUP($A14,'Annex 2 Designated EHV charges'!$D:$O,10,FALSE)=0,"",VLOOKUP($A14,'Annex 2 Designated EHV charges'!$D:$O,10,FALSE)),"") -> - | F14: =IFERROR(IF(VLOOKUP($A14,'Annex 2 Designated EHV charges'!$D:$O,11,FALSE)=0,"",VLOOKUP($A14,'Annex 2 Designated EHV charges'!$D:$O,11,FALSE)),"") -> 2538.5 | G14: =IFERROR(IF(VLOOKUP($A14,'Annex 2 Designated EHV charges'!$D:$O,12,FALSE)=0,"",VLOOKUP($A14,'Annex 2 Designated EHV charges'!$D:$O,12,FALSE)),"") -> 0.05 | H14: =IFERROR(IF(VLOOKUP($A14,'Annex 2 Designated EHV charges'!$D:$P,13,FALSE)=0,"",VLOOKUP($A14,'Annex 2 Designated EHV charges'!$D:$P,13,FALSE)),"") -> 0.05
A15: {=IFERROR(INDEX('Annex 2 Designated EHV charges'!$D$11:$D$257, MATCH(0, IF(ISBLANK('Annex 2 Designated EHV charges'!$D$11:$D$257),1, COUNTIF(A$4:$A14, 'Annex 2 Designated EHV charges'!$D$11:$D$257)), 0)),"")} -> 660 | B15: =IF($A15="","",VLOOKUP($A15,'Annex 2 Designated EHV charges'!$D:$O,2,0)) -> 660 | C15: =IF($A15="","",VLOOKUP($A15,'Annex 2 Designated EHV charges'!$D:$O,3,0)) -> 1300060784158 | D15: =IF($A15="","",VLOOKUP($A15,'Annex 2 Designated EHV charges'!$D:$O,4,0)) -> Booston Wood | E15: =IFERROR(IF(VLOOKUP($A15,'Annex 2 Designated EHV charges'!$D:$O,10,FALSE)=0,"",VLOOKUP($A15,'Annex 2 Designated EHV charges'!$D:$O,10,FALSE)),"") -> -0.292 | F15: =IFERROR(IF(VLOOKUP($A15,'Annex 2 Designated EHV charges'!$D:$O,11,FALSE)=0,"",VLOOKUP($A15,'Annex 2 Designated EHV charges'!$D:$O,11,FALSE)),"") -> 1963.01 | G15: =IFERROR(IF(VLOOKUP($A15,'Annex 2 Designated EHV charges'!$D:$O,12,FALSE)=0,"",VLOOKUP($A15,'Annex 2 Designated EHV charges'!$D:$O,12,FALSE)),"") -> 0.05 | H15: =IFERROR(IF(VLOOKUP($A15,'Annex 2 Designated EHV charges'!$D:$P,13,FALSE)=0,"",VLOOKUP($A15,'Annex 2 Designated EHV charges'!$D:$P,13,FALSE)),"") -> 0.05
A16: {=IFERROR(INDEX('Annex 2 Designated EHV charges'!$D$11:$D$257, MATCH(0, IF(ISBLANK('Annex 2 Designated EHV charges'!$D$11:$D$257),1, COUNTIF(A$4:$A15, 'Annex 2 Designated EHV charges'!$D$11:$D$257)), 0)),"")} -> 661 | B16: =IF($A16="","",VLOOKUP($A16,'Annex 2 Designated EHV charges'!$D:$O,2,0)) -> 661 | C16: =IF($A16="","",VLOOKUP($A16,'Annex 2 Designated EHV charges'!$D:$O,3,0)) -> 1300060579182 | D16: =IF($A16="","",VLOOKUP($A16,'Annex 2 Designated EHV charges'!$D:$O,4,0)) -> Combermere Abbey PV | E16: =IFERROR(IF(VLOOKUP($A16,'Annex 2 Designated EHV charges'!$D:$O,10,FALSE)=0,"",VLOOKUP($A16,'Annex 2 Designated EHV charges'!$D:$O,10,FALSE)),"") -> - | F16: =IFERROR(IF(VLOOKUP($A16,'Annex 2 Designated EHV charges'!$D:$O,11,FALSE)=0,"",VLOOKUP($A16,'Annex 2 Designated EHV charges'!$D:$O,11,FALSE)),"") -> 3818.12 | G16: =IFERROR(IF(VLOOKUP($A16,'Annex 2 Designated EHV charges'!$D:$O,12,FALSE)=0,"",VLOOKUP($A16,'Annex 2 Designated EHV charges'!$D:$O,12,FALSE)),"") -> 0.05 | H16: =IFERROR(IF(VLOOKUP($A16,'Annex 2 Designated EHV charges'!$D:$P,13,FALSE)=0,"",VLOOKUP($A16,'Annex 2 Designated EHV charges'!$D:$P,13,FALSE)),"") -> 0.05
... A71: {=IFERROR(INDEX('Annex 2 Designated EHV charges'!$D$11:$D$257, MATCH(0, IF(ISBLANK('Annex 2 Designated EHV charges'!$D$11:$D$257),1, COUNTIF(A$4:$A70, 'Annex 2 Designated EHV charges'!$D$11:$D$257)), 0)),"")} -> 626 | B71: =IF($A71="","",VLOOKUP($A71,'Annex 2 Designated EHV charges'!$D:$O,2,0)) -> 626 | C71: =IF($A71="","",VLOOKUP($A71,'Annex 2 Designated EHV charges'!$D:$O,3,0)) -> 1300060818602 | D71: =IF($A71="","",VLOOKUP($A71,'Annex 2 Designated EHV charges'!$D:$O,4,0)) -> Latchford Lane Gas STOR | E71: =IFERROR(IF(VLOOKUP($A71,'Annex 2 Designated EHV charges'!$D:$O,10,FALSE)=0,"",VLOOKUP($A71,'Annex 2 Designated EHV charges'!$D:$O,10,FALSE)),"") -> - | F71: =IFERROR(IF(VLOOKUP($A71,'Annex 2 Designated EHV charges'!$D:$O,11,FALSE)=0,"",VLOOKUP($A71,'Annex 2 Designated EHV charges'!$D:$O,11,FALSE)),"") -> 1880.43 | G71: =IFERROR(IF(VLOOKUP($A71,'Annex 2 Designated EHV charges'!$D:$O,12,FALSE)=0,"",VLOOKUP($A71,'Annex 2 Designated EHV charges'!$D:$O,12,FALSE)),"") -> 0.05 | H71: =IFERROR(IF(VLOOKUP($A71,'Annex 2 Designated EHV charges'!$D:$P,13,FALSE)=0,"",VLOOKUP($A71,'Annex 2 Designated EHV charges'!$D:$P,13,FALSE)),"") -> 0.05
A72: {=IFERROR(INDEX('Annex 2 Designated EHV charges'!$D$11:$D$257, MATCH(0, IF(ISBLANK('Annex 2 Designated EHV charges'!$D$11:$D$257),1, COUNTIF(A$4:$A71, 'Annex 2 Designated EHV charges'!$D$11:$D$257)), 0)),"")} -> X10 | B72: =IF($A72="","",VLOOKUP($A72,'Annex 2 Designated EHV charges'!$D:$O,2,0)) -> MSID 7414 | C72: =IF($A72="","",VLOOKUP($A72,'Annex 2 Designated EHV charges'!$D:$O,3,0)) -> MSID 7414 | D72: =IF($A72="","",VLOOKUP($A72,'Annex 2 Designated EHV charges'!$D:$O,4,0)) -> ERF Way STOR | E72: =IFERROR(IF(VLOOKUP($A72,'Annex 2 Designated EHV charges'!$D:$O,10,FALSE)=0,"",VLOOKUP($A72,'Annex 2 Designated EHV charges'!$D:$O,10,FALSE)),"") -> -0.203 | F72: =IFERROR(IF(VLOOKUP($A72,'Annex 2 Designated EHV charges'!$D:$O,11,FALSE)=0,"",VLOOKUP($A72,'Annex 2 Designated EHV charges'!$D:$O,11,FALSE)),"") -> 2437.53 | G72: =IFERROR(IF(VLOOKUP($A72,'Annex 2 Designated EHV charges'!$D:$O,12,FALSE)=0,"",VLOOKUP($A72,'Annex 2 Designated EHV charges'!$D:$O,12,FALSE)),"") -> 0.05 | H72: =IFERROR(IF(VLOOKUP($A72,'Annex 2 Designated EHV charges'!$D:$P,13,FALSE)=0,"",VLOOKUP($A72,'Annex 2 Designated EHV charges'!$D:$P,13,FALSE)),"") -> 0.05 | I72: =C72 -> MSID 7414
A73: {=IFERROR(INDEX('Annex 2 Designated EHV charges'!$D$11:$D$257, MATCH(0, IF(ISBLANK('Annex 2 Designated EHV charges'!$D$11:$D$257),1, COUNTIF(A$4:$A72, 'Annex 2 Designated EHV charges'!$D$11:$D$257)), 0)),"")} -> 632 | B73: =IF($A73="","",VLOOKUP($A73,'Annex 2 Designated EHV charges'!$D:$O,2,0)) -> 632 | C73: =IF($A73="","",VLOOKUP($A73,'Annex 2 Designated EHV charges'!$D:$O,3,0)) -> 1300060928388 | D73: =IF($A73="","",VLOOKUP($A73,'Annex 2 Designated EHV charges'!$D:$O,4,0)) -> Hooton Bio Mass | E73: =IFERROR(IF(VLOOKUP($A73,'Annex 2 Designated EHV charges'!$D:$O,10,FALSE)=0,"",VLOOKUP($A73,'Annex 2 Designated EHV charges'!$D:$O,10,FALSE)),"") -> - | F73: =IFERROR(IF(VLOOKUP($A73,'Annex 2 Designated EHV charges'!$D:$O,11,FALSE)=0,"",VLOOKUP($A73,'Annex 2 Designated EHV charges'!$D:$O,11,FALSE)),"") -> 7203.78 | G73: =IFERROR(IF(VLOOKUP($A73,'Annex 2 Designated EHV charges'!$D:$O,12,FALSE)=0,"",VLOOKUP($A73,'Annex 2 Designated EHV charges'!$D:$O,12,FALSE)),"") -> 0.05 | H73: =IFERROR(IF(VLOOKUP($A73,'Annex 2 Designated EHV charges'!$D:$P,13,FALSE)=0,"",VLOOKUP($A73,'Annex 2 Designated EHV charges'!$D:$P,13,FALSE)),"") -> 0.05
A74: {=IFERROR(INDEX('Annex 2 Designated EHV charges'!$D$11:$D$257, MATCH(0, IF(ISBLANK('Annex 2 Designated EHV charges'!$D$11:$D$257),1, COUNTIF(A$4:$A73, 'Annex 2 Designated EHV charges'!$D$11:$D$257)), 0)),"")} -> 633 | B74: =IF($A74="","",VLOOKUP($A74,'Annex 2 Designated EHV charges'!$D:$O,2,0)) -> 633 | C74: =IF($A74="","",VLOOKUP($A74,'Annex 2 Designated EHV charges'!$D:$O,3,0)) -> 1300060901952 | D74: =IF($A74="","",VLOOKUP($A74,'Annex 2 Designated EHV charges'!$D:$O,4,0)) -> Alexandra Park | E74: =IFERROR(IF(VLOOKUP($A74,'Annex 2 Designated EHV charges'!$D:$O,10,FALSE)=0,"",VLOOKUP($A74,'Annex 2 Designated EHV charges'!$D:$O,10,FALSE)),"") -> - | F74: =IFERROR(IF(VLOOKUP($A74,'Annex 2 Designated EHV charges'!$D:$O,11,FALSE)=0,"",VLOOKUP($A74,'Annex 2 Designated EHV charges'!$D:$O,11,FALSE)),"") -> 4022.51 | G74: =IFERROR(IF(VLOOKUP($A74,'Annex 2 Designated EHV charges'!$D:$O,12,FALSE)=0,"",VLOOKUP($A74,'Annex 2 Designated EHV charges'!$D:$O,12,FALSE)),"") -> 0.05 | H74: =IFERROR(IF(VLOOKUP($A74,'Annex 2 Designated EHV charges'!$D:$P,13,FALSE)=0,"",VLOOKUP($A74,'Annex 2 Designated EHV charges'!$D:$P,13,FALSE)),"") -> 0.05
A75: {=IFERROR(INDEX('Annex 2 Designated EHV charges'!$D$11:$D$257, MATCH(0, IF(ISBLANK('Annex 2 Designated EHV charges'!$D$11:$D$257),1, COUNTIF(A$4:$A74, 'Annex 2 Designated EHV charges'!$D$11:$D$257)), 0)),"")} -> 691 | B75: =IF($A75="","",VLOOKUP($A75,'Annex 2 Designated EHV charges'!$D:$O,2,0)) -> 691 | C75: =IF($A75="","",VLOOKUP($A75,'Annex 2 Designated EHV charges'!$D:$O,3,0)) -> 1300060208518 | D75: =IF($A75="","",VLOOKUP($A75,'Annex 2 Designated EHV charges'!$D:$O,4,0)) -> Network Rail (Crewe) | E75: =IFERROR(IF(VLOOKUP($A75,'Annex 2 Designated EHV charges'!$D:$O,10,FALSE)=0,"",VLOOKUP($A75,'Annex 2 Designated EHV charges'!$D:$O,10,FALSE)),"") -> - | F75: =IFERROR(IF(VLOOKUP($A75,'Annex 2 Designated EHV charges'!$D:$O,11,FALSE)=0,"",VLOOKUP($A75,'Annex 2 Designated EHV charges'!$D:$O,11,FALSE)),"") -> 3497.47 | G75: =IFERROR(IF(VLOOKUP($A75,'Annex 2 Designated EHV charges'!$D:$O,12,FALSE)=0,"",VLOOKUP($A75,'Annex 2 Designated EHV charges'!$D:$O,12,FALSE)),"") -> 0.05 | H75: =IFERROR(IF(VLOOKUP($A75,'Annex 2 Designated EHV charges'!$D:$P,13,FALSE)=0,"",VLOOKUP($A75,'Annex 2 Designated EHV charges'!$D:$P,13,FALSE)),"") -> 0.05
A76: {=IFERROR(INDEX('Annex 2 Designated EHV charges'!$D$11:$D$257, MATCH(0, IF(ISBLANK('Annex 2 Designated EHV charges'!$D$11:$D$257),1, COUNTIF(A$4:$A75, 'Annex 2 Designated EHV charges'!$D$11:$D$257)), 0)),"")} -> X02 | B76: =IF($A76="","",VLOOKUP($A76,'Annex 2 Designated EHV charges'!$D:$O,2,0)) -> MSID 4532/33 | C76: =IF($A76="","",VLOOKUP($A76,'Annex 2 Designated EHV charges'!$D:$O,3,0)) -> MSID 4532/33 | D76: =IF($A76="","",VLOOKUP($A76,'Annex 2 Designated EHV charges'!$D:$O,4,0)) -> Dolgarrog PS | E76: =IFERROR(IF(VLOOKUP($A76,'Annex 2 Designated EHV charges'!$D:$O,10,FALSE)=0,"",VLOOKUP($A76,'Annex 2 Designated EHV charges'!$D:$O,10,FALSE)),"") -> - | F76: =IFERROR(IF(VLOOKUP($A76,'Annex 2 Designated EHV charges'!$D:$O,11,FALSE)=0,"",VLOOKUP($A76,'Annex 2 Designated EHV charges'!$D:$O,11,FALSE)),"") -> - | G76: =IFERROR(IF(VLOOKUP($A76,'Annex 2 Designated EHV charges'!$D:$O,12,FALSE)=0,"",VLOOKUP($A76,'Annex 2 Designated EHV charges'!$D:$O,12,FALSE)),"") -> 0.05 | H76: =IFERROR(IF(VLOOKUP($A76,'Annex 2 Designated EHV charges'!$D:$P,13,FALSE)=0,"",VLOOKUP($A76,'Annex 2 Designated EHV charges'!$D:$P,13,FALSE)),"") -> 0.05 | I76: =C76 -> MSID 4532/33
A77: {=IFERROR(INDEX('Annex 2 Designated EHV charges'!$D$11:$D$257, MATCH(0, IF(ISBLANK('Annex 2 Designated EHV charges'!$D$11:$D$257),1, COUNTIF(A$4:$A76, 'Annex 2 Designated EHV charges'!$D$11:$D$257)), 0)),"")} -> X01 | B77: =IF($A77="","",VLOOKUP($A77,'Annex 2 Designated EHV charges'!$D:$O,2,0)) -> MSID 7203 | C77: =IF($A77="","",VLOOKUP($A77,'Annex 2 Designated EHV charges'!$D:$O,3,0)) -> MSID 7203 | D77: =IF($A77="","",VLOOKUP($A77,'Annex 2 Designated EHV charges'!$D:$O,4,0)) -> Burbo Bank | E77: =IFERROR(IF(VLOOKUP($A77,'Annex 2 Designated EHV charges'!$D:$O,10,FALSE)=0,"",VLOOKUP($A77,'Annex 2 Designated EHV charges'!$D:$O,10,FALSE)),"") -> - | F77: =IFERROR(IF(VLOOKUP($A77,'Annex 2 Designated EHV charges'!$D:$O,11,FALSE)=0,"",VLOOKUP($A77,'Annex 2 Designated EHV charges'!$D:$O,11,FALSE)),"") -> - | G77: =IFERROR(IF(VLOOKUP($A77,'Annex 2 Designated EHV charges'!$D:$O,12,FALSE)=0,"",VLOOKUP($A77,'Annex 2 Designated EHV charges'!$D:$O,12,FALSE)),"") -> - | H77: =IFERROR(IF(VLOOKUP($A77,'Annex 2 Designated EHV charges'!$D:$P,13,FALSE)=0,"",VLOOKUP($A77,'Annex 2 Designated EHV charges'!$D:$P,13,FALSE)),"") -> - | I77: =C77 -> MSID 7203
A78: {=IFERROR(INDEX('Annex 2 Designated EHV charges'!$D$11:$D$257, MATCH(0, IF(ISBLANK('Annex 2 Designated EHV charges'!$D$11:$D$257),1, COUNTIF(A$4:$A77, 'Annex 2 Designated EHV charges'!$D$11:$D$257)), 0)),"")} -> X09 | B78: =IF($A78="","",VLOOKUP($A78,'Annex 2 Designated EHV charges'!$D:$O,2,0)) -> MSID 7382/3/4 | C78: =IF($A78="","",VLOOKUP($A78,'Annex 2 Designated EHV charges'!$D:$O,3,0)) -> MSID 7382/3/4 | D78: =IF($A78="","",VLOOKUP($A78,'Annex 2 Designated EHV charges'!$D:$O,4,0)) -> Cheshire Power Station | E78: =IFERROR(IF(VLOOKUP($A78,'Annex 2 Designated EHV charges'!$D:$O,10,FALSE)=0,"",VLOOKUP($A78,'Annex 2 Designated EHV charges'!$D:$O,10,FALSE)),"") -> - | F78: =IFERROR(IF(VLOOKUP($A78,'Annex 2 Designated EHV charges'!$D:$O,11,FALSE)=0,"",VLOOKUP($A78,'Annex 2 Designated EHV charges'!$D:$O,11,FALSE)),"") -> - | G78: =IFERROR(IF(VLOOKUP($A78,'Annex 2 Designated EHV charges'!$D:$O,12,FALSE)=0,"",VLOOKUP($A78,'Annex 2 Designated EHV charges'!$D:$O,12,FALSE)),"") -> 0.05 | H78: =IFERROR(IF(VLOOKUP($A78,'Annex 2 Designated EHV charges'!$D:$P,13,FALSE)=0,"",VLOOKUP($A78,'Annex 2 Designated EHV charges'!$D:$P,13,FALSE)),"") -> 0.05 | I78: =C78 -> MSID 7382/3/4
A79: {=IFERROR(INDEX('Annex 2 Designated EHV charges'!$D$11:$D$257, MATCH(0, IF(ISBLANK('Annex 2 Designated EHV charges'!$D$11:$D$257),1, COUNTIF(A$4:$A78, 'Annex 2 Designated EHV charges'!$D$11:$D$257)), 0)),"")} -> X07 | B79: =IF($A79="","",VLOOKUP($A79,'Annex 2 Designated EHV charges'!$D:$O,2,0)) -> MSID 7386 | C79: =IF($A79="","",VLOOKUP($A79,'Annex 2 Designated EHV charges'!$D:$O,3,0)) -> MSID 7386 | D79: =IF($A79="","",VLOOKUP($A79,'Annex 2 Designated EHV charges'!$D:$O,4,0)) -> Carnegie Battery Storage | E79: =IFERROR(IF(VLOOKUP($A79,'Annex 2 Designated EHV charges'!$D:$O,10,FALSE)=0,"",VLOOKUP($A79,'Annex 2 Designated EHV charges'!$D:$O,10,FALSE)),"") -> -0.134 | F79: =IFERROR(IF(VLOOKUP($A79,'Annex 2 Designated EHV charges'!$D:$O,11,FALSE)=0,"",VLOOKUP($A79,'Annex 2 Designated EHV charges'!$D:$O,11,FALSE)),"") -> - | G79: =IFERROR(IF(VLOOKUP($A79,'Annex 2 Designated EHV charges'!$D:$O,12,FALSE)=0,"",VLOOKUP($A79,'Annex 2 Designated EHV charges'!$D:$O,12,FALSE)),"") -> 0.05 | H79: =IFERROR(IF(VLOOKUP($A79,'Annex 2 Designated EHV charges'!$D:$P,13,FALSE)=0,"",VLOOKUP($A79,'Annex 2 Designated EHV charges'!$D:$P,13,FALSE)),"") -> 0.05 | I79: =C79 -> MSID 7386
A80: {=IFERROR(INDEX('Annex 2 Designated EHV charges'!$D$11:$D$257, MATCH(0, IF(ISBLANK('Annex 2 Designated EHV charges'!$D$11:$D$257),1, COUNTIF(A$4:$A79, 'Annex 2 Designated EHV charges'!$D$11:$D$257)), 0)),"")} -> X03 | B80: =IF($A80="","",VLOOKUP($A80,'Annex 2 Designated EHV charges'!$D:$O,2,0)) -> MSID 6015 | C80: =IF($A80="","",VLOOKUP($A80,'Annex 2 Designated EHV charges'!$D:$O,3,0)) -> MSID 6015 | D80: =IF($A80="","",VLOOKUP($A80,'Annex 2 Designated EHV charges'!$D:$O,4,0)) -> Maentwrog PS | E80: =IFERROR(IF(VLOOKUP($A80,'Annex 2 Designated EHV charges'!$D:$O,10,FALSE)=0,"",VLOOKUP($A80,'Annex 2 Designated EHV charges'!$D:$O,10,FALSE)),"") -> -0.931 | F80: =IFERROR(IF(VLOOKUP($A80,'Annex 2 Designated EHV charges'!$D:$O,11,FALSE)=0,"",VLOOKUP($A80,'Annex 2 Designated EHV charges'!$D:$O,11,FALSE)),"") -> - | G80: =IFERROR(IF(VLOOKUP($A80,'Annex 2 Designated EHV charges'!$D:$O,12,FALSE)=0,"",VLOOKUP($A80,'Annex 2 Designated EHV charges'!$D:$O,12,FALSE)),"") -> 0.05 | H80: =IFERROR(IF(VLOOKUP($A80,'Annex 2 Designated EHV charges'!$D:$P,13,FALSE)=0,"",VLOOKUP($A80,'Annex 2 Designated EHV charges'!$D:$P,13,FALSE)),"") -> 0.05 | I80: =C80 -> MSID 6015
A81: {=IFERROR(INDEX('Annex 2 Designated EHV charges'!$D$11:$D$257, MATCH(0, IF(ISBLANK('Annex 2 Designated EHV charges'!$D$11:$D$257),1, COUNTIF(A$4:$A80, 'Annex 2 Designated EHV charges'!$D$11:$D$257)), 0)),"")} -> X04 | B81: =IF($A81="","",VLOOKUP($A81,'Annex 2 Designated EHV charges'!$D:$O,2,0)) -> MSID 4054 | C81: =IF($A81="","",VLOOKUP($A81,'Annex 2 Designated EHV charges'!$D:$O,3,0)) -> MSID 4054 | D81: =IF($A81="","",VLOOKUP($A81,'Annex 2 Designated EHV charges'!$D:$O,4,0)) -> Cwm Dyli PS | E81: =IFERROR(IF(VLOOKUP($A81,'Annex 2 Designated EHV charges'!$D:$O,10,FALSE)=0,"",VLOOKUP($A81,'Annex 2 Designated EHV charges'!$D:$O,10,FALSE)),"") -> -0.931 | F81: =IFERROR(IF(VLOOKUP($A81,'Annex 2 Designated EHV charges'!$D:$O,11,FALSE)=0,"",VLOOKUP($A81,'Annex 2 Designated EHV charges'!$D:$O,11,FALSE)),"") -> - | G81: =IFERROR(IF(VLOOKUP($A81,'Annex 2 Designated EHV charges'!$D:$O,12,FALSE)=0,"",VLOOKUP($A81,'Annex 2 Designated EHV charges'!$D:$O,12,FALSE)),"") -> 0.05 | H81: =IFERROR(IF(VLOOKUP($A81,'Annex 2 Designated EHV charges'!$D:$P,13,FALSE)=0,"",VLOOKUP($A81,'Annex 2 Designated EHV charges'!$D:$P,13,FALSE)),"") -> 0.05 | I81: =C81 -> MSID 4054
A82: {=IFERROR(INDEX('Annex 2 Designated EHV charges'!$D$11:$D$257, MATCH(0, IF(ISBLANK('Annex 2 Designated EHV charges'!$D$11:$D$257),1, COUNTIF(A$4:$A81, 'Annex 2 Designated EHV charges'!$D$11:$D$257)), 0)),"")} -> 709 | B82: =IF($A82="","",VLOOKUP($A82,'Annex 2 Designated EHV charges'!$D:$O,2,0)) -> 709 | C82: =IF($A82="","",VLOOKUP($A82,'Annex 2 Designated EHV charges'!$D:$O,3,0)) -> 1300061628593 | D82: =IF($A82="","",VLOOKUP($A82,'Annex 2 Designated EHV charges'!$D:$O,4,0)) -> Chiron Vaccines Ltd | E82: =IFERROR(IF(VLOOKUP($A82,'Annex 2 Designated EHV charges'!$D:$O,10,FALSE)=0,"",VLOOKUP($A82,'Annex 2 Designated EHV charges'!$D:$O,10,FALSE)),"") -> - | F82: =IFERROR(IF(VLOOKUP($A82,'Annex 2 Designated EHV charges'!$D:$O,11,FALSE)=0,"",VLOOKUP($A82,'Annex 2 Designated EHV charges'!$D:$O,11,FALSE)),"") -> 23.56 | G82: =IFERROR(IF(VLOOKUP($A82,'Annex 2 Designated EHV charges'!$D:$O,12,FALSE)=0,"",VLOOKUP($A82,'Annex 2 Designated EHV charges'!$D:$O,12,FALSE)),"") -> 0.05 | H82: =IFERROR(IF(VLOOKUP($A82,'Annex 2 Designated EHV charges'!$D:$P,13,FALSE)=0,"",VLOOKUP($A82,'Annex 2 Designated EHV charges'!$D:$P,13,FALSE)),"") -> 0.05
A83: {=IFERROR(INDEX('Annex 2 Designated EHV charges'!$D$11:$D$257, MATCH(0, IF(ISBLANK('Annex 2 Designated EHV charges'!$D$11:$D$257),1, COUNTIF(A$4:$A82, 'Annex 2 Designated EHV charges'!$D$11:$D$257)), 0)),"")} -> 725 | B83: =IF($A83="","",VLOOKUP($A83,'Annex 2 Designated EHV charges'!$D:$O,2,0)) -> 725 | C83: =IF($A83="","",VLOOKUP($A83,'Annex 2 Designated EHV charges'!$D:$O,3,0)) -> 1300060729565 | D83: =IF($A83="","",VLOOKUP($A83,'Annex 2 Designated EHV charges'!$D:$O,4,0)) -> UU Water Plc - Sutton Hall | E83: =IFERROR(IF(VLOOKUP($A83,'Annex 2 Designated EHV charges'!$D:$O,10,FALSE)=0,"",VLOOKUP($A83,'Annex 2 Designated EHV charges'!$D:$O,10,FALSE)),"") -> - | F83: =IFERROR(IF(VLOOKUP($A83,'Annex 2 Designated EHV charges'!$D:$O,11,FALSE)=0,"",VLOOKUP($A83,'Annex 2 Designated EHV charges'!$D:$O,11,FALSE)),"") -> 90.93 | G83: =IFERROR(IF(VLOOKUP($A83,'Annex 2 Designated EHV charges'!$D:$O,12,FALSE)=0,"",VLOOKUP($A83,'Annex 2 Designated EHV charges'!$D:$O,12,FALSE)),"") -> 0.05 | H83: =IFERROR(IF(VLOOKUP($A83,'Annex 2 Designated EHV charges'!$D:$P,13,FALSE)=0,"",VLOOKUP($A83,'Annex 2 Designated EHV charges'!$D:$P,13,FALSE)),"") -> 0.05
A84: {=IFERROR(INDEX('Annex 2 Designated EHV charges'!$D$11:$D$257, MATCH(0, IF(ISBLANK('Annex 2 Designated EHV charges'!$D$11:$D$257),1, COUNTIF(A$4:$A83, 'Annex 2 Designated EHV charges'!$D$11:$D$257)), 0)),"")} -> 700 | B84: =IF($A84="","",VLOOKUP($A84,'Annex 2 Designated EHV charges'!$D:$O,2,0)) -> 700 | C84: =IF($A84="","",VLOOKUP($A84,'Annex 2 Designated EHV charges'!$D:$O,3,0)) -> 1300060416993 | D84: =IF($A84="","",VLOOKUP($A84,'Annex 2 Designated EHV charges'!$D:$O,4,0)) -> Bentley Motor Cars Ltd | E84: =IFERROR(IF(VLOOKUP($A84,'Annex 2 Designated EHV charges'!$D:$O,10,FALSE)=0,"",VLOOKUP($A84,'Annex 2 Designated EHV charges'!$D:$O,10,FALSE)),"") -> -0.595 | F84: =IFERROR(IF(VLOOKUP($A84,'Annex 2 Designated EHV charges'!$D:$O,11,FALSE)=0,"",VLOOKUP($A84,'Annex 2 Designated EHV charges'!$D:$O,11,FALSE)),"") -> 137.99 | G84: =IFERROR(IF(VLOOKUP($A84,'Annex 2 Designated EHV charges'!$D:$O,12,FALSE)=0,"",VLOOKUP($A84,'Annex 2 Designated EHV charges'!$D:$O,12,FALSE)),"") -> 0.05 | H84: =IFERROR(IF(VLOOKUP($A84,'Annex 2 Designated EHV charges'!$D:$P,13,FALSE)=0,"",VLOOKUP($A84,'Annex 2 Designated EHV charges'!$D:$P,13,FALSE)),"") -> 0.05
A85: {=IFERROR(INDEX('Annex 2 Designated EHV charges'!$D$11:$D$257, MATCH(0, IF(ISBLANK('Annex 2 Designated EHV charges'!$D$11:$D$257),1, COUNTIF(A$4:$A84, 'Annex 2 Designated EHV charges'!$D$11:$D$257)), 0)),"")} -> 705 | B85: =IF($A85="","",VLOOKUP($A85,'Annex 2 Designated EHV charges'!$D:$O,2,0)) -> 705 | C85: =IF($A85="","",VLOOKUP($A85,'Annex 2 Designated EHV charges'!$D:$O,3,0)) -> 1300061236507 | D85: =IF($A85="","",VLOOKUP($A85,'Annex 2 Designated EHV charges'!$D:$O,4,0)) -> Poppies house | E85: =IFERROR(IF(VLOOKUP($A85,'Annex 2 Designated EHV charges'!$D:$O,10,FALSE)=0,"",VLOOKUP($A85,'Annex 2 Designated EHV charges'!$D:$O,10,FALSE)),"") -> - | F85: =IFERROR(IF(VLOOKUP($A85,'Annex 2 Designated EHV charges'!$D:$O,11,FALSE)=0,"",VLOOKUP($A85,'Annex 2 Designated EHV charges'!$D:$O,11,FALSE)),"") -> 299.31 | G85: =IFERROR(IF(VLOOKUP($A85,'Annex 2 Designated EHV charges'!$D:$O,12,FALSE)=0,"",VLOOKUP($A85,'Annex 2 Designated EHV charges'!$D:$O,12,FALSE)),"") -> 0.05 | H85: =IFERROR(IF(VLOOKUP($A85,'Annex 2 Designated EHV charges'!$D:$P,13,FALSE)=0,"",VLOOKUP($A85,'Annex 2 Designated EHV charges'!$D:$P,13,FALSE)),"") -> 0.05
A86: {=IFERROR(INDEX('Annex 2 Designated EHV charges'!$D$11:$D$257, MATCH(0, IF(ISBLANK('Annex 2 Designated EHV charges'!$D$11:$D$257),1, COUNTIF(A$4:$A85, 'Annex 2 Designated EHV charges'!$D$11:$D$257)), 0)),"")} -> 719 | B86: =IF($A86="","",VLOOKUP($A86,'Annex 2 Designated EHV charges'!$D:$O,2,0)) -> 719 | C86: =IF($A86="","",VLOOKUP($A86,'Annex 2 Designated EHV charges'!$D:$O,3,0)) -> 1300060263839 | D86: =IF($A86="","",VLOOKUP($A86,'Annex 2 Designated EHV charges'!$D:$O,4,0)) -> Nestle UK Ltd | E86: =IFERROR(IF(VLOOKUP($A86,'Annex 2 Designated EHV charges'!$D:$O,10,FALSE)=0,"",VLOOKUP($A86,'Annex 2 Designated EHV charges'!$D:$O,10,FALSE)),"") -> - | F86: =IFERROR(IF(VLOOKUP($A86,'Annex 2 Designated EHV charges'!$D:$O,11,FALSE)=0,"",VLOOKUP($A86,'Annex 2 Designated EHV charges'!$D:$O,11,FALSE)),"") -> 155.65 | G86: =IFERROR(IF(VLOOKUP($A86,'Annex 2 Designated EHV charges'!$D:$O,12,FALSE)=0,"",VLOOKUP($A86,'Annex 2 Designated EHV charges'!$D:$O,12,FALSE)),"") -> 0.05 | H86: =IFERROR(IF(VLOOKUP($A86,'Annex 2 Designated EHV charges'!$D:$P,13,FALSE)=0,"",VLOOKUP($A86,'Annex 2 Designated EHV charges'!$D:$P,13,FALSE)),"") -> 0.05
A87: {=IFERROR(INDEX('Annex 2 Designated EHV charges'!$D$11:$D$257, MATCH(0, IF(ISBLANK('Annex 2 Designated EHV charges'!$D$11:$D$257),1, COUNTIF(A$4:$A86, 'Annex 2 Designated EHV charges'!$D$11:$D$257)), 0)),"")} -> 721 | B87: =IF($A87="","",VLOOKUP($A87,'Annex 2 Designated EHV charges'!$D:$O,2,0)) -> 721 | C87: =IF($A87="","",VLOOKUP($A87,'Annex 2 Designated EHV charges'!$D:$O,3,0)) -> 1300060267898 | D87: =IF($A87="","",VLOOKUP($A87,'Annex 2 Designated EHV charges'!$D:$O,4,0)) -> Bangor Hospital (Health Sup) | E87: =IFERROR(IF(VLOOKUP($A87,'Annex 2 Designated EHV charges'!$D:$O,10,FALSE)=0,"",VLOOKUP($A87,'Annex 2 Designated EHV charges'!$D:$O,10,FALSE)),"") -> - | F87: =IFERROR(IF(VLOOKUP($A87,'Annex 2 Designated EHV charges'!$D:$O,11,FALSE)=0,"",VLOOKUP($A87,'Annex 2 Designated EHV charges'!$D:$O,11,FALSE)),"") -> 116.46 | G87: =IFERROR(IF(VLOOKUP($A87,'Annex 2 Designated EHV charges'!$D:$O,12,FALSE)=0,"",VLOOKUP($A87,'Annex 2 Designated EHV charges'!$D:$O,12,FALSE)),"") -> 0.05 | H87: =IFERROR(IF(VLOOKUP($A87,'Annex 2 Designated EHV charges'!$D:$P,13,FALSE)=0,"",VLOOKUP($A87,'Annex 2 Designated EHV charges'!$D:$P,13,FALSE)),"") -> 0.05
A88: {=IFERROR(INDEX('Annex 2 Designated EHV charges'!$D$11:$D$257, MATCH(0, IF(ISBLANK('Annex 2 Designated EHV charges'!$D$11:$D$257),1, COUNTIF(A$4:$A87, 'Annex 2 Designated EHV charges'!$D$11:$D$257)), 0)),"")} -> 717 | B88: =IF($A88="","",VLOOKUP($A88,'Annex 2 Designated EHV charges'!$D:$O,2,0)) -> 717 | C88: =IF($A88="","",VLOOKUP($A88,'Annex 2 Designated EHV charges'!$D:$O,3,0)) -> 1300050867852 | D88: =IF($A88="","",VLOOKUP($A88,'Annex 2 Designated EHV charges'!$D:$O,4,0)) -> Seaforth | E88: =IFERROR(IF(VLOOKUP($A88,'Annex 2 Designated EHV charges'!$D:$O,10,FALSE)=0,"",VLOOKUP($A88,'Annex 2 Designated EHV charges'!$D:$O,10,FALSE)),"") -> - | F88: =IFERROR(IF(VLOOKUP($A88,'Annex 2 Designated EHV charges'!$D:$O,11,FALSE)=0,"",VLOOKUP($A88,'Annex 2 Designated EHV charges'!$D:$O,11,FALSE)),"") -> 1632.76 | G88: =IFERROR(IF(VLOOKUP($A88,'Annex 2 Designated EHV charges'!$D:$O,12,FALSE)=0,"",VLOOKUP($A88,'Annex 2 Designated EHV charges'!$D:$O,12,FALSE)),"") -> 0.05 | H88: =IFERROR(IF(VLOOKUP($A88,'Annex 2 Designated EHV charges'!$D:$P,13,FALSE)=0,"",VLOOKUP($A88,'Annex 2 Designated EHV charges'!$D:$P,13,FALSE)),"") -> 0.05
A89: {=IFERROR(INDEX('Annex 2 Designated EHV charges'!$D$11:$D$257, MATCH(0, IF(ISBLANK('Annex 2 Designated EHV charges'!$D$11:$D$257),1, COUNTIF(A$4:$A88, 'Annex 2 Designated EHV charges'!$D$11:$D$257)), 0)),"")} -> 720 | B89: =IF($A89="","",VLOOKUP($A89,'Annex 2 Designated EHV charges'!$D:$O,2,0)) -> 720 | C89: =IF($A89="","",VLOOKUP($A89,'Annex 2 Designated EHV charges'!$D:$O,3,0)) -> 1300060574459 | D89: =IF($A89="","",VLOOKUP($A89,'Annex 2 Designated EHV charges'!$D:$O,4,0)) -> UU Water Plc - Woodside | E89: =IFERROR(IF(VLOOKUP($A89,'Annex 2 Designated EHV charges'!$D:$O,10,FALSE)=0,"",VLOOKUP($A89,'Annex 2 Designated EHV charges'!$D:$O,10,FALSE)),"") -> - | F89: =IFERROR(IF(VLOOKUP($A89,'Annex 2 Designated EHV charges'!$D:$O,11,FALSE)=0,"",VLOOKUP($A89,'Annex 2 Designated EHV charges'!$D:$O,11,FALSE)),"") -> 148.18 | G89: =IFERROR(IF(VLOOKUP($A89,'Annex 2 Designated EHV charges'!$D:$O,12,FALSE)=0,"",VLOOKUP($A89,'Annex 2 Designated EHV charges'!$D:$O,12,FALSE)),"") -> 0.05 | H89: =IFERROR(IF(VLOOKUP($A89,'Annex 2 Designated EHV charges'!$D:$P,13,FALSE)=0,"",VLOOKUP($A89,'Annex 2 Designated EHV charges'!$D:$P,13,FALSE)),"") -> 0.05
A90: {=IFERROR(INDEX('Annex 2 Designated EHV charges'!$D$11:$D$257, MATCH(0, IF(ISBLANK('Annex 2 Designated EHV charges'!$D$11:$D$257),1, COUNTIF(A$4:$A89, 'Annex 2 Designated EHV charges'!$D$11:$D$257)), 0)),"")} -> 710 | B90: =IF($A90="","",VLOOKUP($A90,'Annex 2 Designated EHV charges'!$D:$O,2,0)) -> 710 | C90: =IF($A90="","",VLOOKUP($A90,'Annex 2 Designated EHV charges'!$D:$O,3,0)) -> 1300051349870 | D90: =IF($A90="","",VLOOKUP($A90,'Annex 2 Designated EHV charges'!$D:$O,4,0)) -> L.A.H. Teaching Hospital | E90: =IFERROR(IF(VLOOKUP($A90,'Annex 2 Designated EHV charges'!$D:$O,10,FALSE)=0,"",VLOOKUP($A90,'Annex 2 Designated EHV charges'!$D:$O,10,FALSE)),"") -> -0.134 | F90: =IFERROR(IF(VLOOKUP($A90,'Annex 2 Designated EHV charges'!$D:$O,11,FALSE)=0,"",VLOOKUP($A90,'Annex 2 Designated EHV charges'!$D:$O,11,FALSE)),"") -> 1053.75 | G90: =IFERROR(IF(VLOOKUP($A90,'Annex 2 Designated EHV charges'!$D:$O,12,FALSE)=0,"",VLOOKUP($A90,'Annex 2 Designated EHV charges'!$D:$O,12,FALSE)),"") -> 0.05 | H90: =IFERROR(IF(VLOOKUP($A90,'Annex 2 Designated EHV charges'!$D:$P,13,FALSE)=0,"",VLOOKUP($A90,'Annex 2 Designated EHV charges'!$D:$P,13,FALSE)),"") -> 0.05
A91: {=IFERROR(INDEX('Annex 2 Designated EHV charges'!$D$11:$D$257, MATCH(0, IF(ISBLANK('Annex 2 Designated EHV charges'!$D$11:$D$257),1, COUNTIF(A$4:$A90, 'Annex 2 Designated EHV charges'!$D$11:$D$257)), 0)),"")} -> 711 | B91: =IF($A91="","",VLOOKUP($A91,'Annex 2 Designated EHV charges'!$D:$O,2,0)) -> 711 | C91: =IF($A91="","",VLOOKUP($A91,'Annex 2 Designated EHV charges'!$D:$O,3,0)) -> 1300052227204 | D91: =IF($A91="","",VLOOKUP($A91,'Annex 2 Designated EHV charges'!$D:$O,4,0)) -> UU Water Plc - Sandon Dock | E91: =IFERROR(IF(VLOOKUP($A91,'Annex 2 Designated EHV charges'!$D:$O,10,FALSE)=0,"",VLOOKUP($A91,'Annex 2 Designated EHV charges'!$D:$O,10,FALSE)),"") -> - | F91: =IFERROR(IF(VLOOKUP($A91,'Annex 2 Designated EHV charges'!$D:$O,11,FALSE)=0,"",VLOOKUP($A91,'Annex 2 Designated EHV charges'!$D:$O,11,FALSE)),"") -> - | G91: =IFERROR(IF(VLOOKUP($A91,'Annex 2 Designated EHV charges'!$D:$O,12,FALSE)=0,"",VLOOKUP($A91,'Annex 2 Designated EHV charges'!$D:$O,12,FALSE)),"") -> - | H91: =IFERROR(IF(VLOOKUP($A91,'Annex 2 Designated EHV charges'!$D:$P,13,FALSE)=0,"",VLOOKUP($A91,'Annex 2 Designated EHV charges'!$D:$P,13,FALSE)),"") -> -
A92: {=IFERROR(INDEX('Annex 2 Designated EHV charges'!$D$11:$D$257, MATCH(0, IF(ISBLANK('Annex 2 Designated EHV charges'!$D$11:$D$257),1, COUNTIF(A$4:$A91, 'Annex 2 Designated EHV charges'!$D$11:$D$257)), 0)),"")} -> 712 | B92: =IF($A92="","",VLOOKUP($A92,'Annex 2 Designated EHV charges'!$D:$O,2,0)) -> 712 | C92: =IF($A92="","",VLOOKUP($A92,'Annex 2 Designated EHV charges'!$D:$O,3,0)) -> 1300053163518 | D92: =IF($A92="","",VLOOKUP($A92,'Annex 2 Designated EHV charges'!$D:$O,4,0)) -> UU Water Plc Gateworth Sewage | E92: =IFERROR(IF(VLOOKUP($A92,'Annex 2 Designated EHV charges'!$D:$O,10,FALSE)=0,"",VLOOKUP($A92,'Annex 2 Designated EHV charges'!$D:$O,10,FALSE)),"") -> - | F92: =IFERROR(IF(VLOOKUP($A92,'Annex 2 Designated EHV charges'!$D:$O,11,FALSE)=0,"",VLOOKUP($A92,'Annex 2 Designated EHV charges'!$D:$O,11,FALSE)),"") -> 65.31 | G92: =IFERROR(IF(VLOOKUP($A92,'Annex 2 Designated EHV charges'!$D:$O,12,FALSE)=0,"",VLOOKUP($A92,'Annex 2 Designated EHV charges'!$D:$O,12,FALSE)),"") -> 0.05 | H92: =IFERROR(IF(VLOOKUP($A92,'Annex 2 Designated EHV charges'!$D:$P,13,FALSE)=0,"",VLOOKUP($A92,'Annex 2 Designated EHV charges'!$D:$P,13,FALSE)),"") -> 0.05
A93: {=IFERROR(INDEX('Annex 2 Designated EHV charges'!$D$11:$D$257, MATCH(0, IF(ISBLANK('Annex 2 Designated EHV charges'!$D$11:$D$257),1, COUNTIF(A$4:$A92, 'Annex 2 Designated EHV charges'!$D$11:$D$257)), 0)),"")} -> 713 | B93: =IF($A93="","",VLOOKUP($A93,'Annex 2 Designated EHV charges'!$D:$O,2,0)) -> 713 | C93: =IF($A93="","",VLOOKUP($A93,'Annex 2 Designated EHV charges'!$D:$O,3,0)) -> 1300050970114 | D93: =IF($A93="","",VLOOKUP($A93,'Annex 2 Designated EHV charges'!$D:$O,4,0)) -> UU Water Plc - Huntington | E93: =IFERROR(IF(VLOOKUP($A93,'Annex 2 Designated EHV charges'!$D:$O,10,FALSE)=0,"",VLOOKUP($A93,'Annex 2 Designated EHV charges'!$D:$O,10,FALSE)),"") -> -1.074 | F93: =IFERROR(IF(VLOOKUP($A93,'Annex 2 Designated EHV charges'!$D:$O,11,FALSE)=0,"",VLOOKUP($A93,'Annex 2 Designated EHV charges'!$D:$O,11,FALSE)),"") -> 182.46 | G93: =IFERROR(IF(VLOOKUP($A93,'Annex 2 Designated EHV charges'!$D:$O,12,FALSE)=0,"",VLOOKUP($A93,'Annex 2 Designated EHV charges'!$D:$O,12,FALSE)),"") -> 0.05 | H93: =IFERROR(IF(VLOOKUP($A93,'Annex 2 Designated EHV charges'!$D:$P,13,FALSE)=0,"",VLOOKUP($A93,'Annex 2 Designated EHV charges'!$D:$P,13,FALSE)),"") -> 0.05
... A254: {=IFERROR(INDEX('Annex 2 Designated EHV charges'!$D$11:$D$257, MATCH(0, IF(ISBLANK('Annex 2 Designated EHV charges'!$D$11:$D$257),1, COUNTIF(A$4:$A253, 'Annex 2 Designated EHV charges'!$D$11:$D$257)), 0)),"")} | B254: =IF($A254="","",VLOOKUP($A254,'Annex 2 Designated EHV charges'!$D:$O,2,0)) | C254: =IF($A254="","",VLOOKUP($A254,'Annex 2 Designated EHV charges'!$D:$O,3,0)) | D254: =IF($A254="","",VLOOKUP($A254,'Annex 2 Designated EHV charges'!$D:$O,4,0)) | E254: =IFERROR(IF(VLOOKUP($A254,'Annex 2 Designated EHV charges'!$D:$O,10,FALSE)=0,"",VLOOKUP($A254,'Annex 2 Designated EHV charges'!$D:$O,10,FALSE)),"") | F254: =IFERROR(IF(VLOOKUP($A254,'Annex 2 Designated EHV charges'!$D:$O,11,FALSE)=0,"",VLOOKUP($A254,'Annex 2 Designated EHV charges'!$D:$O,11,FALSE)),"") | G254: =IFERROR(IF(VLOOKUP($A254,'Annex 2 Designated EHV charges'!$D:$O,12,FALSE)=0,"",VLOOKUP($A254,'Annex 2 Designated EHV charges'!$D:$O,12,FALSE)),"") | H254: =IFERROR(IF(VLOOKUP($A254,'Annex 2 Designated EHV charges'!$D:$P,13,FALSE)=0,"",VLOOKUP($A254,'Annex 2 Designated EHV charges'!$D:$P,13,FALSE)),"")

Sheet Annex 3 Preserved charges
A1: Back to Overview
A2: =Overview!B4& " - Effective from "&Overview!D4&" - "&Overview!E4&" LV and HV tariffs" -> SP Manweb - Effective from 1 April 2027 - Final LV and HV tariffs
A3: Supercustomer preserved charges/additional LLFCs
B4: Closed LLFC / DUoS Tariff Id | C4: PCs | D4: Red/black unit charge p/kWh | E4: Amber/yellow unit charge p/kWh | F4: Green unit charge p/kWh | G4: Fixed charge p/MPAN/day
A5: Domestic Aggregated or CT with Residual | B5: 145, 146 | C5: 0, 1-2 | D5: 15.969 | E5: 3.454 | F5: 0.464 | G5: 25.01
A6: Domestic Aggregated (Related MPAN) | B6: 135, 136, 137, 138, 140, 141, 142, 143 | C6: 2 | D6: 15.969 | E6: 3.454 | F6: 0.464
A7: Non-Domestic Aggregated (related MPAN) | B7: 233, 234, 235, 236, 237 | C7: 4 | D7: 16.63 | E7: 3.597 | F7: 0.483
A8: Unmetered Supplies | B8: 904, 905, 906, 907, 912 | C8: 0, 1 or 8 | D8: 35.737 | E8: 5.57 | F8: 3.017
A9: Notes: | B9: Unit time periods are as specified in the SSC.
B10: SP Manweb uses a default tariff for invalid settlement combinations these will be charged at the Domestic Aggregated Unrestricted Rates. The Domestic and Non-Domestic Aggregated (related MPAN) tariffs are supplementary to a standard published tariff and therefore only available under these conditions. Preserved tariffs are only available to existing supplies, subject to certain conditions: a) Suppliers may not normally transfer a meter point from one preserved tariff to another preserved tariff; b) If a supply under a preserved tariff should cease, other than on change of tenancy, the preserved tariff may not normally be restored; c) Any additional load required to be supplied on the preserved tariff must be within the existing supply capacity.
A14: Site Specific preserved charges/additional LLFCs
B15: Closed LLFC / DUoS Tariff Id | C15: PCs | D15: Red/black unit charge p/kWh | E15: Amber/yellow unit charge p/kWh | F15: Green unit charge p/kWh | G15: Fixed charge p/MPAN/day | H15: Capacity charge p/kVA/day | I15: Exceeded capacity charge p/kVA/day | J15: Reactive power charge p/kVArh
C16: 0
A17: Notes: | B17: Time periods
B18: [Add DNO specific notes relevant to charges]
B19: Unit charges in the red time band apply – between [xx:xx] and [xx:xx], Monday to Friday including bank holidays.
B20: Unit charges in the amber time band apply – between [xx:xx] and [xx:xx], Monday to Friday including bank holidays.
B21: Unit charges in the green time band apply – between [xx:xx] and [xx:xx], Monday to Friday including bank holidays, and [xx:xx] and [xx:xx] Saturday and Sunday.
B22: All times are UK clock-time.
B24: [Add DNO specific notes]

Sheet Annex 4 LDNO charges
A1: Back to Overview
A2: =Overview!B4& " - Effective from "&Overview!D4&" - "&Overview!E4&" LDNO tariffs" -> SP Manweb - Effective from 1 April 2027 - Final LDNO tariffs
A4: Time Bands for LV and HV Designated Properties | F4: Time Bands for Unmetered Properties
A5: Time periods | B5: Red Time Band | C5: Amber Time Band | D5: Green Time Band | H5: Black Time Band | I5: Yellow Time Band | J5: Green Time Band
A6: Monday to Friday (Including Bank Holidays) All Year | B6: 16.30 - 19.30 | C6: 08.00 - 16.30 19.30 - 22.30 | D6: 00.00 - 08.00 22.30 - 00.00 | F6: Monday to Friday (Including Bank Holidays) June to August Inclusive | I6: 08.00 - 22.30 | J6: 00.00 - 08.00 22.30 - 00.00
A7: Saturday and Sunday All Year | C7: 16.00 - 20.00 | D7: 00.00 - 16.00 20.00 - 00.00 | F7: Monday to Friday (Including Bank Holidays) November to February Inclusive | H7: 16.30 - 19.30 | I7: 08.00 - 16.30 19.30 - 22.30 | J7: 00.00 - 08.00 22.30 - 00.00
A8: Notes | B8: All the above times are in UK Clock time | F8: Monday to Friday (Including Bank Holidays) March to May, & September to October, Inclusive | I8: 08.00 - 22.30 | J8: 00.00 - 08.00 22.30 - 00.00
F9: Saturday and Sunday All year | I9: 16.00 - 20.00 | J9: 00:00-16:00 20:00-00:00
F10: Notes | H10: All the above times are in UK Clock time
A13: Tariff name | B13: Unique billing identifier | C13: PCs | D13: Red/black unit charge p/kWh | E13: Amber/yellow unit charge p/kWh | F13: Green unit charge p/kWh | G13: Fixed charge p/MPAN/day | H13: Capacity charge p/kVA/day | I13: Exceeded capacity charge p/kVA/day | J13: Reactive power charge p/kVArh
A14: LDNO LV: Domestic Aggregated or CT with Residual | D14: 9.415 | E14: 2.036 | F14: 0.274 | G14: 14.76 | M14: 1
A15: LDNO LV: Domestic Aggregated (related MPAN) | D15: 9.415 | E15: 2.036 | F15: 0.274 | M15: 1
A16: LDNO LV: Non-Domestic Aggregated or CT No Residual | D16: 9.804 | E16: 2.12 | F16: 0.285 | G16: 4.18 | M16: 1
A17: LDNO LV: Non-Domestic Aggregated or CT Band 1 | D17: 9.804 | E17: 2.12 | F17: 0.285 | G17: 18.35 | M17: 1
A18: LDNO LV: Non-Domestic Aggregated or CT Band 2 | D18: 9.804 | E18: 2.12 | F18: 0.285 | G18: 32.24 | M18: 1
A19: LDNO LV: Non-Domestic Aggregated or CT Band 3 | D19: 9.804 | E19: 2.12 | F19: 0.285 | G19: 63.35 | M19: 1
A20: LDNO LV: Non-Domestic Aggregated or CT Band 4 | D20: 9.804 | E20: 2.12 | F20: 0.285 | G20: 175.54 | M20: 1
A21: LDNO LV: Non-Domestic Aggregated (related MPAN) | D21: 9.804 | E21: 2.12 | F21: 0.285 | M21: 1
A22: LDNO LV: LV Site Specific No Residual | D22: 7.107 | E22: 1.399 | F22: 0.181 | G22: 13.58 | H22: 4.08 | I22: 4.08 | J22: 0.382 | M22: 1
A23: LDNO LV: LV Site Specific Band 1 | D23: 7.107 | E23: 1.399 | F23: 0.181 | G23: 344.52 | H23: 4.08 | I23: 4.08 | J23: 0.382 | M23: 1
A24: LDNO LV: LV Site Specific Band 2 | D24: 7.107 | E24: 1.399 | F24: 0.181 | G24: 638.58 | H24: 4.08 | I24: 4.08 | J24: 0.382 | M24: 1
A25: LDNO LV: LV Site Specific Band 3 | D25: 7.107 | E25: 1.399 | F25: 0.181 | G25: 1004.49 | H25: 4.08 | I25: 4.08 | J25: 0.382 | M25: 1
A26: LDNO LV: LV Site Specific Band 4 | D26: 7.107 | E26: 1.399 | F26: 0.181 | G26: 2295.76 | H26: 4.08 | I26: 4.08 | J26: 0.382 | M26: 1
A27: LDNO LV: Unmetered Supplies | D27: 21.071 | E27: 3.286 | F27: 1.781 | M27: 1
A28: LDNO LV: LV Generation Aggregated | D28: -11.14 | E28: -2.409 | F28: -0.324 | G28: 0 | M28: 1
A29: LDNO LV: LV Generation Site Specific | D29: -11.14 | E29: -2.409 | F29: -0.324 | G29: 0 | J29: 0.61 | M29: 1
A30: LDNO HV: Domestic Aggregated or CT with Residual | D30: 6.827 | E30: 1.477 | F30: 0.198 | G30: 10.71 | M30: 1
A31: LDNO HV: Domestic Aggregated (Related MPAN) | D31: 6.827 | E31: 1.477 | F31: 0.198 | M31: 1
A32: LDNO HV: Non-Domestic Aggregated or CT No Residual | D32: 7.11 | E32: 1.538 | F32: 0.207 | G32: 3.03 | M32: 1
A33: LDNO HV: Non-Domestic Aggregated or CT Band 1 | D33: 7.11 | E33: 1.538 | F33: 0.207 | G33: 13.31 | M33: 1
A34: LDNO HV: Non-Domestic Aggregated or CT Band 2 | D34: 7.11 | E34: 1.538 | F34: 0.207 | G34: 23.38 | M34: 1
A35: LDNO HV: Non-Domestic Aggregated or CT Band 3 | D35: 7.11 | E35: 1.538 | F35: 0.207 | G35: 45.94 | M35: 1
A36: LDNO HV: Non-Domestic Aggregated or CT Band 4 | D36: 7.11 | E36: 1.538 | F36: 0.207 | G36: 127.3 | M36: 1
A37: LDNO HV: Non-Domestic Aggregated (related MPAN) | D37: 7.11 | E37: 1.538 | F37: 0.207 | M37: 1
A38: LDNO HV: LV Site Specific No Residual | D38: 5.154 | E38: 1.015 | F38: 0.131 | G38: 9.85 | H38: 2.96 | I38: 2.96 | J38: 0.277 | M38: 1
A39: LDNO HV: LV Site Specific Band 1 | D39: 5.154 | E39: 1.015 | F39: 0.131 | G39: 249.84 | H39: 2.96 | I39: 2.96 | J39: 0.277 | M39: 1
A40: LDNO HV: LV Site Specific Band 2 | D40: 5.154 | E40: 1.015 | F40: 0.131 | G40: 463.09 | H40: 2.96 | I40: 2.96 | J40: 0.277 | M40: 1
A41: LDNO HV: LV Site Specific Band 3 | D41: 5.154 | E41: 1.015 | F41: 0.131 | G41: 728.45 | H41: 2.96 | I41: 2.96 | J41: 0.277 | M41: 1
A42: LDNO HV: LV Site Specific Band 4 | D42: 5.154 | E42: 1.015 | F42: 0.131 | G42: 1664.87 | H42: 2.96 | I42: 2.96 | J42: 0.277 | M42: 1
A43: LDNO HV: LV Sub Site Specific No Residual | D43: 6.354 | E43: 1.011 | F43: 0.117 | G43: 5.91 | H43: 7.81 | I43: 7.81 | J43: 0.265 | M43: 1
A44: LDNO HV: LV Sub Site Specific Band 1 | D44: 6.354 | E44: 1.011 | F44: 0.117 | G44: 414.07 | H44: 7.81 | I44: 7.81 | J44: 0.265 | M44: 1
A45: LDNO HV: LV Sub Site Specific Band 2 | D45: 6.354 | E45: 1.011 | F45: 0.117 | G45: 776.73 | H45: 7.81 | I45: 7.81 | J45: 0.265 | M45: 1
A46: LDNO HV: LV Sub Site Specific Band 3 | D46: 6.354 | E46: 1.011 | F46: 0.117 | G46: 1228.02 | H46: 7.81 | I46: 7.81 | J46: 0.265 | M46: 1
A47: LDNO HV: LV Sub Site Specific Band 4 | D47: 6.354 | E47: 1.011 | F47: 0.117 | G47: 2820.55 | H47: 7.81 | I47: 7.81 | J47: 0.265 | M47: 1
A48: LDNO HV: HV Site Specific No Residual | D48: 5.627 | E48: 0.822 | F48: 0.085 | G48: 100.71 | H48: 8.17 | I48: 8.17 | J48: 0.214 | M48: 1
A49: LDNO HV: HV Site Specific Band 1 | D49: 5.627 | E49: 0.822 | F49: 0.085 | G49: 2592.66 | H49: 8.17 | I49: 8.17 | J49: 0.214 | M49: 1
... A52: LDNO HV: HV Site Specific Band 4 | D52: 5.627 | E52: 0.822 | F52: 0.085 | G52: 32226.16 | H52: 8.17 | I52: 8.17 | J52: 0.214 | M52: 1
A53: LDNO HV: Unmetered Supplies | D53: 15.281 | E53: 2.383 | F53: 1.291 | M53: 1
A54: LDNO HV: LV Generation Aggregated | D54: -11.14 | E54: -2.409 | F54: -0.324 | G54: 0 | M54: 1
A55: LDNO HV: LV Sub Generation Aggregated | D55: -9.507 | E55: -1.94 | F55: -0.255 | G55: 0 | M55: 1
A56: LDNO HV: LV Generation Site Specific | D56: -11.14 | E56: -2.409 | F56: -0.324 | G56: 0 | J56: 0.61 | M56: 2
A57: LDNO HV: LV Sub Generation Site Specific | D57: -9.507 | E57: -1.94 | F57: -0.255 | G57: 0 | J57: 0.527 | M57: 2
A58: LDNO HV: HV Generation Site Specific | D58: -7.061 | E58: -1.124 | F58: -0.13 | G58: 0 | J58: 0.446 | M58: 2
A59: LDNO HVplus: Domestic Aggregated or CT with Residual | D59: 4.789 | E59: 1.036 | F59: 0.139 | G59: 7.51 | M59: 2
A60: LDNO HVplus: Domestic Aggregated (related MPAN) | D60: 4.789 | E60: 1.036 | F60: 0.139 | M60: 2
A61: LDNO HVplus: Non-Domestic Aggregated or CT No Residual | D61: 4.987 | E61: 1.079 | F61: 0.145 | G61: 2.12 | M61: 2
A62: LDNO HVplus: Non-Domestic Aggregated or CT Band 1 | D62: 4.987 | E62: 1.079 | F62: 0.145 | G62: 9.34 | M62: 2
A63: LDNO HVplus: Non-Domestic Aggregated or CT Band 2 | D63: 4.987 | E63: 1.079 | F63: 0.145 | G63: 16.4 | M63: 2
A64: LDNO HVplus: Non-Domestic Aggregated or CT Band 3 | D64: 4.987 | E64: 1.079 | F64: 0.145 | G64: 32.22 | M64: 2
A65: LDNO HVplus: Non-Domestic Aggregated or CT Band 4 | D65: 4.987 | E65: 1.079 | F65: 0.145 | G65: 89.3 | M65: 2
A66: LDNO HVplus: Non-Domestic Aggregated (related MPAN) | D66: 4.987 | E66: 1.079 | F66: 0.145 | M66: 2
A67: LDNO HVplus: LV Site Specific No Residual | D67: 3.615 | E67: 0.712 | F67: 0.092 | G67: 6.91 | H67: 2.07 | I67: 2.07 | J67: 0.194 | M67: 2
A68: LDNO HVplus: LV Site Specific Band 1 | D68: 3.615 | E68: 0.712 | F68: 0.092 | G68: 175.25 | H68: 2.07 | I68: 2.07 | J68: 0.194 | M68: 2
A69: LDNO HVplus: LV Site Specific Band 2 | D69: 3.615 | E69: 0.712 | F69: 0.092 | G69: 324.83 | H69: 2.07 | I69: 2.07 | J69: 0.194 | M69: 2
A70: LDNO HVplus: LV Site Specific Band 3 | D70: 3.615 | E70: 0.712 | F70: 0.092 | G70: 510.97 | H70: 2.07 | I70: 2.07 | J70: 0.194 | M70: 2
A71: LDNO HVplus: LV Site Specific Band 4 | D71: 3.615 | E71: 0.712 | F71: 0.092 | G71: 1167.81 | H71: 2.07 | I71: 2.07 | J71: 0.194 | M71: 2
A72: LDNO HVplus: LV Sub Site Specific No Residual | D72: 4.308 | E72: 0.686 | F72: 0.079 | G72: 4.01 | H72: 5.29 | I72: 5.29 | J72: 0.179 | M72: 2
A73: LDNO HVplus: LV Sub Site Specific Band 1 | D73: 4.308 | E73: 0.686 | F73: 0.079 | G73: 280.75 | H73: 5.29 | I73: 5.29 | J73: 0.179 | M73: 2
A74: LDNO HVplus: LV Sub Site Specific Band 2 | D74: 4.308 | E74: 0.686 | F74: 0.079 | G74: 526.65 | H74: 5.29 | I74: 5.29 | J74: 0.179 | M74: 2
A75: LDNO HVplus: LV Sub Site Specific Band 3 | D75: 4.308 | E75: 0.686 | F75: 0.079 | G75: 832.64 | H75: 5.29 | I75: 5.29 | J75: 0.179 | M75: 2
A76: LDNO HVplus: LV Sub Site Specific Band 4 | D76: 4.308 | E76: 0.686 | F76: 0.079 | G76: 1912.44 | H76: 5.29 | I76: 5.29 | J76: 0.179 | M76: 2
A77: LDNO HVplus: HV Site Specific No Residual | D77: 3.774 | E77: 0.551 | F77: 0.057 | G77: 67.55 | H77: 5.48 | I77: 5.48 | J77: 0.143 | M77: 2
A78: LDNO HVplus: HV Site Specific Band 1 | D78: 3.774 | E78: 0.551 | F78: 0.057 | G78: 1738.96 | H78: 5.48 | I78: 5.48 | J78: 0.143 | M78: 2
... A81: LDNO HVplus: HV Site Specific Band 4 | D81: 3.774 | E81: 0.551 | F81: 0.057 | G81: 21614.95 | H81: 5.48 | I81: 5.48 | J81: 0.143 | M81: 2
A82: LDNO HVplus: Unmetered Supplies | D82: 10.719 | E82: 1.671 | F82: 0.906 | M82: 2
A83: LDNO HVplus: LV Generation Aggregated | D83: -5.489 | E83: -1.187 | F83: -0.16 | G83: 0 | M83: 2
A84: LDNO HVplus: LV Sub Generation Aggregated | D84: -5.216 | E84: -1.065 | F84: -0.14 | G84: 0 | M84: 2
A85: LDNO HVplus: LV Generation Site Specific | D85: -5.489 | E85: -1.187 | F85: -0.16 | G85: 0 | J85: 0.301 | M85: 2
A86: LDNO HVplus: LV Sub Generation Site Specific | D86: -5.216 | E86: -1.065 | F86: -0.14 | G86: 0 | J86: 0.289 | M86: 2
A87: LDNO HVplus: HV Generation Site Specific | D87: -7.061 | E87: -1.124 | F87: -0.13 | G87: 89.91 | J87: 0.446 | M87: 2
A88: LDNO EHV: Domestic Aggregated or CT with Residual | D88: 3.418 | E88: 0.739 | F88: 0.099 | G88: 5.36 | M88: 2
A89: LDNO EHV: Domestic Aggregated (related MPAN) | D89: 3.418 | E89: 0.739 | F89: 0.099 | M89: 2
A90: LDNO EHV: Non-Domestic Aggregated or CT No Residual | D90: 3.559 | E90: 0.77 | F90: 0.103 | G90: 1.52 | M90: 2
A91: LDNO EHV: Non-Domestic Aggregated or CT Band 1 | D91: 3.559 | E91: 0.77 | F91: 0.103 | G91: 6.66 | M91: 2
A92: LDNO EHV: Non-Domestic Aggregated or CT Band 2 | D92: 3.559 | E92: 0.77 | F92: 0.103 | G92: 11.7 | M92: 2
A93: LDNO EHV: Non-Domestic Aggregated or CT Band 3 | D93: 3.559 | E93: 0.77 | F93: 0.103 | G93: 23 | M93: 2
A94: LDNO EHV: Non-Domestic Aggregated or CT Band 4 | D94: 3.559 | E94: 0.77 | F94: 0.103 | G94: 63.72 | M94: 2
A95: LDNO EHV: Non-Domestic Aggregated (related MPAN) | D95: 3.559 | E95: 0.77 | F95: 0.103 | M95: 2
A96: LDNO EHV: LV Site Specific No Residual | D96: 2.58 | E96: 0.508 | F96: 0.066 | G96: 4.93 | H96: 1.48 | I96: 1.48 | J96: 0.138 | M96: 2
A97: LDNO EHV: LV Site Specific Band 1 | D97: 2.58 | E97: 0.508 | F97: 0.066 | G97: 125.07 | H97: 1.48 | I97: 1.48 | J97: 0.138 | M97: 2
A98: LDNO EHV: LV Site Specific Band 2 | D98: 2.58 | E98: 0.508 | F98: 0.066 | G98: 231.81 | H98: 1.48 | I98: 1.48 | J98: 0.138 | M98: 2
A99: LDNO EHV: LV Site Specific Band 3 | D99: 2.58 | E99: 0.508 | F99: 0.066 | G99: 364.64 | H99: 1.48 | I99: 1.48 | J99: 0.138 | M99: 2
A100: LDNO EHV: LV Site Specific Band 4 | D100: 2.58 | E100: 0.508 | F100: 0.066 | G100: 833.39 | H100: 1.48 | I100: 1.48 | J100: 0.138 | M100: 2
A101: LDNO EHV: LV Sub Site Specific No Residual | D101: 3.074 | E101: 0.489 | F101: 0.057 | G101: 2.86 | H101: 3.78 | I101: 3.78 | J101: 0.128 | M101: 2
A102: LDNO EHV: LV Sub Site Specific Band 1 | D102: 3.074 | E102: 0.489 | F102: 0.057 | G102: 200.35 | H102: 3.78 | I102: 3.78 | J102: 0.128 | M102: 2
A103: LDNO EHV: LV Sub Site Specific Band 2 | D103: 3.074 | E103: 0.489 | F103: 0.057 | G103: 375.84 | H103: 3.78 | I103: 3.78 | J103: 0.128 | M103: 2
A104: LDNO EHV: LV Sub Site Specific Band 3 | D104: 3.074 | E104: 0.489 | F104: 0.057 | G104: 594.2 | H104: 3.78 | I104: 3.78 | J104: 0.128 | M104: 2
A105: LDNO EHV: LV Sub Site Specific Band 4 | D105: 3.074 | E105: 0.489 | F105: 0.057 | G105: 1364.78 | H105: 3.78 | I105: 3.78 | J105: 0.128 | M105: 2
A106: LDNO EHV: HV Site Specific No Residual | D106: 2.693 | E106: 0.393 | F106: 0.041 | G106: 48.21 | H106: 3.91 | I106: 3.91 | J106: 0.102 | M106: 2
A107: LDNO EHV: HV Site Specific Band 1 | D107: 2.693 | E107: 0.393 | F107: 0.041 | G107: 1240.98 | H107: 3.91 | I107: 3.91 | J107: 0.102 | M107: 2
...

Sheet Annex 5 LLFs
A1: Back to Overview
A2: This table has intentionally been left blank. The line loss factors that are approved by the BSC Panel for the applicable year and consequently published on the Elexon website will take precedence and be used in Settlement. This annex will be re-published once these values are available.
A3: =Overview!B4& " - Illustrative LLFs for year beginning "&Overview!D4 -> SP Manweb - Illustrative LLFs for year beginning 1 April 2027
A4: Time periods | B4: Period 1 | C4: Period 2 | D4: Period 3 | E4: Period 4
B5: (Name 1) | C5: (Name 2) | D5: (Name 3) | E5: (Name 4)
A6: Monday to Friday March to October | B6: 23:30 – 07:30 | C6: 07:30 – 23:30
A7: Monday to Friday November to February | B7: 23:30 – 07:30 | C7: 20:00 – 23:30 | D7: 07:30 – 16:00 19:00 – 20:00 | E7: 16:00 – 19:00
A8: Saturday and Sunday All Year | B8: 23:30 – 07:30 | C8: 07:30 – 23:30
A9: Notes | B9: All the above times are in UK Clock time
A12: Generic demand and generation LLFs
A13: Metered voltage, respective periods and associated LLFCs
A14: Metered voltage | B14: Period 1 | C14: Period 2 | D14: Period 3 | E14: Period 4 | F14: Associated LLFC / DUoS Tariff ID
A15: Low-voltage network | F15: 101, 102, 103, 104, 105, 106, 111, 112, 113, 114, 115, 116, 117, 118, 119, 120, 130, 131, 132, 133, 134, 135, 136, 137, 138, 140, 141, 142, 143, 145, 146, 147, 148, 149, 150, 153, 155, 180, 212, 233, 234, 235, 236, 237, 764, 765, 781, 782, 783, 784, 785, 786, 787, 791, 795, 900, 901, 902, 903, 910 D00, D01, D02, D03, D04, G00, G01, G02, G03, G04, H00, H01, H02, H03, H04, T01, U00, U01, U02, U03, U04
A16: Low-voltage substation | F16: 766, 767, 780, 788, 789, 792, 796 E00, E01, E02, E03, E04,K00, K01, K02, K03, K04, L00, L01, L02, L03, L04, V01, V02, V03, V04
A17: High-voltage network | F17: 768, 769, 770, 771, 774, 775, 776, 777, 778, 779, 793, 797 M00, M01, M02, M03, M04, N00, N01, N02, N03, N04
A18: High-voltage substation | F18: 300 - 321 inclusive 323-399 inclusive 445 - 499 inclusive 701 - 725 inclusive
A19: 33kV generic import
A20: 33kV generic export
A21: 132kV generic import
A22: 132kV generic export
A24: EHV site specific LLFs
A25: Demand
A26: Site | B26: Period 1 | C26: Period 2 | D26: Period 3 | E26: Period 4 | F26: Associated LLFC / DUoS Tariff ID
A27: Cefyn Mawr | F27: 800 | G27: =IF(F27>725,1,0) -> 1
A28: Shotton Paper | F28: 802 | G28: =IF(F28>725,1,0) -> 1
A29: Shell Stanlow | F29: 803 | G29: =IF(F29>725,1,0) -> 1
A30: Jaguar & Land Rover | F30: 804 | G30: =IF(F30>725,1,0) -> 1
A31: Innospec | F31: 805 | G31: =IF(F31>725,1,0) -> 1
A32: General Motors | F32: 807 | G32: =IF(F32>725,1,0) -> 1
A33: TATA Steel | F33: 808 | G33: =IF(F33>725,1,0) -> 1
A34: Urenco | F34: 809 | G34: =IF(F34>725,1,0) -> 1
A35: Ineos Chlor Ltd (Lostock) | F35: 810 | G35: =IF(F35>725,1,0) -> 1
A36: SafeGuard Bradwell | F36: 811 | G36: =IF(F36>725,1,0) -> 1
A37: Knauf Insulation | F37: 812 | G37: =IF(F37>725,1,0) -> 1
A38: Air Products | F38: 813 | G38: =IF(F38>725,1,0) -> 1
... A121: Network Rail (Shore Road) | F121: 925 | G121: =IF(F121>725,1,0) -> 1
A122: Risley | F122: MSID 0030 | G122: =IF(F122>725,1,0) -> 1
A123: Bold | F123: MSID 0031/32 | G123: =IF(F123>725,1,0) -> 1
A124: Dolgarrog PS | F124: MSID 4532/33 | G124: =IF(F124>725,1,0) -> 1
A125: Burbo Bank | F125: MSID 7203 | G125: =IF(F125>725,1,0) -> 1
A126: Cheshire Power Station | F126: MSID 7382/3/4 | G126: =IF(F126>725,1,0) -> 1
A127: Carnegie Battery Storage | F127: MSID 7385 | G127: =IF(F127>725,1,0) -> 1
A128: M & D Business Park, St Helens | F128: 920 | G128: =IF(F128>725,1,0) -> 1
A129: Bubney Solar | F129: 852 | G129: =IF(F129>725,1,0) -> 1
A130: Morlais Tidal | F130: 888 | G130: =IF(F130>725,1,0) -> 1
A131: North Anglesey Solar Park | F131: 863 | G131: =IF(F131>725,1,0) -> 1
A132: Network Rail (Speke) | F132: 922 | G132: =IF(F132>725,1,0) -> 1
A133: Westland Horticulture | F133: 926 | G133: =IF(F133>725,1,0) -> 1
A134: MINER'S ROAD | F134: 927 | G134: =IF(F134>725,1,0) -> 1
A135: Cargills Strand Gate | F135: 928 | G135: =IF(F135>725,1,0) -> 1
A136: EON Strand Gate | F136: 839 | G136: =IF(F136>725,1,0) -> 1
A137: Iddenshall Solar | F137: 929 | G137: =IF(F137>725,1,0) -> 1
A138: Bentley Motor Cars | F138: 322 | G138: =IF(F138>725,1,0) -> 0
G139: =IF(F139>725,1,0) -> 0
A142: EHV site specific LLFs
A143: Generation
A144: Site | B144: Period 1 | C144: Period 2 | D144: Period 3 | E144: Period 4 | F144: Associated LLFC
A145: Cefyn Mawr | F145: 622
A146: Shotton Paper | F146: 601
A147: Shell Stanlow | F147: 603
A148: Ineos Chlor Ltd (Lostock) | F148: 618
A149: SafeGuard Bradwell | F149: 655
A150: Kronospan | F150: 648
A151: Pilkington's STOR | F151: 680
A152: Tyn dryfol PV | F152: 658
A153: Williams Farm Solar Park | F153: 659
A154: Port of Liverpool | F154: 604
A155: Booston Wood | F155: 660
A156: Combermere Abbey PV | F156: 661
... A211: Latchford Lane Gas STOR | F211: 626
A212: ERF Way STOR | F212: MSID 7414
A213: Hooton Bio Mass | F213: 632
A214: Alexandra Park | F214: 633
A215: Network Rail (Crewe) | F215: 691
A216: Dolgarrog PS | F216: MSID 4532/33
A217: Burbo Bank | F217: MSID 7203
A218: Cheshire Power Station | F218: MSID 7382/3/4
A219: Carnegie Battery Storage | F219: MSID 7386
A220: Maentwrog PS | F220: MSID 6015
A221: Cwm Dyli PS | F221: MSID 4054
A222: M & D Business Park, St Helens | F222: 650
A223: Bubney Solar | F223: 634
A224: Morlais Tidal | F224: 951
A225: North Anglesey Solar Park | F225: 613
A226: Network Rail (Speke) | F226: 682
A227: MINER'S ROAD | F227: 953
A228: Cargills Strand Gate | F228: 639
A229: Iddenshall Solar | F229: 959
A230: Bentley Motor Cars | F230: 700

Sheet Annex 6 New or Amended EHV
A1: Back to Overview | H1: Note: The list of MPANs/MSIDs provided may be incomplete; the DNO reserves the right to apply the listed charges to any other MPANs/MSIDs associated with the site. If sites appear in both Annex 2 and Annex 6, the charges in Annex 6 take precedence. Where an existing Designated EHV Property is modified and energised in the charging year, we may revise the EDCM charges for the modified Designated EHV Property.
A2: Annex 6 - Charges for New or Amended Designated EHV Properties
A4: =Overview!B4& " - Effective from "&Overview!D4&" - "&Overview!E4&" new designated EHV charges" -> SP Manweb - Effective from 1 April 2027 - Final new designated EHV charges
A5: Effective from date | B5: Import Unique Identifier | C5: LLFC / DUoS Tariff ID | D5: Import MPANs/MSIDs | E5: Export Unique Identifier | F5: LLFC / DUoS Tariff ID | G5: Export MPANs/MSIDs | H5: Name | I5: Residual Charging Band | J5: ='Annex 2 Designated EHV charges'!I10 -> Import Super Red unit charge (p/kWh) | K5: ='Annex 2 Designated EHV charges'!J10 -> Import fixed charge (p/day) | L5: ='Annex 2 Designated EHV charges'!K10 -> Import capacity charge (p/kVA/day) | M5: ='Annex 2 Designated EHV charges'!L10 -> Import exceeded capacity charge (p/kVA/day) | N5: ='Annex 2 Designated EHV charges'!M10 -> Export Super Red unit charge (p/kWh) | O5: ='Annex 2 Designated EHV charges'!N10 -> Export fixed charge (p/day) | P5: ='Annex 2 Designated EHV charges'!O10 -> Export capacity charge (p/kVA/day) | Q5: ='Annex 2 Designated EHV charges'!P10 -> Export exceeded capacity charge (p/kVA/day)
A6: 01/04/2027 | B6: EDCM Import 1 | C6: 356 | D6: 1300035357009 | E6: EDCM Export 1 | H6: Rockwood Additives Ltd | I6: 1 | J6: 0.17 | K6: 15689.258 | L6: 2.87 | M6: 2.87
B7: EDCM Import 2 | E7: EDCM Export 2
B8: EDCM Import 3 | E8: EDCM Export 3
B9: EDCM Import 4 | E9: EDCM Export 4
B10: EDCM Import 5 | E10: EDCM Export 5
B11: EDCM Import 6 | E11: EDCM Export 6
B12: EDCM Import 7 | E12: EDCM Export 7
B13: EDCM Import 8 | E13: EDCM Export 8
B14: EDCM Import 9 | E14: EDCM Export 9
B15: EDCM Import 10 | E15: EDCM Export 10
A17: =Overview!B4& " - Effective from "&Overview!D4&" - "&Overview!E4&" new designated EHV line loss factors" -> SP Manweb - Effective from 1 April 2027 - Final new designated EHV line loss factors
A18: Effective from date | B18: Import Unique Identifier | C18: LLFC / DUoS Tariff ID | D18: Import MPANs/MSIDs | E18: Export Unique Identifier | F18: LLFC / DUoS Tariff ID | G18: Export MPANs/MSIDs | H18: Name | I18: Residual Charging Band | J18: Import LLF period 1 | K18: Import LLF period 2 | L18: Import LLF period 3 | M18: Import LLF period 4 | N18: Export LLF period 1 | O18: Export LLF period 2 | P18: Export LLF period 3 | Q18: Export LLF period 4
B19: EDCM Import 1 | E19: EDCM Export 1
B20: EDCM Import 2 | E20: EDCM Export 2
B21: EDCM Import 3 | E21: EDCM Export 3
B22: EDCM Import 4 | E22: EDCM Export 4
B23: EDCM Import 5 | E23: EDCM Export 5
B24: EDCM Import 6 | E24: EDCM Export 6
B25: EDCM Import 7 | E25: EDCM Export 7
B26: EDCM Import 8 | E26: EDCM Export 8
B27: EDCM Import 9 | E27: EDCM Export 9
B28: EDCM Import 10 | E28: EDCM Export 10

Sheet Annex 7 Pass-Through Costs
A1: Back to Overview
A2: =Overview!B4& " - Effective from "&Overview!D4&" - "&Overview!E4&" Supplier of Last Resort and Eligible Bad Debt Pass-Through Costs" -> SP Manweb - Effective from 1 April 2027 - Final Supplier of Last Resort and Eligible Bad Debt Pass-Through Costs
A4: Tariff name | B4: Open LLFCs / LDNO unique billing identifier | C4: PCs | D4: Supplier of Last Resort Fixed charge adder* p/MPAN/day | E4: Eligible Bad Debt Fixed charge adder*** p/MPAN/day | G4: 1 | I4: =COUNTIF($G$5:$G$164,$J4) -> 26 | J4: 1
A5: Domestic Aggregated or CT | B5: 101, 102, 103, 105, 111, 112, 113, 114, 115, 116, 117, 118, 119, 120, 131, 132, 133, 134, 147, 148, 149, 150, 180, T01 | C5: 0, 1, 2 | D5: 0 | E5: 0 | G5: 1 | I5: =COUNTIF($G$5:$G$164,$J5) -> 35 | J5: 2
A6: Non-Domestic Aggregated or CT No Residual | B6: D00, E00, U00 | C6: 0, 3, 4, 5-8 | E6: 0 | G6: 1 | I6: =COUNTIF($G$5:$G$164,$J6) -> 35 | J6: 3
A7: Non-Domestic Aggregated or CT Band 1 | B7: D01, E01, U01 | C7: 0, 3, 4, 5-8 | E7: 0 | G7: 1 | I7: =COUNTIF($G$5:$G$164,$J7) -> 35 | J7: 4
A8: Non-Domestic Aggregated or CT Band 2 | B8: D02, E02, U02 | C8: 0, 3, 4, 5-8 | E8: 0 | G8: 1 | I8: =COUNTIF($G$5:$G$164,$J8) -> 29 | J8: 5
A9: Non-Domestic Aggregated or CT Band 3 | B9: D03, E03, U03 | C9: 0, 3, 4, 5-8 | E9: 0 | G9: 1
A10: Non-Domestic Aggregated or CT Band 4 | B10: D04, E04, U04 | C10: 0, 3, 4, 5-8 | E10: 0 | G10: 1
A11: LV Site Specific No Residual | B11: G00, H00 | C11: 0 | E11: 0 | G11: 1
A12: LV Site Specific Band 1 | B12: G01, H01 | C12: 0 | E12: 0 | G12: 1
A13: LV Site Specific Band 2 | B13: G02, H02 | C13: 0 | E13: 0 | G13: 1
A14: LV Site Specific Band 3 | B14: G03, H03 | C14: 0 | E14: 0 | G14: 1
A15: LV Site Specific Band 4 | B15: G04, H04 | C15: 0 | E15: 0 | G15: 1
A16: LV Sub Site Specific No Residual | B16: K00, L00 | C16: 0 | E16: 0 | G16: 1
A17: LV Sub Site Specific Band 1 | B17: K01, L01 | C17: 0 | E17: 0 | G17: 1
A18: LV Sub Site Specific Band 2 | B18: K02, L02 | C18: 0 | E18: 0 | G18: 1
A19: LV Sub Site Specific Band 3 | B19: K03, L03 | C19: 0 | E19: 0 | G19: 1
A20: LV Sub Site Specific Band 4 | B20: K04, L04 | C20: 0 | E20: 0 | G20: 1
A21: HV Site Specific No Residual | B21: M00, N00 | C21: 0 | E21: 0 | G21: 1
A22: HV Site Specific Band 1 | B22: M01, N01 | C22: 0 | E22: 0 | G22: 1
... A25: HV Site Specific Band 4 | B25: M04, N04 | C25: 0 | E25: 0 | G25: 1
A26: LDNO LV: Domestic Aggregated or CT | C26: 0, 1, 2 | D26: 0 | E26: 0 | G26: 1
A27: LDNO LV: Non-Domestic Aggregated or CT No Residual | C27: 0, 3, 4, 5-8 | E27: 0 | G27: 1
A28: LDNO LV: Non-Domestic Aggregated or CT Band 1 | C28: 0, 3, 4, 5-8 | E28: 0 | G28: 1
A29: LDNO LV: Non-Domestic Aggregated or CT Band 2 | C29: 0, 3, 4, 5-8 | E29: 0 | G29: 1
A30: LDNO LV: Non-Domestic Aggregated or CT Band 3 | C30: 0, 3, 4, 5-8 | E30: 0 | G30: 1
A31: LDNO LV: Non-Domestic Aggregated or CT Band 4 | C31: 0, 3, 4, 5-8 | E31: 0 | G31: 2
A32: LDNO LV: LV Site Specific No Residual | C32: 0 | E32: 0 | G32: 2
A33: LDNO LV: LV Site Specific Band 1 | C33: 0 | E33: 0 | G33: 2
A34: LDNO LV: LV Site Specific Band 2 | C34: 0 | E34: 0 | G34: 2
A35: LDNO LV: LV Site Specific Band 3 | C35: 0 | E35: 0 | G35: 2
A36: LDNO LV: LV Site Specific Band 4 | C36: 0 | E36: 0 | G36: 2
A37: LDNO HV: Domestic Aggregated or CT | C37: 0, 1, 2 | D37: 0 | E37: 0 | G37: 2
A38: LDNO HV: Non-Domestic Aggregated or CT No Residual | C38: 0, 3, 4, 5-8 | E38: 0 | G38: 2
A39: LDNO HV: Non-Domestic Aggregated or CT Band 1 | C39: 0, 3, 4, 5-8 | E39: 0 | G39: 2
A40: LDNO HV: Non-Domestic Aggregated or CT Band 2 | C40: 0, 3, 4, 5-8 | E40: 0 | G40: 2
A41: LDNO HV: Non-Domestic Aggregated or CT Band 3 | C41: 0, 3, 4, 5-8 | E41: 0 | G41: 2
A42: LDNO HV: Non-Domestic Aggregated or CT Band 4 | C42: 0, 3, 4, 5-8 | E42: 0 | G42: 2
A43: LDNO HV: LV Site Specific No Residual | C43: 0 | E43: 0 | G43: 2
A44: LDNO HV: LV Site Specific Band 1 | C44: 0 | E44: 0 | G44: 2
A45: LDNO HV: LV Site Specific Band 2 | C45: 0 | E45: 0 | G45: 2
A46: LDNO HV: LV Site Specific Band 3 | C46: 0 | E46: 0 | G46: 2
A47: LDNO HV: LV Site Specific Band 4 | C47: 0 | E47: 0 | G47: 2
A48: LDNO HV: LV Sub Site Specific No Residual | C48: 0 | E48: 0 | G48: 2
A49: LDNO HV: LV Sub Site Specific Band 1 | C49: 0 | E49: 0 | G49: 2
A50: LDNO HV: LV Sub Site Specific Band 2 | C50: 0 | E50: 0 | G50: 2
A51: LDNO HV: LV Sub Site Specific Band 3 | C51: 0 | E51: 0 | G51: 2
A52: LDNO HV: LV Sub Site Specific Band 4 | C52: 0 | E52: 0 | G52: 2
A53: LDNO HV: HV Site Specific No Residual | C53: 0 | E53: 0 | G53: 2
A54: LDNO HV: HV Site Specific Band 1 | C54: 0 | E54: 0 | G54: 2
... A57: LDNO HV: HV Site Specific Band 4 | C57: 0 | E57: 0 | G57: 2
A58: LDNO HVplus: Domestic Aggregated or CT | C58: 0, 1, 2 | D58: 0 | E58: 0 | G58: 2
A59: LDNO HVplus: Non-Domestic Aggregated or CT No Residual | C59: 0, 3, 4, 5-8 | E59: 0 | G59: 2
A60: LDNO HVplus: Non-Domestic Aggregated or CT Band 1 | C60: 0, 3, 4, 5-8 | E60: 0 | G60: 2
A61: LDNO HVplus: Non-Domestic Aggregated or CT Band 2 | C61: 0, 3, 4, 5-8 | E61: 0 | G61: 2
A62: LDNO HVplus: Non-Domestic Aggregated or CT Band 3 | C62: 0, 3, 4, 5-8 | E62: 0 | G62: 2
A63: LDNO HVplus: Non-Domestic Aggregated or CT Band 4 | C63: 0, 3, 4, 5-8 | E63: 0 | G63: 2
A64: LDNO HVplus: LV Site Specific No Residual | C64: 0 | E64: 0 | G64: 2
A65: LDNO HVplus: LV Site Specific Band 1 | C65: 0 | E65: 0 | G65: 2
A66: LDNO HVplus: LV Site Specific Band 2 | C66: 0 | E66: 0 | G66: 3
A67: LDNO HVplus: LV Site Specific Band 3 | C67: 0 | E67: 0 | G67: 3
A68: LDNO HVplus: LV Site Specific Band 4 | C68: 0 | E68: 0 | G68: 3
A69: LDNO HVplus: LV Sub Site Specific No Residual | C69: 0 | E69: 0 | G69: 3
A70: LDNO HVplus: LV Sub Site Specific Band 1 | C70: 0 | E70: 0 | G70: 3
A71: LDNO HVplus: LV Sub Site Specific Band 2 | C71: 0 | E71: 0 | G71: 3
A72: LDNO HVplus: LV Sub Site Specific Band 3 | C72: 0 | E72: 0 | G72: 3
A73: LDNO HVplus: LV Sub Site Specific Band 4 | C73: 0 | E73: 0 | G73: 3
A74: LDNO HVplus: HV Site Specific No Residual | C74: 0 | E74: 0 | G74: 3
A75: LDNO HVplus: HV Site Specific Band 1 | C75: 0 | E75: 0 | G75: 3
... A78: LDNO HVplus: HV Site Specific Band 4 | C78: 0 | E78: 0 | G78: 3
A79: LDNO EHV: Domestic Aggregated or CT | C79: 0, 1, 2 | D79: 0 | E79: 0 | G79: 3
A80: LDNO EHV: Non-Domestic Aggregated or CT No Residual | C80: 0, 3, 4, 5-8 | E80: 0 | G80: 3
A81: LDNO EHV: Non-Domestic Aggregated or CT Band 1 | C81: 0, 3, 4, 5-8 | E81: 0 | G81: 3
A82: LDNO EHV: Non-Domestic Aggregated or CT Band 2 | C82: 0, 3, 4, 5-8 | E82: 0 | G82: 3
A83: LDNO EHV: Non-Domestic Aggregated or CT Band 3 | C83: 0, 3, 4, 5-8 | E83: 0 | G83: 3
A84: LDNO EHV: Non-Domestic Aggregated or CT Band 4 | C84: 0, 3, 4, 5-8 | E84: 0 | G84: 3
A85: LDNO EHV: LV Site Specific No Residual | C85: 0 | E85: 0 | G85: 3
A86: LDNO EHV: LV Site Specific Band 1 | C86: 0 | E86: 0 | G86: 3
A87: LDNO EHV: LV Site Specific Band 2 | C87: 0 | E87: 0 | G87: 3
A88: LDNO EHV: LV Site Specific Band 3 | C88: 0 | E88: 0 | G88: 3
A89: LDNO EHV: LV Site Specific Band 4 | C89: 0 | E89: 0 | G89: 3
A90: LDNO EHV: LV Sub Site Specific No Residual | C90: 0 | E90: 0 | G90: 3
A91: LDNO EHV: LV Sub Site Specific Band 1 | C91: 0 | E91: 0 | G91: 3
A92: LDNO EHV: LV Sub Site Specific Band 2 | C92: 0 | E92: 0 | G92: 3
A93: LDNO EHV: LV Sub Site Specific Band 3 | C93: 0 | E93: 0 | G93: 3
A94: LDNO EHV: LV Sub Site Specific Band 4 | C94: 0 | E94: 0 | G94: 3
A95: LDNO EHV: HV Site Specific No Residual | C95: 0 | E95: 0 | G95: 3
A96: LDNO EHV: HV Site Specific Band 1 | C96: 0 | E96: 0 | G96: 3
... A99: LDNO EHV: HV Site Specific Band 4 | C99: 0 | E99: 0 | G99: 3
A100: LDNO 132kV/EHV: Domestic Aggregated or CT | C100: 0, 1, 2 | D100: 0 | E100: 0 | G100: 3
A101: LDNO 132kV/EHV: Non-Domestic Aggregated or CT No Residual | C101: 0, 3, 4, 5-8 | E101: 0 | G101: 4
A102: LDNO 132kV/EHV: Non-Domestic Aggregated or CT Band 1 | C102: 0, 3, 4, 5-8 | E102: 0 | G102: 4
A103: LDNO 132kV/EHV: Non-Domestic Aggregated or CT Band 2 | C103: 0, 3, 4, 5-8 | E103: 0 | G103: 4
A104: LDNO 132kV/EHV: Non-Domestic Aggregated or CT Band 3 | C104: 0, 3, 4, 5-8 | E104: 0 | G104: 4
A105: LDNO 132kV/EHV: Non-Domestic Aggregated or CT Band 4 | C105: 0, 3, 4, 5-8 | E105: 0 | G105: 4
A106: LDNO 132kV/EHV: LV Site Specific No Residual | C106: 0 | E106: 0 | G106: 4
A107: LDNO 132kV/EHV: LV Site Specific Band 1 | C107: 0 | E107: 0 | G107: 4
A108: LDNO 132kV/EHV: LV Site Specific Band 2 | C108: 0 | E108: 0 | G108: 4
A109: LDNO 132kV/EHV: LV Site Specific Band 3 | C109: 0 | E109: 0 | G109: 4
...

Sheet Nodal prices
A1: Back to Overview
A2: =Overview!B4& " - Effective from "&Overview!D4&" - "&Overview!E4&" Nodal/Zonal charges" -> SP Manweb - Effective from 1 April 2027 - Final Nodal/Zonal charges
A3: Node/Zone ID | B3: Geographical name | C3: Local charge 1 £/kVA | D3: Remote charge 1 £/kVA
A4: ABER RHYD 132KV | B4: 1 | D4: 0
A5: BIRKENHEAD 132KV | B5: 1 | D5: 0
A6: CAPENHURST 132KV | B6: 1 | D6: 0
A7: CARRINGTON AND FIDDLER FERRYS 132KV | B7: 1 | D7: 0
A8: CONNAHS QUAY 132KV | B8: 1 | D8: 0
A9: CONNAHS QUAY PENTIR AND ST ASAPH 132KV | B9: 1 | D9: 0
A10: CREWE 132KV | B10: 1 | D10: 0
A11: FRODSHAM 132KV | B11: 1 | D11: 0
A12: FRODSHAM ROCKSAVAGE 132KV | B12: 1 | D12: 0
A13: INCE 132kV | B13: 1 | D13: 0
A14: KIRKBY 132KV | B14: 1 | D14: 0
A15: LEGACY 132KV | B15: 1 | D15: 0
... A19: WYLFA 132KV | B19: 1 | D19: 0
A20: ABERYSTWYTH GT2 / RHYDLYDAN GT1 | B20: 2 | C20: ABER RHYD 132KV | D20: 0
A21: Cefn Croes | B21: 2 | C21: ABER RHYD 132KV | D21: 0
A22: BROMBOROUGH GT3 / ROCK FERRY GT2 | B22: 2 | C22: BIRKENHEAD 132KV | D22: 0
A23: Burbo OWF | B23: 2 | C23: BIRKENHEAD 132KV | D23: 0
A24: HESWALL GT1 / HOYLAKE GT2 / PRENTON GRID GT3 | B24: 2 | C24: BIRKENHEAD 132KV | D24: 1.526467
A25: PRENTON GRID GT1 / ROCK FERRY GT1 | B25: 2 | C25: BIRKENHEAD 132KV | D25: 9.778974
A26: WALLASEY GT1 / WALLASEY GT2 / WOODSIDE GT2 | B26: 2 | C26: BIRKENHEAD 132KV | D26: 0
A27: Bridgewater Paper | B27: 2 | C27: CAPENHURST 132KV | D27: 16.691575
A28: BROMBOROUGH GT2 / ELLESMERE PORT GT1 / HOOTON PK GT1A / HOOTON PK GT2A | B28: 2 | C28: CAPENHURST 132KV | D28: 0.762
A29: CHESTER MAIN GT4 / CRANE BANK GT1 / GUILDEN SUTTON GT1 / SALTNEY G2A | B29: 2 | C29: CAPENHURST 132KV | D29: 2.8030851
A30: Hooton Park B | B30: 2 | C30: CAPENHURST 132KV | D30: 0
A31: BM Winnington | B31: 2 | C31: CARRINGTON AND FIDDLER FERRYS 132KV | D31: 0
... A463: RAF VALLEY T1 | B463: 3 | C463: AMLWCH GT1 / CAERGEILIOG GT1 | D463: 0

Sheet SSC unit rate lookup
A1: Back to Overview
A28: Standard Settlement Configuration Id | B28: Standard Settlement Configuration Desc | C28: Common Decode | F28: Change implemented | G28: Date | H28: Comments
A29: 3 | B29: 10-hour OP | C29: A/R | F29: Notes updated | G29: 43626 | H29: Updated to reflect DCP 268 which delinks all tariffs from the TPR bands
A30: 4 | B30: 10-hour OP | C30: A/R | F30: Code 1 & 2 changed to A | G30: 43626 | H30: Updated to reflect DCP 268 which delinks all tariffs from the TPR bands
A31: 5 | B31: 10-hour OP + w/e | C31: A/R | F31: Code O changed to A/R | G31: 43626 | H31: Updated to reflect DCP 268 which delinks all tariffs from the TPR bands
A32: 6 | B32: 10.5-hour OP | C32: A/R | F32: Removed TPR | G32: 43626 | H32: Removed TPR lookup element as this no longer effects which rate to apply
A33: 7 | B33: 10.5-hour OP | C33: A/R
A34: 8 | B34: 10.5-hour OP | C34: A/R
A35: 9 | B35: 10.5-hour OP | C35: A/R
A36: 10 | B36: 10.5-hour OP | C36: A/R
A37: 11 | B37: 10.5-hour OP | C37: A/R
A38: 12 | B38: 10.5-hour OP | C38: A/R
A39: 13 | B39: 11 Hour OP | C39: A/R
A40: 15 | B40: 11 Hour OP | C40: A/R
A41: 16 | B41: 11.5-hour OP | C41: A/R
A42: 17 | B42: 11.5-hour OP | C42: A/R
A43: 18 | B43: 11.5-hour OP | C43: A/R
A44: 19 | B44: 11.5-hour OP | C44: A/R
... A764: 997 | B764: Evening/Weekend - BST | C764: A

Sheet Residual Charging Bands
A1: Back to Overview
A2: =Overview!B4& " - Effective from "&Overview!C4&" - "&Overview!E4&" Residual Charging Bands" -> SP Manweb - Effective from 2027/28 - Final Residual Charging Bands
A4: Voltage of Connection | B4: Band | C4: Units | D4: Lower Threshold* | E4: Upper Threshold* | F4: Residual Charge per MPAN (£)
A5: Domestic Aggregated | B5: Single band | C5: - | D5: - | E5: - | F5: 70.267095
A6: Designated Properties connected at LV, billing with no MIC | B6: 1 | C6: kWh | D6: 0 | E6: 3986 | F6: 87.9212
B7: 2 | C7: kWh | D7: 3986 | E7: 13677 | F7: 173.99748
B8: 3 | C8: kWh | D8: 13677 | E8: 27543 | F8: 366.8892
B9: 4 | C9: kWh | D9: 27543 | E9: ∞ | F9: 1062.397
A10: Designated Properties connected at LV, billing with MIC | B10: 1 | C10: kVA | D10: 0 | E10: 90 | F10: 2051.7502
B11: 2 | C11: kVA | D11: 90 | E11: 150 | F11: 3873.8444
B12: 3 | C12: kVA | D12: 150 | E12: 250 | F12: 6140.3234
B13: 4 | C13: kVA | D13: 250 | E13: ∞ | F13: 14134.786
A14: Designated Properties connected at HV | B14: 1 | C14: kVA | D14: 0 | E14: 500 | F14: 11130.231
B15: 2 | C15: kVA | D15: 500 | E15: 1100 | F15: 33841.939
B16: 3 | C16: kVA | D16: 1100 | E16: 2000 | F16: 74703.538
B17: 4 | C17: kVA | D17: 2000 | E17: ∞ | F17: 143498.48
A18: Designated EHV Properties | B18: 1 | C18: kVA | D18: 0 | E18: 3500 | F18: 56182.256
B19: 2 | C19: kVA | D19: 3500 | E19: 11000 | F19: 154882.54
B20: 3 | C20: kVA | D20: 11000 | E20: 20000 | F20: 390728.57
B21: 4 | C21: kVA | D21: 20000 | E21: ∞ | F21: 838185.78
A22: * All boundaries are inclusive of the upper threshold and exclusive of the lower threshold i.e. Lower < x ≤ Upper.

Sheet TNUoS Mapping
A1: Back to Overview
A2: =Overview!C4&" - Effective from "&Overview!D4&" - "&Overview!F4&" TNUoS Mapping" -> 2027/28 - Effective from 1 April 2027 - TNUoS Mapping
A3: DUoS Tariff name | B3: TNUoS Site Charging Band
A4: Domestic Aggregated or CT with Residual | B4: Domestic
A5: Domestic Aggregated (Related MPAN) | B5: n/a (Non-Final Demand Site)
A6: Non-Domestic Aggregated or CT No Residual | B6: =$B$5 -> n/a (Non-Final Demand Site)
A7: Non-Domestic Aggregated or CT Band 1 | B7: LV_NoMIC_1
A8: Non-Domestic Aggregated or CT Band 2 | B8: LV_NoMIC_2
A9: Non-Domestic Aggregated or CT Band 3 | B9: LV_NoMIC_3
A10: Non-Domestic Aggregated or CT Band 4 | B10: LV_NoMIC_4
A11: Non-Domestic Aggregated (related MPAN) | B11: =$B$5 -> n/a (Non-Final Demand Site)
A12: LV Site Specific No Residual | B12: =$B$5 -> n/a (Non-Final Demand Site)
A13: LV Site Specific Band 1 | B13: LV1
A14: LV Site Specific Band 2 | B14: LV2
A15: LV Site Specific Band 3 | B15: LV3
A16: LV Site Specific Band 4 | B16: LV4
A17: LV Sub Site Specific No Residual | B17: =$B$5 -> n/a (Non-Final Demand Site)
A18: LV Sub Site Specific Band 1 | B18: LV1
A19: LV Sub Site Specific Band 2 | B19: LV2
A20: LV Sub Site Specific Band 3 | B20: LV3
A21: LV Sub Site Specific Band 4 | B21: LV4
A22: HV Site Specific No Residual | B22: =$B$5 -> n/a (Non-Final Demand Site)
A23: HV Site Specific Band 1 | B23: HV1
A24: HV Site Specific Band 2 | B24: HV2
A25: HV Site Specific Band 3 | B25: HV3
A26: HV Site Specific Band 4 | B26: HV4
A27: Unmetered Supplies | B27: n/a (p/kWh charge)
A28: LV Generation Aggregated | B28: =$B$5 -> n/a (Non-Final Demand Site)
A29: LV Sub Generation Aggregated | B29: =$B$5 -> n/a (Non-Final Demand Site)
A30: LV Generation Site Specific | B30: =$B$5 -> n/a (Non-Final Demand Site)
A31: LV Generation Site Specific no RP charge | B31: =$B$5 -> n/a (Non-Final Demand Site)
A32: LV Sub Generation Site Specific | B32: =$B$5 -> n/a (Non-Final Demand Site)
A33: LV Sub Generation Site Specific no RP charge | B33: =$B$5 -> n/a (Non-Final Demand Site)
A34: HV Generation Site Specific | B34: =$B$5 -> n/a (Non-Final Demand Site)
A35: HV Generation Site Specific no RP charge | B35: =$B$5 -> n/a (Non-Final Demand Site)
A36: Designated EHV Site Specific No Residual | B36: =$B$5 -> n/a (Non-Final Demand Site)
A37: Designated EHV Site Specific Band 1 | B37: EHV1
A38: Designated EHV Site Specific Band 2 | B38: EHV2
A39: Designated EHV Site Specific Band 3 | B39: EHV3
A40: Designated EHV Site Specific Band 4 | B40: EHV4

Sheet Charge Calculator
B1: Back to Overview
B2: =Overview!B4& " - Effective from "&Overview!D4&" - "&Overview!E4 -> SP Manweb - Effective from 1 April 2027 - Final | AC2: Red/black unit charge p/kWh | AD2: Amber/yellow unit charge p/kWh | AE2: Green unit charge p/kWh | AF2: Fixed charge p/MPAN/day | AG2: Capacity charge p/kVA/day | AH2: Exceeded capacity charge p/kVA/day | AI2: Reactive power charge p/kVArh
AB3: Domestic Aggregated | AC3: Red unit charge p/kWh | AD3: Amber unit charge p/kWh | AE3: Green unit charge p/kWh | AF3: Fixed charge p/MPAN/day | AG3: n/a | AH3: n/a | AI3: n/a
B4: LV and HV designated properties and Unmetered Supplies tariff calculator | L4: EHV designated property calculator | AB4: Domestic Aggregated (related MPAN) | AC4: Red unit charge p/kWh | AD4: Amber unit charge p/kWh | AE4: Green unit charge p/kWh | AF4: n/a | AG4: n/a | AH4: n/a | AI4: n/a
B5: Step 1, Choose your tariff using the drop down list in cell B10 | L5: Step 1, Choose your tariff using the drop down list in cell L10 | AB5: Non-Domestic Aggregated | AC5: Red unit charge p/kWh | AD5: Amber unit charge p/kWh | AE5: Green unit charge p/kWh | AF5: Fixed charge p/MPAN/day | AG5: n/a | AH5: n/a | AI5: n/a
B6: Step 2, After selecting a tariff in step 1, Cells C12-I12 will generate headings, please enter your consumption in cells C13:I13 underneath each heading generated (if no heading leave cell blank) | L6: Step 2, After selecting a tariff in step 1, Cells M12-T12 will generate headings, please enter your consumption in cells M13:T13 underneath each heading generated (if no heading leave cell blank) | AB6: Non-Domestic Aggregated (related MPAN) | AC6: Red unit charge p/kWh | AD6: Amber unit charge p/kWh | AE6: Green unit charge p/kWh | AF6: n/a | AG6: n/a | AH6: n/a | AI6: n/a
B7: Step 3, Enter a forecast of consumption if required in cells C14:I14 | L7: Step 3, Enter a forecast of consumption if required in cells M14:T14 | AB7: LV Site Specific | AC7: Red unit charge p/kWh | AD7: Amber unit charge p/kWh | AE7: Green unit charge p/kWh | AF7: Fixed charge p/MPAN/day | AG7: Capacity charge p/kVA/day | AH7: Exceeded Capacity charge p/kVA/day | AI7: Reactive power charge p/kVArh
AB8: LV Sub Site Specific | AC8: Red unit charge p/kWh | AD8: Amber unit charge p/kWh | AE8: Green unit charge p/kWh | AF8: Fixed charge p/MPAN/day | AG8: Capacity charge p/kVA/day | AH8: Exceeded Capacity charge p/kVA/day | AI8: Reactive power charge p/kVArh
B9: Tariff details Choose tariff name from drop down box below | C9: =IFERROR(VLOOKUP($B$10,$AB$2:$AI$18,2,FALSE),AC2) -> Red unit charge p/kWh | D9: =IFERROR(VLOOKUP($B$10,$AB$2:$AI$18,3,FALSE),AD2) -> Amber unit charge p/kWh | E9: =IFERROR(VLOOKUP($B$10,$AB$2:$AI$18,4,FALSE),AE2) -> Green unit charge p/kWh | F9: =IFERROR(VLOOKUP($B$10,$AB$2:$AI$18,5,FALSE),AF2) -> Fixed charge p/MPAN/day | G9: =IFERROR(VLOOKUP($B$10,$AB$2:$AI$18,6,FALSE),AG2) -> Capacity charge p/kVA/day | H9: =IFERROR(VLOOKUP($B$10,$AB$2:$AI$18,7,FALSE),AH2) -> Exceeded Capacity charge p/kVA/day | I9: =IFERROR(VLOOKUP($B$10,$AB$2:$AI$18,8,FALSE),AI2) -> Reactive power charge p/kVArh | L9: Site details Choose the site name from the drop down box below | M9: ='Annex 2 Designated EHV charges'!I10 -> Import Super Red unit charge (p/kWh) | N9: ='Annex 2 Designated EHV charges'!J10 -> Import fixed charge (p/day) | O9: ='Annex 2 Designated EHV charges'!K10 -> Import capacity charge (p/kVA/day) | P9: ='Annex 2 Designated EHV charges'!L10 -> Import exceeded capacity charge (p/kVA/day) | Q9: ='Annex 2 Designated EHV charges'!M10 -> Export Super Red unit charge (p/kWh) | R9: ='Annex 2 Designated EHV charges'!N10 -> Export fixed charge (p/day) | S9: ='Annex 2 Designated EHV charges'!O10 -> Export capacity charge (p/kVA/day) | T9: ='Annex 2 Designated EHV charges'!P10 -> Export exceeded capacity charge (p/kVA/day) | AB9: HV Site Specific | AC9: Red unit charge p/kWh | AD9: Amber unit charge p/kWh | AE9: Green unit charge p/kWh | AF9: Fixed charge p/MPAN/day | AG9: Capacity charge p/kVA/day | AH9: Exceeded Capacity charge p/kVA/day | AI9: Reactive power charge p/kVArh
B10: LV Site Specific | C10: =IFERROR(VLOOKUP($B$10,'Annex 1 LV, HV and UMS charges'!$A:$K,4,FALSE),"") | D10: =IFERROR(VLOOKUP($B$10,'Annex 1 LV, HV and UMS charges'!$A:$K,5,FALSE),"") | E10: =IFERROR(VLOOKUP($B$10,'Annex 1 LV, HV and UMS charges'!$A:$K,6,FALSE),"") | F10: =IFERROR(VLOOKUP($B$10,'Annex 1 LV, HV and UMS charges'!$A:$K,7,FALSE),"") | G10: =IFERROR(VLOOKUP($B$10,'Annex 1 LV, HV and UMS charges'!$A:$K,8,FALSE),"") | H10: =IFERROR(VLOOKUP($B$10,'Annex 1 LV, HV and UMS charges'!$A:$K,9,FALSE),"") | I10: =IFERROR(VLOOKUP($B$10,'Annex 1 LV, HV and UMS charges'!$A:$K,10,FALSE),"") | M10: =IFERROR(VLOOKUP($L$10,'Annex 2 Designated EHV charges'!$G:$O,3,FALSE),"") | N10: =IFERROR(VLOOKUP($L$10,'Annex 2 Designated EHV charges'!$G:$O,4,FALSE),"") | O10: =IFERROR(VLOOKUP($L$10,'Annex 2 Designated EHV charges'!$G:$O,5,FALSE),"") | P10: =IFERROR(VLOOKUP($L$10,'Annex 2 Designated EHV charges'!$G:$O,6,FALSE),"") | Q10: =IFERROR(VLOOKUP($L$10,'Annex 2 Designated EHV charges'!$G:$O,7,FALSE),"") | R10: =IFERROR(VLOOKUP($L$10,'Annex 2 Designated EHV charges'!$G:$O,8,FALSE),"") | S10: =IFERROR(VLOOKUP($L$10,'Annex 2 Designated EHV charges'!$G:$O,9,FALSE),"") | T10: =IFERROR(VLOOKUP($L$10,'Annex 2 Designated EHV charges'!$G:$P,10,FALSE),"") | AB10: Unmetered Supplies | AC10: Black unit charge p/kWh | AD10: Yellow unit charge p/kWh | AE10: Green unit charge p/kWh | AF10: n/a | AG10: n/a | AH10: n/a | AI10: n/a
AB11: LV Generation Aggregated | AC11: Red unit charge p/kWh | AD11: Amber unit charge p/kWh | AE11: Green unit charge p/kWh | AF11: Fixed charge p/MPAN/day | AG11: n/a | AH11: n/a | AI11: n/a
B12: Tariff components | C12: =C9 -> Red unit charge p/kWh | D12: =D9 -> Amber unit charge p/kWh | E12: =E9 -> Green unit charge p/kWh | F12: Number of days in consumption period i.e. 365 if one year | G12: Maximum import or export capacity kVA | H12: Average daily exceeded capacity kVA | I12: Excess reactive units kVArh | L12: Tariff components | M12: Import super red kWh | N12: Number of days in consumption period i.e. 365 if one year | O12: Maximum import capacity kVA | P12: Average daily exceeded capacity kVA | Q12: Export Super Red kWh | R12: Number of days in consumption period i.e. 365 if one year | S12: Maximum export capacity kVA | T12: Average daily exceeded capacity kVA | AB12: LV Sub Generation Aggregated | AC12: Red unit charge p/kWh | AD12: Amber unit charge p/kWh | AE12: Green unit charge p/kWh | AF12: Fixed charge p/MPAN/day | AG12: n/a | AH12: n/a | AI12: n/a
B13: Enter current consumption details | L13: Enter current consumption details | R13: =N13 -> 0 | AB13: LV Generation Site Specific | AC13: Red unit charge p/kWh | AD13: Amber unit charge p/kWh | AE13: Green unit charge p/kWh | AF13: Fixed charge p/MPAN/day | AG13: n/a | AH13: n/a | AI13: Reactive power charge p/kVArh
B14: Enter forecast consumption details (if different) | C14: =C13 -> 0 | D14: =D13 -> 0 | E14: =E13 -> 0 | F14: =F13 -> 0 | G14: =G13 -> 0 | H14: =H13 -> 0 | I14: =I13 -> 0 | L14: Enter forecast consumption details (if different) | M14: =M13 -> 0 | N14: =N13 -> 0 | O14: =O13 -> 0 | P14: =P13 -> 0 | Q14: =Q13 -> 0 | R14: =R13 -> 0 | S14: =S13 -> 0 | T14: =T13 -> 0 | AB14: LV Generation Site Specific no RP charge | AC14: Red unit charge p/kWh | AD14: Amber unit charge p/kWh | AE14: Green unit charge p/kWh | AF14: Fixed charge p/MPAN/day | AG14: n/a | AH14: n/a | AI14: n/a
AB15: LV Sub Generation Site Specific | AC15: Red unit charge p/kWh | AD15: Amber unit charge p/kWh | AE15: Green unit charge p/kWh | AF15: Fixed charge p/MPAN/day | AG15: n/a | AH15: n/a | AI15: Reactive power charge p/kVArh
B16: Charge components | C16: Unit 1 £ | D16: Unit 2 £ | E16: Unit 3 £ | F16: Fixed charge £ | G16: Capacity charge £ | H16: Exceeded capacity charge £ | I16: Reactive power charge £ | L16: Charge components | M16: Import super red charge £ | N16: Import fixed charge £ | O16: Import capacity charge £ | P16: Import exceeded capacity charge £ | Q16: Export super red charge £ | R16: Export fixed charge £ | S16: Export capacity charge £ | T16: Export exceeded capacity charge £ | AB16: LV Sub Generation Site Specific no RP charge | AC16: Red unit charge p/kWh | AD16: Amber unit charge p/kWh | AE16: Green unit charge p/kWh | AF16: Fixed charge p/MPAN/day | AG16: n/a | AH16: n/a | AI16: n/a
B17: Current consumption period charges | C17: =IFERROR(C10*C13/100,"") | D17: =IFERROR(D10*D13/100,"") | E17: =IFERROR(E10*E13/100,"") | F17: =IFERROR(F10*F13/100,"") | G17: =IFERROR(G10*G13*F13/100,"") | H17: =IFERROR(H10*H13*F13/100,"") | I17: =IFERROR(I10*I13/100,"") | L17: Current consumption period charges | M17: =IFERROR(M10*M13/100,"") | N17: =IFERROR(N10*N13/100,"") | O17: =IFERROR(O10*O13*N13/100,"") | P17: =IFERROR(P10*P13*N13/100,"") | Q17: =IFERROR(Q10*Q13/100,"") | R17: =IFERROR(R10*R13/100,"") | S17: =IFERROR(S10*S13*R13/100,"") | T17: =IFERROR(T10*T13*R13/100,"") | AB17: HV Generation Site Specific | AC17: Red unit charge p/kWh | AD17: Amber unit charge p/kWh | AE17: Green unit charge p/kWh | AF17: Fixed charge p/MPAN/day | AG17: n/a | AH17: n/a | AI17: Reactive power charge p/kVArh
B18: Forecast consumption period charges | C18: =IFERROR(C10*C14/100,"") | D18: =IFERROR(D10*D14/100,"") | E18: =IFERROR(E10*E14/100,"") | F18: =IFERROR(F10*F14/100,"") | G18: =IFERROR(G10*G14*F14/100,"") | H18: =IFERROR(H10*H14*F14/100,"") | I18: =IFERROR(I10*I14/100,"") | L18: Forecast consumption period charges | M18: =IFERROR(M10*M14/100,"") | N18: =IFERROR(N10*N14/100,"") | O18: =IFERROR(O10*O14*N14/100,"") | P18: =IFERROR(P10*P14*N14/100,"") | Q18: =IFERROR(Q10*Q14/100,"") | R18: =IFERROR(R10*R14/100,"") | S18: =IFERROR(S10*S14*R14/100,"") | T18: =IFERROR(T10*T14*R14/100,"") | AB18: HV Generation Site Specific no RP charge | AC18: Red unit charge p/kWh | AD18: Amber unit charge p/kWh | AE18: Green unit charge p/kWh | AF18: Fixed charge p/MPAN/day | AG18: n/a | AH18: n/a | AI18: n/a
C20: Total charge £ | M20: Import total charge £ | N20: Export total charge £
B21: Current consumption period charges | C21: =SUM(C17:I17) -> 0 | L21: Current consumption period charges | M21: =SUM(M17:P17) -> 0 | N21: =SUM(Q17:T17) -> 0
B22: Forecast consumption period charges | C22: =SUM(C18:I18) -> 0 | L22: Forecast consumption period charges | M22: =SUM(M18:P18) -> 0 | N22: =SUM(Q18:T18) -> 0
B24: These charges are estimates based on tariff selected and consumption values entered. | L24: These charges are estimates based on site selected and consumption values entered.
